Workbook

Sheet Var. PIB Banco Mundial
A1: Venezuela - 2015-2017 | B1: FMI
A2: Brasil - 2015-2017 | B2: IBGE
A4: Country Name | B4: Country Code | C4: Indicator Name | D4: Indicator Code | E4: 1960 | F4: 1961 | G4: 1962 | H4: 1963 | I4: 1964 | J4: 1965 | K4: 1966 | L4: 1967 | M4: 1968 | N4: 1969 | O4: 1970 | P4: 1971 | Q4: 1972 | R4: 1973 | S4: 1974 | T4: 1975 | U4: 1976 | V4: 1977 | W4: 1978 | X4: 1979 | Y4: 1980 | Z4: 1981 | AA4: 1982 | AB4: 1983 | AC4: 1984 | AD4: 1985 | AE4: 1986 | AF4: 1987 | AG4: 1988 | AH4: 1989 | AI4: 1990 | AJ4: 1991 | AK4: 1992 | AL4: 1993 | AM4: 1994 | AN4: 1995 | AO4: 1996 | AP4: 1997 | AQ4: 1998 | AR4: 1999 | AS4: 2000 | AT4: 2001 | AU4: 2002 | AV4: 2003 | AW4: 2004 | AX4: 2005 | AY4: 2006 | AZ4: 2007 | BA4: 2008 | BB4: 2009 | BC4: 2010 | BD4: 2011 | BE4: 2012 | BF4: 2013 | BG4: 2014 | BH4: 2015 | BI4: 2016 | BJ4: 2017 | BK4: 2018*
A5: Aruba | B5: ABW | C5: GDP growth (annual %) | D5: NY.GDP.MKTP.KD.ZG | AN5: 1.2450859 | AO5: 7.8144317 | AP5: 6.6666218 | AQ5: 1.1544694 | AR5: 4.514062 | AS5: -0.36469578 | AT5: -2.1644594 | AU5: 0.46528987 | AV5: 7.5194724 | AW5: 1.1766905 | AX5: 0.38039097 | AY5: 2.3551194 | AZ5: -3.6546262 | BA5: -6.8813021 | BB5: -5.6535021
A6: Afghanistan | B6: AFG | C6: GDP growth (annual %) | D6: NY.GDP.MKTP.KD.ZG | AV6: 8.4441632 | AW6: 1.0555558 | AX6: 11.17527 | AY6: 5.5541376 | AZ6: 13.740205 | BA6: 3.6113684 | BB6: 21.020649 | BC6: 8.4332905 | BD6: 6.1136852 | BE6: 14.434741 | BF6: 3.9005749 | BG6: 2.6905219 | BH6: 1.3100404 | BI6: 2.3667119 | BJ6: 2.5955425
A7: Angola | B7: AGO | C7: GDP growth (annual %) | D7: NY.GDP.MKTP.KD.ZG | Z7: -4.4000012 | AA7: 0 | AB7: 4.2000014 | AC7: 6.0000022 | AD7: 3.4999995 | AE7: 2.9000017 | AF7: 4.0827486 | AG7: 6.1288905 | AH7: 0.041621462 | AI7: -3.4500987 | AJ7: 0.99135929 | AK7: -5.8382807 | AL7: -23.983417 | AM7: 1.3393634 | AN7: 15 | AO7: 13.54437 | AP7: 7.2742773 | AQ7: 4.6911464 | AR7: 2.1814897 | AS7: 3.0546242 | AT7: 4.2059986 | AU7: 13.665687 | AV7: 4.5540424 | AW7: 10.238357 | AX7: 20.907027 | AY7: 18.989035 | AZ7: 23.189597 | BA7: 13.817098 | BB7: 2.4129097 | BC7: 3.4528746 | BD7: 3.8733307 | BE7: 5.1775939 | BF7: 6.8427165 | BG7: 4.7039706 | BH7: 2.9997475 | BI7: -0.8134941 | BJ7: 0.72169927
A8: Albania | B8: ALB | C8: GDP growth (annual %) | D8: NY.GDP.MKTP.KD.ZG | Z8: 5.7456353 | AA8: 2.9485968 | AB8: 1.1049383 | AC8: -1.2515966 | AD8: 1.780644 | AE8: 5.6372432 | AF8: -0.78784266 | AG8: -1.4200397 | AH8: 9.836549 | AI8: -9.5756402 | AJ8: -29.588998 | AK8: -7.2 | AL8: 9.6 | AM8: 8.3 | AN8: 13.3 | AO8: 9.1 | AP8: -10.837856 | AQ8: 9.0088525 | AR8: 13.501173 | AS8: 6.6666205 | AT8: 7.9403314 | AU8: 4.231371 | AV8: 5.7734906 | AW8: 5.7095566 | AX8: 5.7208199 | AY8: 5.4310127 | AZ8: 5.9 | BA8: 3.7608537 | BB8: 3.3526102 | BC8: 3.7100578 | BD8: 2.5501609 | BE8: 1.4199675 | BF8: 1.0007546 | BG8: 1.7743687 | BH8: 2.2187521 | BI8: 3.3521592 | BJ8: 3.8413637
A9: Andorra | B9: AND | C9: GDP growth (annual %) | D9: NY.GDP.MKTP.KD.ZG | P9: 4.6494654 | Q9: 8.1497435 | R9: 7.7884672 | S9: 5.6187897 | T9: 0.54220566 | U9: 3.303787 | V9: 2.8385756 | W9: 1.4630002 | X9: 0.041557195 | Y9: 2.2087276 | Z9: -0.13247451 | AA9: 1.2464611 | AB9: 1.7701183 | AC9: 1.7846867 | AD9: 2.321433 | AE9: 3.2533218 | AF9: 5.5471222 | AG9: 5.0943262 | AH9: 4.8270342 | AI9: 3.7813876 | AJ9: 2.5460029 | AK9: 0.92921196 | AL9: -1.031484 | AM9: 2.3831877 | AN9: 2.7574992 | AO9: 4.6497401 | AP9: 9.0676722 | AQ9: 3.1947903 | AR9: 4.0990808 | AS9: 3.5283613 | AT9: 4.5467683 | AU9: 6.4710147 | AV9: 12.16872 | AW9: 7.6478698 | AX9: 7.3969827 | AY9: 4.5363531 | AZ9: 0.040011067 | BA9: -8.5900038 | BB9: -3.6906535 | BC9: -5.3588258 | BD9: -4.6465431 | BE9: -1.6152182 | BF9: 0.351645 | BG9: 2.2776832 | BH9: 0.84220352 | BI9: 1.8891244 | BJ9: 1.8731966
A10: Arab World | B10: ARB | C10: GDP growth (annual %) | D10: NY.GDP.MKTP.KD.ZG | U10: 15.903152 | V10: 8.5055011 | W10: -0.79847625 | X10: 11.605057 | Y10: 9.1450675 | Z10: 2.6870838 | AA10: -8.9925725 | AB10: -6.573569 | AC10: 1.0664045 | AD10: -2.1646095 | AE10: 4.4628887 | AF10: -0.6263867 | AG10: 5.5887753 | AH10: 2.1210007 | AI10: 13.141355 | AJ10: 1.5361107 | AK10: 4.80047 | AL10: 3.2103481 | AM10: 3.2134361 | AN10: 2.7565988 | AO10: 4.5115901 | AP10: 4.2201165 | AQ10: 5.1542517 | AR10: 1.8621561 | AS10: 5.3577961 | AT10: 1.6236886 | AU10: 0.62911881 | AV10: 5.3084323 | AW10: 9.3312442 | AX10: 5.7224551 | AY10: 6.4841007 | AZ10: 4.535161 | BA10: 5.78013 | BB10: 0.46493903 | BC10: 4.748925 | BD10: 3.6092379 | BE10: 6.6952259 | BF10: 3.1343291 | BG10: 2.4536289 | BH10: 3.2775418 | BI10: 3.0046947 | BJ10: 1.192246
A11: United Arab Emirates | B11: ARE | C11: GDP growth (annual %) | D11: NY.GDP.MKTP.KD.ZG | U11: 16.526857 | V11: 21.43933 | W11: -1.5896033 | X11: 20.923573 | Y11: 23.874775 | Z11: 4.6591767 | AA11: -6.7193162 | AB11: -4.7458207 | AC11: 4.0169513 | AD11: -3.5944765 | AE11: -14.958137 | AF11: 3.3819817 | AG11: -2.6189077 | AH11: 12.337891 | AI11: 18.327986 | AJ11: 0.86008195 | AK11: 3.3449449 | AL11: 1.261191 | AM11: 6.8961486 | AN11: 6.6878865 | AO11: 5.7984041 | AP11: 8.1903986 | AQ11: 0.29199435 | AR11: 2.9022136 | AS11: 10.852704 | AT11: 1.399085 | AU11: 2.4334568 | AV11: 8.8005408 | AW11: 9.5664366 | AX11: 4.8551412 | AY11: 9.8373198 | AZ11: 3.1843902 | BA11: 3.1918363 | BB11: -5.2429219 | BC11: 1.60281 | BD11: 6.9302716 | BE11: 4.4846261 | BF11: 5.0533458 | BG11: 4.3986967 | BH11: 5.0647015 | BI11: 2.9884418 | BJ11: 0.79040039
A12: Argentina | B12: ARG | C12: GDP growth (annual %) | D12: NY.GDP.MKTP.KD.ZG | F12: 5.4278429 | G12: -0.85202152 | H12: -5.3081968 | I12: 10.130298 | J12: 10.569433 | K12: -0.65972617 | L12: 3.1919966 | M12: 4.8225008 | N12: 9.679526 | O12: 3.0456433 | P12: 5.6581311 | Q12: 1.6284165 | R12: 2.811754 | S12: 5.5338044 | T12: -0.028412103 | U12: -2.0182515 | V12: 6.9341478 | W12: -4.5061248 | X12: 10.222763 | Y12: 4.1517623 | Z12: -5.689528 | AA12: -4.9571785 | AB12: 3.8751234 | AC12: 2.2117735 | AD12: -7.5866772 | AE12: 7.8757798 | AF12: 2.9099931 | AG12: -2.5569049 | AH12: -7.4961896 | AI12: -2.3989592 | AJ12: 12.66971 | AK12: 11.940775 | AL12: 5.9069195 | AM12: 5.8362007 | AN12: -2.8452096 | AO12: 5.5266898 | AP12: 8.1110468 | AQ12: 3.8501789 | AR12: -3.385457 | AS12: -0.78899894 | AT12: -4.4088397 | AU12: -10.894485 | AV12: 8.8370408 | AW12: 9.0295733 | AX12: 8.8516599 | AY12: 8.0471515 | AZ12: 9.0076509 | BA12: 4.0572331 | BB12: -5.9185251 | BC12: 10.125398 | BD12: 6.0039517 | BE12: -1.0264205 | BF12: 2.4053238 | BG12: -2.5126153 | BH12: 2.7311598 | BI12: -1.8225422 | BJ12: 2.8639229 | BK12: 2
A13: Armenia | B13: ARM | C13: GDP growth (annual %) | D13: NY.GDP.MKTP.KD.ZG | AJ13: -11.699998 | AK13: -41.800003 | AL13: -8.7999988 | AM13: 5.4000028 | AN13: 6.8999984 | AO13: 5.8654008 | AP13: 3.3210797 | AQ13: 7.3 | AR13: 3.3 | AS13: 5.9 | AT13: 9.5566415 | AU13: 13.186301 | AV13: 14.040795 | AW13: 10.467842 | AX13: 13.865711 | AY13: 13.198004 | AZ13: 13.749202 | BA13: 6.9 | BB13: -14.149989 | BC13: 2.2 | BD13: 4.7 | BE13: 7.2 | BF13: 3.3 | BG13: 3.6 | BH13: 3.2 | BI13: 0.2 | BJ13: 7.5
A14: American Samoa | B14: ASM | C14: GDP growth (annual %) | D14: NY.GDP.MKTP.KD.ZG | AV14: 0.81411126 | AW14: 0.53835801 | AX14: -0.40160643 | AY14: -4.1666667 | AZ14: 1.9635344 | BA14: -2.6134801 | BB14: -4.2372881 | BC14: 0.44247788 | BD14: 0.29368576 | BE14: -4.3923865 | BF14: -2.7565084 | BG14: 0.94488189 | BH14: 1.2480499 | BI14: -2.6194145
A15: Antigua and Barbuda | B15: ATG | C15: GDP growth (annual %) | D15: NY.GDP.MKTP.KD.ZG | W15: 4.3836212 | X15: 8.0797424 | Y15: 8.1614353 | Z15: 3.8149168 | AA15: -0.08400885 | AB15: 5.3640096 | AC15: 10.165001 | AD15: 7.6437905 | AE15: 11.493828 | AF15: 6.6263707 | AG15: 5.2132686 | AH15: 5.2522781 | AI15: 3.0116458 | AJ15: 2.1768731 | AK15: 1.1583263 | AL15: 5.2800715 | AM15: 6.6761952 | AN15: -4.359494 | AO15: 6.6048181 | AP15: 5.4711319 | AQ15: 4.7313137 | AR15: 3.7078946 | AS15: 6.6917424 | AT15: -4.9540747 | AU15: 1.0241009 | AV15: 6.0579085 | AW15: 5.7364602 | AX15: 6.4124052 | AY15: 12.728507 | AZ15: 9.2594206 | BA15: -0.030133268 | BB15: -12.107536 | BC15: -7.2000245 | BD15: -2.079127 | BE15: 3.5066092 | BF15: -0.10393914 | BG15: 5.1019404 | BH15: 4.060219 | BI15: 5.3424794 | BJ15: 3.3370492
A16: Australia | B16: AUS | C16: GDP growth (annual %) | D16: NY.GDP.MKTP.KD.ZG | F16: 2.485605 | G16: 1.2964777 | H16: 6.2142784 | I16: 6.9787237 | J16: 5.98345 | K16: 2.3824912 | L16: 6.3023857 | M16: 5.0958681 | N16: 7.0441587 | O16: 7.1721825 | P16: 4.0039303 | Q16: 3.912691 | R16: 2.6138195 | S16: 4.1025894 | T16: 1.3503381 | U16: 2.5879462 | V16: 3.5973772 | W16: 0.89677039 | X16: 4.0435141 | Y16: 3.0342065 | Z16: 3.3378583 | AA16: 3.3281194 | AB16: -2.2201438 | AC16: 4.5811398 | AD16: 5.2492065 | AE16: 4.0551349 | AF16: 2.5053241 | AG16: 5.6810535 | AH16: 3.8675966 | AI16: 3.564551 | AJ16: -0.38754649 | AK16: 0.44261583 | AL16: 4.0390789 | AM16: 3.978534 | AN16: 3.8293688 | AO16: 3.8786313 | AP16: 3.9664205 | AQ16: 4.5767394 | AR16: 5.0180639 | AS16: 3.9431891 | AT16: 1.9331057 | AU16: 4.0030223 | AV16: 2.9857449 | AW16: 4.0011055 | AX16: 3.1903163 | AY16: 2.8342325 | AZ16: 3.777329 | BA16: 3.6577668 | BB16: 1.9227273 | BC16: 2.052942 | BD16: 2.4511051 | BE16: 3.89194 | BF16: 2.6394824 | BG16: 2.5583375 | BH16: 2.3511364 | BI16: 2.8273105 | BJ16: 1.9575754
A17: Austria | B17: AUT | C17: GDP growth (annual %) | D17: NY.GDP.MKTP.KD.ZG | F17: 5.5379793 | G17: 2.6486751 | H17: 4.1382676 | I17: 6.1243537 | J17: 3.4801749 | K17: 5.6428614 | L17: 3.0080478 | M17: 4.4723128 | N17: 6.2758672 | O17: 6.3211425 | P17: 5.1149687 | Q17: 6.207861 | R17: 4.8904354 | S17: 3.9421381 | T17: -0.36373574 | U17: 4.5784454 | V17: 5.0799808 | W17: -0.21065345 | X17: 5.3566998 | Y17: 1.7314854 | Z17: -0.14429452 | AA17: 2.0112544 | AB17: 2.973088 | AC17: 0.051275253 | AD17: 2.4986785 | AE17: 2.3013928 | AF17: 1.357168 | AG17: 3.2958802 | AH17: 3.8870748 | AI17: 4.3456416 | AJ17: 3.4416274 | AK17: 2.0935247 | AL17: 0.52680948 | AM17: 2.4021188 | AN17: 2.6679837 | AO17: 2.3495351 | AP17: 2.0935965 | AQ17: 3.581431 | AR17: 3.5563302 | AS17: 3.375722 | AT17: 1.2671705 | AU17: 1.6515494 | AV17: 0.94147331 | AW17: 2.7351185 | AX17: 2.2440668 | AY17: 3.454041 | AZ17: 3.7274152 | BA17: 1.4604252 | BB17: -3.7645805 | BC17: 1.8370946 | BD17: 2.9227976 | BE17: 0.68044437 | BF17: 0.025504101 | BG17: 0.82873388 | BH17: 1.0918542 | BI17: 1.4509154 | BJ17: 3.0352727
A18: Azerbaijan | B18: AZE | C18: GDP growth (annual %) | D18: NY.GDP.MKTP.KD.ZG | AJ18: -0.69999996 | AK18: -22.6 | AL18: -23.1 | AM18: -19.7 | AN18: -11.800001 | AO18: 1.3000002 | AP18: 5.8000005 | AQ18: 10 | AR18: 7.4000006 | AS18: 11.099999 | AT18: 9.9 | AU18: 10.599999 | AV18: 11.2 | AW18: 10.2 | AX18: 26.400001 | AY18: 34.5 | AZ18: 25.049 | BA18: 10.772421 | BB18: 9.4106538 | BC18: 4.8543393 | BD18: 0.065922768 | BE18: 2.2000002 | BF18: 5.7966784 | BG18: 2 | BH18: 1.0999998 | BI18: -3.1000002 | BJ18: 0.099999814
A19: Burundi | B19: BDI | C19: GDP growth (annual %) | D19: NY.GDP.MKTP.KD.ZG | F19: -13.746135 | G19: 9.0631579 | H19: 4.1354074 | I19: 6.2730379 | J19: 3.9672256 | K19: 4.6129929 | L19: 13.821519 | M19: -0.29788367 | N19: -1.4595411 | O19: 21.325671 | P19: 2.7468287 | Q19: -6.4039649 | R19: 6.8890507 | S19: -0.72683956 | T19: 0.69792024 | U19: 7.942661 | V19: 11.469453 | W19: -0.94057599 | X19: 1.664955 | Y19: 0.99105573 | Z19: 12.163276 | AA19: -1.0535998 | AB19: 3.715327 | AC19: 0.155544 | AD19: 11.78318 | AE19: 3.2501805 | AF19: 5.5030961 | AG19: 5.0310244 | AH19: 1.3495022 | AI19: 3.4998221 | AJ19: 4.9968365 | AK19: 1.0099984 | AL19: -6.24 | AM19: -3.83 | AN19: -7.92 | AO19: -8 | AP19: -1.59 | AQ19: 4.75 | AR19: -1.01 | AS19: -0.85686406 | AT19: 2.0558071 | AU19: 4.4465194 | AV19: -1.223728 | AW19: 4.8336578 | AX19: 0.9 | AY19: 5.3846574 | AZ19: 4.785832 | BA19: 5.0481188 | BB19: 3.4684254 | BC19: 3.7859025 | BD19: 4.1916257 | BE19: 4.0193655 | BF19: 4.5940542 | BG19: 4.6609182 | BH19: -3.9211428 | BI19: -0.57043445 | BJ19: 0.51913901
A20: Belgium | B20: BEL | C20: GDP growth (annual %) | D20: NY.GDP.MKTP.KD.ZG | F20: 4.9784231 | G20: 5.2120035 | H20: 4.3515843 | I20: 6.9566847 | J20: 3.5606598 | K20: 3.155895 | L20: 3.8681469 | M20: 4.1941296 | N20: 6.6297998 | O20: 5.5918026 | P20: 3.9858274 | Q20: 5.2956044 | R20: 6.3817021 | S20: 4.5652581 | T20: -1.9659416 | U20: 5.6527459 | V20: 0.6261548 | W20: 2.8418966 | X20: 2.3410731 | Y20: 4.444054 | Z20: -0.2792836 | AA20: 0.59498694 | AB20: 0.31184273 | AC20: 2.4663827 | AD20: 1.6517928 | AE20: 1.8227621 | AF20: 2.3066594 | AG20: 4.7232089 | AH20: 3.4691668 | AI20: 3.1374025 | AJ20: 1.8330743 | AK20: 1.5306548 | AL20: -0.96187309 | AM20: 3.2269715 | AN20: 2.3847572 | AO20: 1.5934063 | AP20: 3.710445 | AQ20: 1.9752744 | AR20: 3.5633116 | AS20: 3.633652 | AT20: 0.81154361 | AU20: 1.7805063 | AV20: 0.77456723 | AW20: 3.6346807 | AX20: 2.0942727 | AY20: 2.5061401 | AZ20: 3.4489738 | BA20: 0.78317304 | BB20: -2.2531746 | BC20: 2.7442133 | BD20: 1.7983027 | BE20: 0.23479692 | BF20: 0.20065044 | BG20: 1.2932652 | BH20: 1.4269568 | BI20: 1.412292 | BJ20: 1.7297668
A21: Benin | B21: BEN | C21: GDP growth (annual %) | D21: NY.GDP.MKTP.KD.ZG | F21: 3.1412805 | G21: -3.4264098 | H21: 4.730028 | I21: 6.6507591 | J21: 5.2938628 | K21: 3.5758627 | L21: 1.0783987 | M21: 3.8423356 | N21: 2.877498 | O21: 2.0977576 | P21: -1.4968418 | Q21: 6.4263675 | R21: 3.7061653 | S21: 3.3393122 | T21: -4.8953454 | U21: 0.88435633 | V21: 4.9836637 | W21: 1.255078 | X21: 6.5357474 | Y21: 6.7817639 | Z21: 9.9542312 | AA21: 2.2350663 | AB21: -4.3478227 | AC21: 7.9298396 | AD21: 7.5303248 | AE21: 2.1711416 | AF21: -1.5000029 | AG21: 3.4052453 | AH21: -2.8541605 | AI21: 8.9761344 | AJ21: 4.2257994 | AK21: 2.9577108 | AL21: 5.8361721 | AM21: 2.0204004 | AN21: 6.0451986 | AO21: 4.324284 | AP21: 5.7346884 | AQ21: 3.9610121 | AR21: 5.3414494 | AS21: 5.8599921 | AT21: 5.3304109 | AU21: 4.64447 | AV21: 3.4440448 | AW21: 4.429629 | AX21: 1.7115776 | AY21: 3.9470137 | AZ21: 5.9865155 | BA21: 4.8898986 | BB21: 2.3293012 | BC21: 2.1101993 | BD21: 2.9627504 | BE21: 4.8164782 | BF21: 7.1897163 | BG21: 6.3518319 | BH21: 2.0958084 | BI21: 3.9648599 | BJ21: 5.5841951
A22: Burkina Faso | B22: BFA | C22: GDP growth (annual %) | D22: NY.GDP.MKTP.KD.ZG | F22: 4.043928 | G22: 6.1287988 | H22: -1.2680164 | I22: 2.2828192 | J22: 3.7645454 | K22: 0.53761308 | L22: 8.823315 | M22: 3.0707739 | N22: 2.026081 | O22: 0.11701961 | P22: 1.4133399 | Q22: 2.3114987 | R22: 0.4493274 | S22: 8.2864265 | T22: 2.9983829 | U22: 8.534895 | V22: 0.37035356 | W22: 4.607825 | X22: 3.6646215 | Y22: 0.79687887 | Z22: 4.2553034 | AA22: 9.5621966 | AB22: 0.34598474 | AC22: -1.7786967 | AD22: 8.517365 | AE22: 7.9553627 | AF22: -0.23633679 | AG22: 5.795593 | AH22: 2.1502673 | AI22: -0.60292848 | AJ22: 9.0699845 | AK22: 0.23271076 | AL22: 3.4613849 | AM22: 1.3150073 | AN22: 5.7163739 | AO22: 11.014744 | AP22: 6.3168347 | AQ22: 7.3077196 | AR22: 7.404179 | AS22: 1.8202419 | AT22: 6.6133996 | AU22: 4.3530043 | AV22: 7.8024399 | AW22: 4.4784743 | AX22: 8.6618616 | AY22: 6.2531586 | AZ22: 5.6550051 | BA22: 7.2944982 | BB22: 2.9620144 | BC22: 5.3733731 | BD22: 6.6268652 | BE22: 6.4526988 | BF22: 5.7925893 | BG22: 4.3268374 | BH22: 3.8945481 | BI22: 5.9245776 | BJ22: 6.7426535
A23: Bangladesh | B23: BGD | C23: GDP growth (annual %) | D23: NY.GDP.MKTP.KD.ZG | F23: 6.0581608 | G23: 5.453031 | H23: -0.45589429 | I23: 10.952789 | J23: 1.6062582 | K23: 2.566812 | L23: -1.8758639 | M23: 9.489454 | N23: 1.2208579 | O23: 5.6198523 | P23: -5.479483 | Q23: -13.973729 | R23: 3.3256802 | S23: 9.5919563 | T23: -4.0882141 | U23: 5.6613612 | V23: 2.6730561 | W23: 7.0738377 | X23: 4.8016346 | Y23: 0.81914187 | Z23: 7.2339437 | AA23: 2.1343278 | AB23: 3.8810464 | AC23: 4.80331 | AD23: 3.3420147 | AE23: 4.1733826 | AF23: 3.7724019 | AG23: 2.4162569 | AH23: 2.8365821 | AI23: 5.6222582 | AJ23: 3.4852278 | AK23: 5.4426856 | AL23: 4.7115617 | AM23: 3.8901264 | AN23: 5.1212779 | AO23: 4.5229192 | AP23: 4.4898965 | AQ23: 5.1770269 | AR23: 4.6701564 | AS23: 5.2932947 | AT23: 5.0772878 | AU23: 3.8331239 | AV23: 4.7395674 | AW23: 5.2395329 | AX23: 6.5359449 | AY23: 6.6718683 | AZ23: 7.0586362 | BA23: 6.0137898 | BB23: 5.0451248 | BC23: 5.5718023 | BD23: 6.4643839 | BE23: 6.5214351 | BF23: 6.0135961 | BG23: 6.0610931 | BH23: 6.5526333 | BI23: 7.1134652 | BJ23: 7.2842084
A24: Bulgaria | B24: BGR | C24: GDP growth (annual %) | D24: NY.GDP.MKTP.KD.ZG | Z24: 4.9001619 | AA24: 2.3345656 | AB24: 3.4303059 | AC24: 3.3964436 | AD24: 2.6834407 | AE24: 4.207602 | AF24: 6.0545138 | AG24: 10.944692 | AH24: -3.2898821 | AI24: -9.1173771 | AJ24: -8.4453552 | AK24: -7.2723879 | AL24: -1.4802148 | AM24: 1.8180112 | AN24: 2.8601894 | AO24: 0.70468068 | AP24: -1.0888202 | AQ24: 3.4627297 | AR24: -6.0098463 | AS24: 4.9405538 | AT24: 3.7702178 | AU24: 5.9375164 | AV24: 5.1562184 | AW24: 6.4353583 | AX24: 7.1235111 | AY24: 6.8743584 | AZ24: 7.3444219 | BA24: 6.0218834 | BB24: -3.5861456 | BC24: 1.3240878 | BD24: 1.9149059 | BE24: 0.030969869 | BF24: 0.86216509 | BG24: 1.3287567 | BH24: 3.6174596 | BI24: 3.9410978 | BJ24: 3.5616429
A25: Bahrain | B25: BHR | C25: GDP growth (annual %) | D25: NY.GDP.MKTP.KD.ZG | Z25: -5.3166974 | AA25: -7.5562177 | AB25: 6.3763768 | AC25: 5.003646 | AD25: -4.7582685 | AE25: 1.1829939 | AF25: 10.399009 | AG25: 6.9999916 | AH25: 0.36400714 | AI25: 4.4379972 | AJ25: 11.229999 | AK25: 6.6899984 | AL25: 12.870007 | AM25: -0.25000148 | AN25: 3.9299915 | AO25: 4.1100061 | AP25: 3.0929998 | AQ25: 4.7900028 | AR25: 4.299999 | AS25: 5.2999948 | AT25: 2.4910336 | AU25: 3.6141483 | AV25: 6.0239512 | AW25: 6.980947 | AX25: 6.7689397 | AY25: 6.4685677 | AZ25: 8.2924438 | BA25: 6.2451283 | BB25: 2.5397725 | BC25: 4.3344071 | BD25: 1.9838233 | BE25: 3.7322515 | BF25: 5.4165037 | BG25: 4.3498423 | BH25: 2.8619678 | BI25: 3.2159336 | BJ25: 3.8848305
A26: Bahamas, The | B26: BHS | C26: GDP growth (annual %) | D26: NY.GDP.MKTP.KD.ZG | F26: 10.667097 | G26: 10.451972 | H26: 10.524055 | I26: 10.501567 | J26: 10.425596 | K26: 9.0719287 | L26: 9.5981139 | M26: 8.4217636 | N26: 8.9816626 | O26: -5.6496495 | P26: 1.6265087 | Q26: -3.4973359 | R26: 7.5675688 | S26: -16.754229 | T26: -14.803126 | U26: 5.185185 | V26: 9.1549292 | W26: 14.17952 | X26: 26.139296 | Y26: 6.4952819 | Z26: -9.2264051 | AA26: 6.6988978 | AB26: 3.5970519 | AC26: 14.171149 | AD26: 4.8291801 | AE26: 1.7970002 | AF26: 2.9845193 | AG26: 2.3097077 | AH26: 6.7273298 | AI26: -1.5962491 | AJ26: -4.1817846 | AK26: -3.8255827 | AL26: 0.30780694 | AM26: 3.1489162 | AN26: 4.3787514 | AO26: 4.2235307 | AP26: 2.0622395 | AQ26: 4.7164822 | AR26: 7.1441148 | AS26: 4.149243 | AT26: 2.6256841 | AU26: 2.7045616 | AV26: -1.2647208 | AW26: 0.88283993 | AX26: 3.3953556 | AY26: 2.5168491 | AZ26: 1.4465446 | BA26: -2.323967 | BB26: -4.1752604 | BC26: 1.5387774 | BD26: 0.61289745 | BE26: 3.0866869 | BF26: -0.41042862 | BG26: -0.14798857 | BH26: 1.0449595 | BI26: -1.6895499 | BJ26: 1.4371913
A27: Bosnia and Herzegovina | B27: BIH | C27: GDP growth (annual %) | D27: NY.GDP.MKTP.KD.ZG | AN27: 20.800001 | AO27: 88.957665 | AP27: 34.389575 | AQ27: 15.599996 | AR27: 9.5999998 | AS27: 5.5000004 | AT27: 4.3999995 | AU27: 5.3000003 | AV27: 4.0000001 | AW27: 6.0999998 | AX27: 8.7582303 | AY27: 5.3784768 | AZ27: 5.7287569 | BA27: 5.5831276 | BB27: -2.9896626 | BC27: 0.86798323 | BD27: 0.95570451 | BE27: -0.82173696 | BF27: 2.3493907 | BG27: 1.1496281 | BH27: 3.0767473 | BI27: 3.1440774 | BJ27: 3.0313883
A28: Belarus | B28: BLR | C28: GDP growth (annual %) | D28: NY.GDP.MKTP.KD.ZG | AJ28: -1.1999956 | AK28: -9.6000013 | AL28: -7.600002 | AM28: -11.700004 | AN28: -10.400001 | AO28: 2.8000047 | AP28: 11.400005 | AQ28: 8.3999916 | AR28: 3.3999991 | AS28: 5.8000035 | AT28: 4.725306 | AU28: 5.0452673 | AV28: 7.0431927 | AW28: 11.449743 | AX28: 9.4000017 | AY28: 9.9999947 | AZ28: 8.6000065 | BA28: 10.2 | BB28: 0.19999524 | BC28: 7.7936979 | BD28: 5.5437107 | BE28: 1.7313928 | BF28: 1.0239855 | BG28: 1.7230857 | BH28: -3.8295694 | BI28: -2.5264506 | BJ28: 2.4219063
A29: Belize | B29: BLZ | C29: GDP growth (annual %) | D29: NY.GDP.MKTP.KD.ZG | F29: 4.8922772 | G29: 4.8926522 | H29: 4.9564342 | I29: 4.9998799 | J29: 4.930541 | K29: 4.7708451 | L29: 4.9131232 | M29: 7.3672255 | N29: 5.1063748 | O29: 4.8076934 | P29: 3.9594411 | Q29: 10.218304 | R29: 5.3518941 | S29: 13.559985 | T29: 3.5928244 | U29: -0.034020943 | V29: 6.4965943 | W29: 7.9208072 | X29: 7.5170215 | Y29: 15.166518 | Z29: 1.2906397 | AA29: -0.28315622 | AB29: -2.1060173 | AC29: 1.9579451 | AD29: 1.0668493 | AE29: 4.5742587 | AF29: 11.21578 | AG29: 9.2375965 | AH29: 13.090842 | AI29: 10.628576 | AJ29: 10.497042 | AK29: 12.035758 | AL29: 6.2765637 | AM29: 0.15793868 | AN29: 0.64397358 | AO29: 1.4287227 | AP29: 3.5451789 | AQ29: 3.7409566 | AR29: 8.7803715 | AS29: 13.038762 | AT29: 5.015663 | AU29: 5.1185594 | AV29: 9.3265379 | AW29: 4.650468 | AX29: 2.578742 | AY29: 4.5825603 | AZ29: 1.1043108 | BA29: 3.228495 | BB29: 0.71311775 | BC29: 3.3244422 | BD29: 2.1039508 | BE29: 3.8012925 | BF29: 0.71329984 | BG29: 4.0453028 | BH29: 3.794992 | BI29: -0.48653651 | BJ29: 0.88360367
A30: Bermuda | B30: BMU | C30: GDP growth (annual %) | D30: NY.GDP.MKTP.KD.ZG | F30: 4.68 | G30: 4.47 | H30: 1.07 | I30: 11.11 | J30: 4.76 | K30: 14.363636 | L30: 13.27504 | M30: 2.1052632 | N30: 3.4364261 | O30: 6.3122924 | P30: 3.4375 | Q30: 1.8126888 | R30: 1.4836795 | S30: 0.87719298 | T30: 3.7681159 | U30: 8.9385475 | V30: 5.8974359 | W30: 1.4527845 | X30: 2.1479714 | Y30: 7.9439252 | Z30: 2.3809524 | AA30: -5.2854123 | AB30: 2.0089286 | AC30: 0.48140044 | AD30: -2.0034843 | AE30: 6.6666667 | AF30: 3.75 | AG30: 4.0562249 | AH30: 0.44384408 | AI30: 0.019212296 | AJ30: -3.5343834 | AK30: -0.059737157 | AL30: 3.0085674 | AM30: 0.59961315 | AN30: 4.3991479 | AO30: 2.600476 | AP30: 4.6 | AQ30: 3.9 | AR30: 3.3826487 | AS30: 9.3171556 | AT30: 7.222436 | AU30: -1.4777904 | AV30: 3.4107062 | AW30: 2.3212665 | AX30: 1.6742071 | AY30: 5.5438659 | AZ30: 2.8458901 | BA30: 1.5278939 | BB30: -5.2841771 | BC30: -2.0941135 | BD30: -3.3394944 | BE30: -4.8345402 | BF30: -2.5111544
A31: Bolivia | B31: BOL | C31: GDP growth (annual %) | D31: NY.GDP.MKTP.KD.ZG | F31: 2.0799836 | G31: 5.5702253 | H31: 6.4207016 | I31: 4.7945596 | J31: 5.6250177 | K31: 6.4972957 | L31: 6.9088679 | M31: -12.169028 | N31: 3.0960136 | O31: -0.49482137 | P31: 5.0633363 | Q31: 7.9674855 | R31: 5.7391613 | S31: 2.9395681 | T31: 7.3110176 | U31: 4.6145673 | V31: 4.9712161 | W31: 2.0526944 | X31: 0.13334404 | Y31: -1.3717733 | Z31: 0.27561674 | AA31: -3.9387378 | AB31: -4.0421218 | AC31: -0.20067174 | AD31: -1.6763871 | AE31: -2.5738774 | AF31: 2.4634794 | AG31: 2.9095025 | AH31: 3.79013 | AI31: 4.6357859 | AJ31: 5.2665275 | AK31: 1.6464969 | AL31: 4.2692937 | AM31: 4.6672704 | AN31: 4.6782726 | AO31: 4.3613431 | AP31: 4.9542087 | AQ31: 5.0293523 | AR31: 0.42688958 | AS31: 2.5078076 | AT31: 1.6838009 | AU31: 2.4855648 | AV31: 2.7113407 | AW31: 4.1732943 | AX31: 4.4214348 | AY31: 4.7970092 | AZ31: 4.5643828 | BA31: 6.1484972 | BB31: 3.3570013 | BC31: 4.1267226 | BD31: 5.2040927 | BE31: 5.1222747 | BF31: 6.7960117 | BG31: 5.4605698 | BH31: 4.8571879 | BI31: 4.2639194 | BJ31: 4.195207 | BK31: 4
A32: Brazil | B32: BRA | C32: GDP growth (annual %) | D32: NY.GDP.MKTP.KD.ZG | F32: 10.275912 | G32: 5.2160594 | H32: 0.87467259 | I32: 3.4855823 | J32: 3.0534879 | K32: 4.1503602 | L32: 4.9152657 | M32: 11.427282 | N32: 9.7358269 | O32: 8.7699475 | P32: 11.295087 | Q32: 12.052802 | R32: 13.978692 | S32: 9.0421203 | T32: 5.2090759 | U32: 9.7904102 | V32: 4.6063181 | W32: 3.2317096 | X32: 6.766285 | Y32: 9.1109602 | Z32: -4.3933572 | AA32: 0.58024555 | AB32: -3.4097935 | AC32: 5.2691431 | AD32: 7.9458617 | AE32: 7.9882951 | AF32: 3.5996295 | AG32: -0.10267272 | AH32: 3.2794589 | AI32: -3.1023559 | AJ32: 1.5119372 | AK32: -0.46691321 | AL32: 4.665169 | AM32: 5.3345517 | AN32: 4.4167314 | AO32: 2.2075355 | AP32: 3.3950286 | AQ32: 0.33835618 | AR32: 0.46906659 | AS32: 4.1124842 | AT32: 1.382832 | AU32: 3.0540165 | AV32: 1.1398869 | AW32: 5.7644116 | AX32: 3.2021309 | AY32: 3.9619889 | AZ32: 6.0698707 | BA32: 5.0941954 | BB32: -0.12581203 | BC32: 7.5282257 | BD32: 3.9744231 | BE32: 1.921176 | BF32: 3.0048227 | BG32: 0.50395574 | BH32: -3.4627157 | BI32: -3.4627157 | BJ32: 0.98543643 | BK32: 2.3
A33: Barbados | B33: BRB | C33: GDP growth (annual %) | D33: NY.GDP.MKTP.KD.ZG | T33: -1.9 | U33: 4.4 | V33: 3.6 | W33: 4.9 | X33: 7.9 | Y33: 4.4 | Z33: -1.9 | AA33: -4.9 | AB33: 0.5 | AC33: 3.6 | AD33: 1.1 | AE33: 5.1 | AF33: 2.6 | AG33: 3.5 | AH33: 3.6 | AI33: -3.3 | AJ33: -3.9 | AK33: -7 | AL33: 1.2 | AM33: 3.8 | AN33: 2 | AO33: 4 | AP33: 4.7 | AQ33: 3.7 | AR33: 0.4 | AS33: 2.3 | AT33: -2.4 | AU33: 0.8 | AV33: 2.2 | AW33: 1.4 | AX33: 4 | AY33: 5.7 | AZ33: 1.8 | BA33: 0.1 | BB33: -4 | BC33: 0.3 | BD33: 0.7 | BE33: 0.3 | BF33: 0 | BG33: 0 | BH33: 0.9 | BI33: 2 | BJ33: 1.6710642
A34: Brunei Darussalam | B34: BRN | C34: GDP growth (annual %) | D34: NY.GDP.MKTP.KD.ZG | T34: 0.35546307 | U34: 20.155394 | V34: 10.916697 | W34: 6.7758344 | X34: 22.562429 | Y34: -6.996703 | Z34: -19.826716 | AA34: 3.9566549 | AB34: 0.50146597 | AC34: 0.59987654 | AD34: -1.4907491 | AE34: -2.71547 | AF34: 2.0091298 | AG34: 1.0973672 | AH34: -1.0741786 | AI34: 1.0894205 | AJ34: 3.1459414 | AK34: 4.7585808 | AL34: 0.30457287 | AM34: 3.1453974 | AN34: 4.4787073 | AO34: 2.8783177 | AP34: -1.4711716 | AQ34: -0.55850885 | AR34: 3.0521571 | AS34: 2.8494219 | AT34: 2.7440405 | AU34: 3.872097 | AV34: 2.9039555 | AW34: 0.50431825 | AX34: 0.38750721 | AY34: 4.3977197 | AZ34: 0.15458181 | BA34: -1.9397146 | BB34: -1.7645355 | BC34: 2.5989657 | BD34: 3.7453184 | BE34: 0.91284167 | BF34: -2.1260285 | BG34: -2.3497467 | BH34: -0.56681461 | BI34: -2.4655147 | BJ34: 1.3287514
A35: Bhutan | B35: BTN | C35: GDP growth (annual %) | D35: NY.GDP.MKTP.KD.ZG | Z35: 13.907729 | AA35: 3.4139415 | AB35: 11.310714 | AC35: 4.4821051 | AD35: 4.211775 | AE35: 11.730577 | AF35: 28.696265 | AG35: 4.9872897 | AH35: 7.4326264 | AI35: 10.876435 | AJ35: -0.40787609 | AK35: 4.6008914 | AL35: 1.9863666 | AM35: 4.9515037 | AN35: 7.0741173 | AO35: 5.5651729 | AP35: 5.3738385 | AQ35: 5.9140308 | AR35: 7.983972 | AS35: 6.9330242 | AT35: 8.2037739 | AU35: 10.727841 | AV35: 7.664334 | AW35: 5.8964082 | AX35: 7.1225596 | AY35: 6.8493659 | AZ35: 17.925825 | BA35: 4.7683542 | BB35: 6.6572238 | BC35: 11.730854 | BD35: 7.8909139 | BE35: 5.0717098 | BF35: 2.1424966 | BG35: 5.7454552 | BH35: 6.5974485 | BI35: 7.9907054 | BJ35: 6.8187777
A36: Botswana | B36: BWA | C36: GDP growth (annual %) | D36: NY.GDP.MKTP.KD.ZG | F36: 6.3432837 | G36: 6.6666678 | H36: 5.9210451 | I36: 6.8323009 | J36: 5.8139551 | K36: 6.3440191 | L36: 5.9245599 | M36: 10.567057 | N36: 15.123405 | O36: 17.120268 | P36: 25.821107 | Q36: 26.361941 | R36: 21.303184 | S36: 8.7977952 | T36: 8.4462504 | U36: 10.647377 | V36: 12.01204 | W36: 14.332802 | X36: 12.148589 | Y36: 11.986901 | Z36: 9.0648575 | AA36: 12.165532 | AB36: 13.146729 | AC36: 8.5453836 | AD36: 7.1252713 | AE36: 8.1729243 | AF36: 11.881928 | AG36: 19.44997 | AH36: 13.059406 | AI36: 6.7728219 | AJ36: 7.4587091 | AK36: 2.9170703 | AL36: 1.9161071 | AM36: 3.627916 | AN36: 7.0304103 | AO36: 5.8298001 | AP36: 8.026549 | AQ36: 0.72199316 | AR36: 9.6672407 | AS36: 1.9876959 | AT36: 0.25057387 | AU36: 6.0695309 | AV36: 4.6258948 | AW36: 2.7058217 | AX36: 4.5566457 | AY36: 8.3638711 | AZ36: 8.2767638 | BA36: 6.2454374 | BB36: -7.6523102 | BC36: 8.5636317 | BD36: 6.0483164 | BE36: 4.4561672 | BF36: 11.343424 | BG36: 4.1492528 | BH36: -1.6979306 | BI36: 4.3155063 | BJ36: 2.3591971
A37: Central African Republic | B37: CAF | C37: GDP growth (annual %) | D37: NY.GDP.MKTP.KD.ZG | F37: 4.9535538 | G37: -3.7138002 | H37: -0.70701075 | I37: 2.0803246 | J37: 0.94757871 | K37: 0.64478372 | L37: 4.6766131 | M37: 1.4041132 | N37: 7.0915425 | O37: 2.3328809 | P37: 1.1302024 | Q37: -0.00086717483 | R37: 1.88894 | S37: 6.3390336 | T37: 0.4049871 | U37: 5.432519 | V37: 3.8062349 | W37: 1.2092354 | X37: -2.4651378 | Y37: -4.4786388 | Z37: -1.5444657 | AA37: 7.7157836 | AB37: -8.1265136 | AC37: 9.4817267 | AD37: 3.9272195 | AE37: 3.5779793 | AF37: -4.9389879 | AG37: 1.7101653 | AH37: 1.9772704 | AI37: -2.1475281 | AJ37: -0.55254301 | AK37: -6.4240782 | AL37: 0.33527568 | AM37: 4.8999494 | AN37: 7.2000456 | AO37: -4.000093 | AP37: 5.299936 | AQ37: 4.7001424 | AR37: 3.5999749 | AS37: -2.4894324 | AT37: 4.464739 | AU37: 3.6165422 | AV37: -5.3974852 | AW37: 5.9948842 | AX37: 0.90821051 | AY37: 4.7710854 | AZ37: 4.6075349 | BA37: 2.054131 | BB37: 1.7092392 | BC37: 3.0466347 | BD37: 3.3007192 | BE37: 4.1127979 | BF37: -36.699952 | BG37: 1.040018 | BH37: 4.7998861 | BI37: 4.531286 | BJ37: 4.2999381
A38: Canada | B38: CAN | C38: GDP growth (annual %) | D38: NY.GDP.MKTP.KD.ZG | F38: 3.1632917 | G38: 7.1167793 | H38: 5.1817761 | I38: 6.6994567 | J38: 6.6365451 | K38: 6.5849654 | L38: 2.9153104 | M38: 5.2953419 | N38: 5.2600008 | O38: 3.2556136 | P38: 4.1176576 | Q38: 5.4458556 | R38: 6.9642029 | S38: 3.6909876 | T38: 1.8229731 | U38: 5.1993024 | V38: 3.4582306 | W38: 3.9535913 | X38: 3.8049229 | Y38: 2.1626169 | Z38: 3.5031195 | AA38: -3.2020248 | AB38: 2.5985727 | AC38: 5.9253503 | AD38: 4.7340828 | AE38: 2.1618156 | AF38: 4.0964645 | AG38: 4.429401 | AH38: 2.3239739 | AI38: 0.15434604 | AJ38: -2.1256922 | AK38: 0.88297603 | AL38: 2.6552359 | AM38: 4.4934746 | AN38: 2.6777084 | AO38: 1.611048 | AP38: 4.2798124 | AQ38: 3.8817591 | AR38: 5.1632109 | AS38: 5.1826903 | AT38: 1.7708191 | AU38: 3.0100163 | AV38: 1.8022733 | AW38: 3.0859612 | AX38: 3.2013821 | AY38: 2.6234126 | AZ38: 2.0627477 | BA38: 1.000361 | BB38: -2.9495876 | BC38: 3.0835142 | BD38: 3.141219 | BE38: 1.7454723 | BF38: 2.4750019 | BG38: 2.8557392 | BH38: 1.0008825 | BI38: 1.4141027 | BJ38: 3.0473507
A39: Central Europe and the Baltics | B39: CEB | C39: GDP growth (annual %) | D39: NY.GDP.MKTP.KD.ZG | AJ39: -9.7428082 | AK39: -1.760222 | AL39: 1.5719985 | AM39: 4.1247225 | AN39: 5.776079 | AO39: 4.3379132 | AP39: 3.0653679 | AQ39: 2.6760774 | AR39: 2.0653203 | AS39: 4.0390722 | AT39: 3.044007 | AU39: 3.4616617 | AV39: 4.4436424 | AW39: 5.5825218 | AX39: 4.9296844 | AY39: 6.5659117 | AZ39: 6.3886876 | BA39: 3.7589744 | BB39: -3.5066086 | BC39: 1.7125254 | BD39: 3.2105442 | BE39: 0.63947886 | BF39: 1.3458621 | BG39: 2.9737497 | BH39: 3.8051155 | BI39: 3.0644674 | BJ39: 4.5824887
A40: Switzerland | B40: CHE | C40: GDP growth (annual %) | D40: NY.GDP.MKTP.KD.ZG | Z40: 1.6013359 | AA40: -1.3094174 | AB40: 0.63907945 | AC40: 3.0084564 | AD40: 3.6735959 | AE40: 1.8586328 | AF40: 1.5854782 | AG40: 3.2775962 | AH40: 4.330794 | AI40: 3.6746256 | AJ40: -0.91581656 | AK40: -0.043733008 | AL40: -0.12598354 | AM40: 1.2697577 | AN40: 0.48086644 | AO40: 0.5400276 | AP40: 2.3401499 | AQ40: 2.9898918 | AR40: 1.6947198 | AS40: 3.9368235 | AT40: 1.3124237 | AU40: 0.1626129 | AV40: 0.039576568 | AW40: 2.7762235 | AX40: 3.1152455 | AY40: 3.9886342 | AZ40: 4.1118778 | BA40: 2.1547019 | BB40: -2.2221071 | BC40: 3.0026991 | BD40: 1.6928085 | BE40: 1.0060241 | BF40: 1.8520398 | BG40: 2.4492181 | BH40: 1.2263844 | BI40: 1.3758845 | BJ40: 1.0867922
A41: Channel Islands | B41: CHI | C41: GDP growth (annual %) | D41: NY.GDP.MKTP.KD.ZG | AR41: 3.7702637 | AS41: 5.8266415 | AT41: -1.5129613 | AU41: -1.6322066 | AV41: -3.2021569 | AW41: 0.2241974 | AX41: 1.3777342 | AY41: 4.8822994 | AZ41: 5.8983297
A42: Chile | B42: CHL | C42: GDP growth (annual %) | D42: NY.GDP.MKTP.KD.ZG | F42: 5.2452719 | G42: 4.0266856 | H42: 5.8401401 | I42: 2.5572205 | J42: 0.95027251 | K42: 11.236242 | L42: 3.6159999 | M42: 3.5920133 | N42: 3.9379833 | O42: 1.828967 | P42: 9.4226862 | Q42: -1.0199478 | R42: -5.0292484 | S42: 2.3821493 | T42: -12.912101 | U42: 3.832584 | V42: 10.444686 | W42: 7.7011036 | X42: 8.4183047 | Y42: 7.9866208 | Z42: 6.5253704 | AA42: -11.014305 | AB42: -5.0174205 | AC42: 4.1036832 | AD42: 4.0099162 | AE42: 5.3776923 | AF42: 6.4604685 | AG42: 7.3451105 | AH42: 9.9233829 | AI42: 3.3335655 | AJ42: 7.8043922 | AK42: 11.166708 | AL42: 6.5887838 | AM42: 5.030198 | AN42: 8.9332959 | AO42: 6.8029166 | AP42: 7.4278898 | AQ42: 4.3245795 | AR42: -0.41209617 | AS42: 5.3269384 | AT42: 3.3030473 | AU42: 3.1069705 | AV42: 4.0910477 | AW42: 7.2095397 | AX42: 5.7428305 | AY42: 6.3171763 | AZ42: 4.9053245 | BA42: 3.5295306 | BB42: -1.5642394 | BC42: 5.8441773 | BD42: 6.1109188 | BE42: 5.318628 | BF42: 4.0450043 | BG42: 1.7667398 | BH42: 2.3052571 | BI42: 1.2658676 | BJ42: 1.489906 | BK42: 3.4
A43: China | B43: CHN | C43: GDP growth (annual %) | D43: NY.GDP.MKTP.KD.ZG | F43: -27.27 | G43: -5.58 | H43: 10.3 | I43: 18.18 | J43: 16.95 | K43: 10.65 | L43: -5.77 | M43: -4.1 | N43: 16.94 | O43: 19.3 | P43: 7.06 | Q43: 3.81 | R43: 7.76 | S43: 2.31 | T43: 8.72 | U43: -1.57 | V43: 7.57 | W43: 11.666644 | X43: 7.6 | Y43: 7.8066914 | Z43: 5.1724138 | AA43: 8.9344262 | AB43: 10.835214 | AC43: 15.139172 | AD43: 13.443396 | AE43: 8.9397089 | AF43: 11.688931 | AG43: 11.234515 | AH43: 4.1858679 | AI43: 3.9071139 | AJ43: 9.2940759 | AK43: 14.216164 | AL43: 13.867576 | AM43: 13.052159 | AN43: 10.949227 | AO43: 9.9283725 | AP43: 9.2307692 | AQ43: 7.8376139 | AR43: 7.6674862 | AS43: 8.4915085 | AT43: 8.3399105 | AU43: 9.1306459 | AV43: 10.035603 | AW43: 10.111223 | AX43: 11.395776 | AY43: 12.719479 | AZ43: 14.231388 | BA43: 9.6542894 | BB43: 9.3998132 | BC43: 10.63614 | BD43: 9.536443 | BE43: 7.8562621 | BF43: 7.7576351 | BG43: 7.297666 | BH43: 6.9002048 | BI43: 6.7 | BJ43: 6.9 | BK43: 6.6
A44: Cote d'Ivoire | B44: CIV | C44: GDP growth (annual %) | D44: NY.GDP.MKTP.KD.ZG | F44: 9.9325552 | G44: 1.2269945 | H44: 14.490356 | I44: 17.613088 | J44: -3.1096543 | K44: 11.57736 | L44: 4.5981518 | M44: 12.548249 | N44: 9.5392188 | O44: 10.375032 | P44: 9.4566377 | Q44: 4.236625 | R44: 5.9391975 | S44: 4.3273809 | T44: 8.2528864 | U44: 12.916397 | V44: 7.3144592 | W44: 10.909454 | X44: 2.3944075 | Y44: -10.957697 | Z44: 3.5004989 | AA44: 0.20082235 | AB44: -3.9002404 | AC44: -2.7012614 | AD44: 4.5012232 | AE44: 3.2593488 | AF44: -0.34897291 | AG44: 1.136484 | AH44: 2.9480049 | AI44: -1.0959084 | AJ44: 0.040925169 | AK44: -0.24456061 | AL44: -0.1924851 | AM44: 0.81120668 | AN44: 7.1257447 | AO44: 7.7293274 | AP44: 3.7435531 | AQ44: 4.9306796 | AR44: 1.6175274 | AS44: -2.0684001 | AT44: 0.12137192 | AU44: -1.6676421 | AV44: -1.3595359 | AW44: 1.2317728 | AX44: 1.7212474 | AY44: 1.5158424 | AZ44: 1.7650368 | BA44: 2.5428415 | BB44: 3.2514537 | BC44: 2.0176386 | BD44: -4.3872548 | BE44: 10.706504 | BF44: 8.8894213 | BG44: 8.7940774 | BH44: 8.8428654 | BI44: 8.3421131 | BJ44: 7.7970056
A45: Cameroon | B45: CMR | C45: GDP growth (annual %) | D45: NY.GDP.MKTP.KD.ZG | F45: 1.1836808 | G45: 3.0415591 | H45: 3.7425503 | I45: 3.5471597 | J45: 2.0260537 | K45: 4.6149556 | L45: -10.912066 | M45: 6.3463239 | N45: 4.9014795 | O45: 3.0920682 | P45: 3.4797078 | Q45: 2.6738433 | R45: 5.3556808 | S45: 10.734262 | T45: 11.245059 | U45: -5.4951384 | V45: 13.739872 | W45: 22.003005 | X45: 6.0351188 | Y45: -1.9652917 | Z45: 17.082682 | AA45: 7.5162026 | AB45: 6.8668306 | AC45: 7.4745725 | AD45: 8.0631617 | AE45: 6.7716631 | AF45: -2.1466502 | AG45: -7.823632 | AH45: -1.8191205 | AI45: -6.1056976 | AJ45: -3.8085994 | AK45: -3.1000032 | AL45: -7.9320666 | AM45: 2.1239354 | AN45: 3.4697921 | AO45: 4.3610865 | AP45: 5.2313207 | AQ45: 4.5022912 | AR45: 4.2920169 | AS45: 3.5533744 | AT45: 4.3680842 | AU45: 4.2372037 | AV45: 4.5671953 | AW45: 6.7809559 | AX45: 2.0206623 | AY45: 3.4576688 | AZ45: 4.9022017 | BA45: 3.4888009 | BB45: 2.1986641 | BC45: 3.4225076 | BD45: 4.1292772 | BE45: 4.543265 | BF45: 5.4042657 | BG45: 5.8840593 | BH45: 5.6514637 | BI45: 4.4504533 | BJ45: 3.1770847
A46: Congo, Dem. Rep. | B46: COD | C46: GDP growth (annual %) | D46: NY.GDP.MKTP.KD.ZG | F46: -10.851376 | G46: 21.200698 | H46: 5.2139901 | I46: -2.4402236 | J46: 0.99734879 | K46: 6.7754853 | L46: -0.98573866 | M46: 4.3326985 | N46: 9.3288374 | O46: -0.24505658 | P46: 6.0050181 | Q46: 0.15113551 | R46: 8.1372759 | S46: 3.1305859 | T46: -4.981631 | U46: -5.3090021 | V46: 0.7607936 | W46: -5.3452915 | X46: 0.43008826 | Y46: 2.1949129 | Z46: 2.3505241 | AA46: -0.45767761 | AB46: 1.4117037 | AC46: 5.541074 | AD46: 0.46785095 | AE46: 4.7172097 | AF46: 2.6756425 | AG46: 0.47038134 | AH46: -1.2660506 | AI46: -6.5683107 | AJ46: -8.4210515 | AK46: -10.500009 | AL46: -13.469051 | AM46: -3.8999968 | AN46: 0.69999883 | AO46: -1.0231726 | AP46: -5.6170466 | AQ46: -1.624154 | AR46: -4.2701408 | AS46: -6.9109273 | AT46: -2.100173 | AU46: 2.9477652 | AV46: 5.5778223 | AW46: 6.7383739 | AX46: 6.1351512 | AY46: 5.3209796 | AZ46: 6.2594778 | BA46: 6.2258943 | BB46: 2.855064 | BC46: 7.1079766 | BD46: 6.8746709 | BE46: 7.0868989 | BF46: 8.4819566 | BG46: 9.4702881 | BH46: 6.9161878 | BI46: 2.3993791 | BJ46: 3.7008507
A47: Congo, Rep. | B47: COG | C47: GDP growth (annual %) | D47: NY.GDP.MKTP.KD.ZG | F47: 8.3507267 | G47: 5.2023088 | H47: -4.0293004 | I47: 3.8167963 | J47: 3.6764677 | K47: 1.3589825 | L47: 2.1162721 | M47: 7.6313262 | N47: 7.5485252 | O47: 6.3584702 | P47: 7.7530359 | Q47: 8.6175508 | R47: 8.2311889 | S47: 7.8855208 | T47: 7.7315968 | U47: 0.91628675 | V47: -8.953428 | W47: 6.359747 | X47: 9.8132247 | Y47: 17.636605 | Z47: 17.619722 | AA47: 23.5977 | AB47: 5.8539628 | AC47: 6.9761311 | AD47: -1.1856609 | AE47: -6.8615264 | AF47: 0.18937664 | AG47: 1.7662634 | AH47: 2.5998765 | AI47: 1.0000036 | AJ47: 2.3953675 | AK47: 2.6119481 | AL47: -0.97968321 | AM47: -5.4930757 | AN47: 3.9853244 | AO47: 4.2904816 | AP47: -0.62481215 | AQ47: 3.7375528 | AR47: -2.5821994 | AS47: 7.5759804 | AT47: 3.8026019 | AU47: 4.5818701 | AV47: 0.81326407 | AW47: 3.4766316 | AX47: 7.755759 | AY47: 6.235997 | AZ47: -1.5822228 | BA47: 5.5722332 | BB47: 7.4689425 | BC47: 8.7516015 | BD47: 3.4206657 | BE47: 3.7999713 | BF47: 3.4407052 | BG47: 6.7799162 | BH47: 2.6464859 | BI47: -2.8000188 | BJ47: -4.5890836
A48: Colombia | B48: COL | C48: GDP growth (annual %) | D48: NY.GDP.MKTP.KD.ZG | F48: 5.2653724 | G48: 5.4665003 | H48: 2.9041147 | I48: 6.6023416 | J48: 3.0124872 | K48: 5.3223681 | L48: 4.1906354 | M48: 6.4274443 | N48: 6.5209351 | O48: 6.9565151 | P48: 5.9512231 | Q48: 7.6734147 | R48: 6.7274818 | S48: 5.7425221 | T48: 2.2480471 | U48: 4.8171873 | V48: 4.1480134 | W48: 8.46345 | X48: 5.3828534 | Y48: 4.0981992 | Z48: 2.2632168 | AA48: 0.94848032 | AB48: 1.5843763 | AC48: 3.355101 | AD48: 3.0882647 | AE48: 5.8382924 | AF48: 5.3715068 | AG48: 4.059821 | AH48: 3.4174267 | AI48: 6.0420385 | AJ48: 2.2772315 | AK48: 5.0326775 | AL48: 2.3656506 | AM48: 5.8358115 | AN48: 5.2024376 | AO48: 2.0558547 | AP48: 3.4302937 | AQ48: 0.56978409 | AR48: -4.2040152 | AS48: 4.419993 | AT48: 1.6778983 | AU48: 2.5039805 | AV48: 3.9182719 | AW48: 5.3330221 | AX48: 4.7065559 | AY48: 6.6975153 | AZ48: 6.9006277 | BA48: 3.5468049 | BB48: 1.6515492 | BC48: 3.9718007 | BD48: 6.5895115 | BE48: 4.0439438 | BF48: 4.8740656 | BG48: 4.3936083 | BH48: 3.0520166 | BI48: 2.0430597 | BJ48: 1.7680718 | BK48: 2.7
A49: Comoros | B49: COM | C49: GDP growth (annual %) | D49: NY.GDP.MKTP.KD.ZG | Z49: 3.8649211 | AA49: 6.3836234 | AB49: 4.8210279 | AC49: 4.1102643 | AD49: 2.2803719 | AE49: 1.8672118 | AF49: 1.6379911 | AG49: 2.6875188 | AH49: -3.1806754 | AI49: 5.0913927 | AJ49: -5.3955989 | AK49: 8.5309234 | AL49: 3.0059375 | AM49: -5.276682 | AN49: 3.6101295 | AO49: -1.2916684 | AP49: 4.0303407 | AQ49: 1.2826625 | AR49: 1.9241237 | AS49: 10.848075 | AT49: 2.3329365 | AU49: 2.3247793 | AV49: 2.104102 | AW49: 1.9196024 | AX49: 2.8374078 | AY49: 2.6468999 | AZ49: 0.8001528 | BA49: 0.40026686 | BB49: 1.95 | BC49: 2.2 | BD49: 2.6000001 | BE49: 3 | BF49: 3.5 | BG49: 2.0616395 | BH49: 1.0151185 | BI49: 2.2 | BJ49: 2.5
A50: Cabo Verde | B50: CPV | C50: GDP growth (annual %) | D50: NY.GDP.MKTP.KD.ZG | Z50: 8.4515624 | AA50: 2.8250301 | AB50: 9.5207498 | AC50: 3.7832707 | AD50: 8.6420866 | AE50: 2.8714554 | AF50: 4.3090637 | AG50: 5.9968549 | AH50: 5.6979494 | AI50: 0.69217187 | AJ50: 1.4041469 | AK50: 10.937647 | AL50: 8.7083114 | AM50: 19.182642 | AN50: 14.211636 | AO50: 11.346525 | AP50: 11.118426 | AQ50: 12.517286 | AR50: 11.222649 | AS50: 14.284869 | AT50: 2.2316545 | AU50: 5.2508912 | AV50: 4.1762593 | AW50: 10.197073 | AX50: 6.912458 | AY50: 7.9837504 | AZ50: 15.170688 | BA50: 6.6505205 | BB50: -1.270426 | BC50: 1.4667901 | BD50: 3.9688863 | BE50: 1.0819183 | BF50: 0.8027976 | BG50: 0.61121267 | BH50: 1.0068637 | BI50: 3.8174704 | BJ50: 3.8913352
A51: Costa Rica | B51: CRI | C51: GDP growth (annual %) | D51: NY.GDP.MKTP.KD.ZG | F51: -0.95594044 | G51: 8.14832 | H51: 4.7847116 | I51: 4.1490521 | J51: 9.8296173 | K51: 7.8707081 | L51: 5.6501259 | M51: 8.3850177 | N51: 5.5777298 | O51: 7.5031344 | P51: 6.7785054 | Q51: 8.1780451 | R51: 7.7089158 | S51: 5.5449 | T51: 2.100071 | U51: 5.5175644 | V51: 8.9044744 | W51: 6.2676868 | X51: 4.939124 | Y51: 0.75189541 | Z51: -2.2616555 | AA51: -7.2855689 | AB51: 2.8629927 | AC51: 6.2017036 | AD51: 1.0414123 | AE51: 5.7849495 | AF51: 6.8754397 | AG51: 3.819393 | AH51: 5.0656729 | AI51: 3.9049178 | AJ51: 2.57192 | AK51: 9.1965606 | AL51: 7.0875176 | AM51: 4.4872675 | AN51: 4.1214962 | AO51: 1.2378163 | AP51: 5.5649453 | AQ51: 6.9617001 | AR51: 3.9433539 | AS51: 3.734533 | AT51: 3.4904694 | AU51: 3.2917532 | AV51: 4.2554763 | AW51: 4.3365751 | AX51: 3.8708731 | AY51: 7.2377328 | AZ51: 8.1678964 | BA51: 4.6495982 | BB51: -0.97054831 | BC51: 4.9518638 | BD51: 4.3071017 | BE51: 4.7969199 | BF51: 2.2690274 | BG51: 3.5153386 | BH51: 3.631691 | BI51: 4.1563615 | BJ51: 3.1918037
A52: Caribbean small states | B52: CSS | C52: GDP growth (annual %) | D52: NY.GDP.MKTP.KD.ZG | L52: 3.520367 | M52: 5.8356664 | N52: 5.4291953 | O52: 4.8131633 | P52: 1.8967332 | Q52: 8.4832227 | R52: -0.54790825 | S52: -3.2885691 | T52: -1.5602008 | U52: 0.34043023 | V52: 4.3100878 | W52: 6.2290259 | X52: 4.464322 | Y52: -0.3775745 | Z52: 0.5213857 | AA52: 1.5798336 | AB52: -2.576771 | AC52: 0.56145331 | AD52: -0.47586745 | AE52: 0.85612883 | AF52: 1.1629464 | AG52: 2.1179829 | AH52: 4.6144178 | AI52: 1.262896 | AJ52: 1.2772072 | AK52: -0.45382121 | AL52: 2.7628376 | AM52: 2.8515571 | AN52: 3.1026694 | AO52: 3.3774333 | AP52: 3.0536431 | AQ52: 2.9624983 | AR52: 4.14053 | AS52: 3.4945311 | AT52: 2.0565965 | AU52: 3.7572582 | AV52: 5.7505885 | AW52: 4.0744234 | AX52: 3.7081844 | AY52: 6.6722113 | AZ52: 3.159903 | BA52: 1.2966285 | BB52: -3.4991647 | BC52: 1.4136142 | BD52: 1.0500315 | BE52: 1.3587679 | BF52: 0.98544179 | BG52: 0.5843024 | BH52: 1.2099589 | BI52: -1.8896663 | BJ52: 0.029012751
A53: Cuba | B53: CUB | C53: GDP growth (annual %) | D53: NY.GDP.MKTP.KD.ZG | P53: 8.583859 | Q53: 4.8266858 | R53: 3.4344885 | S53: 0.98449182 | T53: 9.4764261 | U53: 5.4279605 | V53: 8.7095029 | W53: 6.5959986 | X53: 1.0881833 | Y53: -4.849443 | Z53: 19.688334 | AA53: 8.918235 | AB53: 5.4114707 | AC53: 7.9297165 | AD53: 1.5966746 | AE53: 0.095303386 | AF53: -2.4021725 | AG53: 3.7055399 | AH53: 0.68008323 | AI53: -2.9485649 | AJ53: -10.692697 | AK53: -11.580603 | AL53: -14.878181 | AM53: 0.71693004 | AN53: 2.4572011 | AO53: 7.83875 | AP53: 2.7834251 | AQ53: 0.15914605 | AR53: 6.1887553 | AS53: 5.91476 | AT53: 3.1850299 | AU53: 1.4248213 | AV53: 3.7927402 | AW53: 5.7705381 | AX53: 11.201657 | AY53: 12.065863 | AZ53: 7.262137 | BA53: 4.116828 | BB53: 1.4513054 | BC53: 2.3903523 | BD53: 2.8023008 | BE53: 3.0149003 | BF53: 2.7476026 | BG53: 1.0475766 | BH53: 4.4383336
A54: Curacao | B54: CUW | C54: GDP growth (annual %) | D54: NY.GDP.MKTP.KD.ZG
A55: Cayman Islands | B55: CYM | C55: GDP growth (annual %) | D55: NY.GDP.MKTP.KD.ZG | AM55: 5.3052028
A56: Cyprus | B56: CYP | C56: GDP growth (annual %) | D56: NY.GDP.MKTP.KD.ZG | U56: 20.266292 | V56: 16.362001 | W56: 7.7774034 | X56: 9.9055694 | Y56: 5.7532447 | Z56: 2.5169984 | AA56: 6.021709 | AB56: 5.5821817 | AC56: 8.7578944 | AD56: 4.8825408 | AE56: 3.7039503 | AF56: 7.0652508 | AG56: 8.6467778 | AH56: 7.9474255 | AI56: 7.4039995 | AJ56: 0.73950145 | AK56: 9.3999988 | AL56: 0.70000029 | AM56: 5.8999988 | AN56: 8.4681885 | AO56: 1.3330134 | AP56: 2.5656082 | AQ56: 5.2355537 | AR56: 4.8285484 | AS56: 5.7244017 | AT56: 3.600665 | AU56: 3.3991044 | AV56: 2.4758695 | AW56: 4.5703035 | AX56: 3.7243177 | AY56: 4.5101833 | AZ56: 4.8207105 | BA56: 3.8639661 | BB56: -1.7724508 | BC56: 1.3177778 | BD56: 0.321196 | BE56: -3.058274 | BF56: -5.9339584 | BG56: -1.4037678 | BH56: 1.9790636 | BI56: 3.3967877 | BJ56: 3.8797548
A57: Czech Republic | B57: CZE | C57: GDP growth (annual %) | D57: NY.GDP.MKTP.KD.ZG | AJ57: -11.614942 | AK57: -0.50654235 | AL57: 0.061904249 | AM57: 2.9093095 | AN57: 6.221406 | AO57: 4.2228146 | AP57: -0.59465909 | AQ57: -0.32871552 | AR57: 1.4328395 | AS57: 4.2667414 | AT57: 2.9087649 | AU57: 1.6524941 | AV57: 3.6029895 | AW57: 4.9065638 | AX57: 6.5334688 | AY57: 6.8535223 | AZ57: 5.6026437 | BA57: 2.6822827 | BB57: -4.8025721 | BC57: 2.2734201 | BD57: 1.7778332 | BE57: -0.79984428 | BF57: -0.48367104 | BG57: 2.7151161 | BH57: 5.3092385 | BI57: 2.593326 | BJ57: 4.2890789
A58: Germany | B58: DEU | C58: GDP growth (annual %) | D58: NY.GDP.MKTP.KD.ZG | P58: 3.1326998 | Q58: 4.3003413 | R58: 4.7774869 | S58: 0.8900687 | T58: -0.8667389 | U58: 4.9492584 | V58: 3.3472181 | W58: 3.0084929 | X58: 4.1503633 | Y58: 1.4088287 | Z58: 0.52924054 | AA58: -0.39484075 | AB58: 1.5724101 | AC58: 2.8229478 | AD58: 2.3279352 | AE58: 2.2873393 | AF58: 1.4021516 | AG58: 3.7072357 | AH58: 3.8965517 | AI58: 5.2550061 | AJ58: 5.1082615 | AK58: 1.923807 | AL58: -0.95616531 | AM58: 2.4573718 | AN58: 1.7376406 | AO58: 0.81789762 | AP58: 1.8492007 | AQ58: 1.9796184 | AR58: 1.9871349 | AS58: 2.9620454 | AT58: 1.6954715 | AU58: 0 | AV58: -0.70990617 | AW58: 1.1699704 | AX58: 0.70671395 | AY58: 3.7001596 | AZ58: 3.2605353 | BA58: 1.0823154 | BB58: -5.6188604 | BC58: 4.0799333 | BD58: 3.6600002 | BE58: 0.49199283 | BF58: 0.48958448 | BG58: 1.9296904 | BH58: 1.7432054 | BI58: 1.9436254 | BJ58: 2.2228248
A59: Djibouti | B59: DJI | C59: GDP growth (annual %) | D59: NY.GDP.MKTP.KD.ZG | BG59: 8.9205846 | BH59: 9.6837981 | BI59: 8.7222601 | BJ59: 4.0902636
A60: Dominica | B60: DMA | C60: GDP growth (annual %) | D60: NY.GDP.MKTP.KD.ZG | W60: 11.772498 | X60: -18.444154 | Y60: 14.260685 | Z60: 12.084369 | AA60: 4.1344221 | AB60: 2.6916957 | AC60: 5.4263937 | AD60: 1.2845606 | AE60: 7.0777373 | AF60: 7.5186922 | AG60: 8.5590173 | AH60: -0.2431661 | AI60: 5.2548983 | AJ60: 0.6079309 | AK60: 2.0473569 | AL60: 1.680944 | AM60: 1.4313253 | AN60: 1.9747191 | AO60: 2.641783 | AP60: 1.4908179 | AQ60: 4.9780872 | AR60: 0.6832948 | AS60: 0.37531095 | AT60: 0.47310303 | AU60: -1.7531603 | AV60: 7.687213 | AW60: 3.2501442 | AX60: -0.088242377 | AY60: 2.9296875 | AZ60: 6.3210057 | BA60: 7.1207419 | BB60: -1.1697572 | BC60: 0.67254276 | BD60: -0.23101133 | BE60: -1.0735081 | BF60: -0.60763179 | BG60: 4.4276875 | BH60: -2.5437347 | BI60: 2.6384506 | BJ60: -4.2135294
A61: Denmark | B61: DNK | C61: GDP growth (annual %) | D61: NY.GDP.MKTP.KD.ZG | F61: 6.3788325 | G61: 5.6668222 | H61: 0.63702123 | I61: 9.2699382 | J61: 4.5552548 | K61: 2.7409101 | L61: 3.4216051 | M61: 3.9749477 | N61: 6.322485 | O61: 2.7352181 | P61: 3.005033 | Q61: 3.9293438 | R61: 4.0929252 | S61: -1.1224117 | T61: -1.4565417 | U61: 5.9245746 | V61: 1.8702886 | W61: 2.2263086 | X61: 3.8690564 | Y61: -0.48299225 | Z61: -0.66613302 | AA61: 3.6846508 | AB61: 2.5960612 | AC61: 4.1661513 | AD61: 4.0036856 | AE61: 4.9042527 | AF61: 0.25422611 | AG61: -0.013630002 | AH61: 0.64521498 | AI61: 1.4752447 | AJ61: 1.393656 | AK61: 1.9570116 | AL61: 0.010659428 | AM61: 5.3324486 | AN61: 3.0276341 | AO61: 2.9000683 | AP61: 3.2608798 | AQ61: 2.2181619 | AR61: 2.9480071 | AS61: 3.7469002 | AT61: 0.8231493 | AU61: 0.46634493 | AV61: 0.39007387 | AW61: 2.6681935 | AX61: 2.3366645 | AY61: 3.9129802 | AZ61: 0.909253 | BA61: -0.51202522 | BB61: -4.9065256 | BC61: 1.8709926 | BD61: 1.3367747 | BE61: 0.22646848 | BF61: 0.93334928 | BG61: 1.619375 | BH61: 1.606609 | BI61: 1.9640771 | BJ61: 2.2401389
A62: Dominican Republic | B62: DOM | C62: GDP growth (annual %) | D62: NY.GDP.MKTP.KD.ZG | F62: -2.3132487 | G62: 17.047241 | H62: 6.5029026 | I62: 6.7648651 | J62: -12.481834 | K62: 13.463345 | L62: 3.3275423 | M62: 0.23886048 | N62: 10.891446 | O62: 18.226683 | P62: 10.871466 | Q62: 10.394164 | R62: 12.895764 | S62: 6.0019029 | T62: 5.1932534 | U62: 6.7281226 | V62: 4.9817839 | W62: 2.1406847 | X62: 4.5313992 | Y62: 7.9687385 | Z62: 4.2798675 | AA62: 1.6987086 | AB62: 4.6279463 | AC62: 1.252896 | AD62: -2.122535 | AE62: 3.5219932 | AF62: 10.117367 | AG62: 2.1559633 | AH62: 4.4005388 | AI62: -5.4543124 | AJ62: 0.94413889 | AK62: 11.220933 | AL62: 7.364513 | AM62: 2.6003543 | AN62: 5.6854307 | AO62: 5.9778251 | AP62: 8.8852691 | AQ62: 6.7144777 | AR62: 5.9400491 | AS62: 4.6617623 | AT62: 2.4595164 | AU62: 4.4951034 | AV62: -1.3457062 | AW62: 2.5701343 | AX62: 9.4282369 | AY62: 9.1743554 | AZ62: 7.4159517 | BA62: 3.2095043 | BB62: 0.94615517 | BC62: 8.3396511 | BD62: 3.133423 | BE62: 2.7173679 | BF62: 4.8752051 | BG62: 7.6360318 | BH62: 7.0333711 | BI62: 6.6122082 | BJ62: 4.5518151 | BK62: 5.5
A63: Algeria | B63: DZA | C63: GDP growth (annual %) | D63: NY.GDP.MKTP.KD.ZG | F63: -13.605441 | G63: -19.685042 | H63: 34.313729 | I63: 5.839413 | J63: 6.2068982 | K63: -4.8049709 | L63: 9.4529626 | M63: 10.796239 | N63: 8.4332803 | O63: 8.8626571 | P63: -11.331719 | Q63: 27.423969 | R63: 3.8131763 | S63: 7.4949177 | T63: 5.0453416 | U63: 8.3867565 | V63: 5.258586 | W63: 9.2148357 | X63: 7.4778266 | Y63: 0.79060697 | Z63: 2.9999961 | AA63: 6.4000041 | AB63: 5.400003 | AC63: 5.5999965 | AD63: 3.6999973 | AE63: 0.400001 | AF63: -0.69999753 | AG63: -1.0000055 | AH63: 4.4000022 | AI63: 0.80000058 | AJ63: -1.2000006 | AK63: 1.8000023 | AL63: -2.1000008 | AM63: -0.89999655 | AN63: 3.7999948 | AO63: 4.0999985 | AP63: 1.0999999 | AQ63: 5.1000036 | AR63: 3.2000016 | AS63: 3.8196785 | AT63: 3.0083955 | AU63: 5.6093232 | AV63: 7.2018722 | AW63: 4.3016243 | AX63: 5.9077913 | AY63: 1.6844883 | AZ63: 3.3728752 | BA63: 2.3601349 | BB63: 1.6322438 | BC63: 3.6341454 | BD63: 2.891866 | BE63: 3.3747687 | BF63: 2.7676389 | BG63: 3.7891212 | BH63: 3.763467 | BI63: 3.3 | BJ63: 1.7
A64: East Asia & Pacific (excluding high income) | B64: EAP | C64: GDP growth (annual %) | D64: NY.GDP.MKTP.KD.ZG | F64: -11.224692 | G64: -0.12822862 | H64: 5.7573966 | I64: 9.8699185 | J64: 9.8755937 | K64: 7.5705491 | L64: -0.93358608 | M64: 2.671442 | N64: 10.733884 | O64: 12.731679 | P64: 6.7823394 | Q64: 5.1104048 | R64: 8.3215953 | S64: 4.2982396 | T64: 6.4520871 | U64: 3.405618 | V64: 7.7564614 | W64: 9.1267812 | X64: 7.1378131 | Y64: 7.6205523 | Z64: 5.8138433 | AA64: 6.027003 | AB64: 7.3488993 | AC64: 9.4385924 | AD64: 7.2145932 | AE64: 6.9286504 | AF64: 8.7920528 | AG64: 9.534608 | AH64: 5.9287217 | AI64: 5.4060768 | AJ64: 7.9392518 | AK64: 10.764017 | AL64: 10.891177 | AM64: 10.650475 | AN64: 9.728392 | AO64: 8.9415389 | AP64: 7.0318668 | AQ64: 1.7552807 | AR64: 6.1128237 | AS64: 7.5061416 | AT64: 6.7089067 | AU64: 7.8567076 | AV64: 8.7244215 | AW64: 8.9373141 | AX64: 9.7177523 | AY64: 10.776093 | AZ64: 12.163608 | BA64: 8.434677 | BB64: 7.697299 | BC64: 9.7780518 | BD64: 8.4593363 | BE64: 7.5070551 | BF64: 7.1932136 | BG64: 6.7616503 | BH64: 6.4928736 | BI64: 6.3326135 | BJ64: 6.5831773
A65: Early-demographic dividend | B65: EAR | C65: GDP growth (annual %) | D65: NY.GDP.MKTP.KD.ZG | F65: 4.3548995 | G65: 4.2956563 | H65: 5.3501942 | I65: 8.2828926 | J65: 5.4985006 | K65: 4.0196091 | L65: 5.4366012 | M65: 7.1475548 | N65: 6.2991822 | O65: 8.768677 | P65: 5.8463568 | Q65: 7.0375151 | R65: 7.5705307 | S65: 6.4862408 | T65: 2.181379 | U65: 7.5645643 | V65: 3.785377 | W65: 0.89900938 | X65: 3.4414886 | Y65: 1.9729077 | Z65: 3.6087701 | AA65: -0.21990845 | AB65: -0.038293761 | AC65: 2.0393032 | AD65: 0.86426803 | AE65: 2.9535983 | AF65: 2.955335 | AG65: 3.5578673 | AH65: 1.8378863 | AI65: 5.8990358 | AJ65: 5.1674412 | AK65: 4.3923684 | AL65: 3.5055281 | AM65: 2.9361486 | AN65: 2.7200547 | AO65: 5.5138146 | AP65: 4.7454873 | AQ65: 1.9015794 | AR65: 1.5022837 | AS65: 4.4725531 | AT65: 0.94574116 | AU65: 1.5781135 | AV65: 4.7516035 | AW65: 6.7114729 | AX65: 6.3236834 | AY65: 6.3195073 | AZ65: 6.2082243 | BA65: 3.585135 | BB65: 0.70436667 | BC65: 6.4646322 | BD65: 5.2319322 | BE65: 4.2339655 | BF65: 4.3056628 | BG65: 4.0152773 | BH65: 4.6593438 | BI65: 4.5309292 | BJ65: 4.6104776
A66: East Asia & Pacific | B66: EAS | C66: GDP growth (annual %) | D66: NY.GDP.MKTP.KD.ZG | F66: 5.8908281 | G66: 6.255394 | H66: 7.8388918 | I66: 10.620449 | J66: 6.6014293 | K66: 8.992394 | L66: 8.5545874 | M66: 10.418317 | N66: 11.625839 | O66: 3.1393149 | P66: 5.138165 | Q66: 7.4518995 | R66: 7.7203787 | S66: 0.58469808 | T66: 3.4103687 | U66: 4.2021371 | V66: 5.0508924 | W66: 5.6362534 | X66: 5.8187834 | Y66: 3.5851722 | Z66: 4.570126 | AA66: 3.9232534 | AB66: 4.0891021 | AC66: 5.7595925 | AD66: 5.5027808 | AE66: 4.5544384 | AF66: 5.7951052 | AG66: 7.4568779 | AH66: 5.1066975 | AI66: 5.1041872 | AJ66: 4.4448561 | AK66: 3.4277117 | AL66: 3.1553881 | AM66: 4.313527 | AN66: 5.1097305 | AO66: 5.0873743 | AP66: 3.4697007 | AQ66: -0.095792769 | AR66: 2.9916697 | AS66: 4.8825707 | AT66: 2.6765938 | AU66: 3.6067611 | AV66: 4.2550654 | AW66: 5.1420359 | AX66: 5.0499448 | AY66: 5.5401116 | AZ66: 6.4625934 | BA66: 3.5205214 | BB66: 1.3919984 | BC66: 7.0653661 | BD66: 4.6169718 | BE66: 4.6822024 | BF66: 4.7496319 | BG66: 4.127669 | BH66: 4.1645727 | BI66: 4.1055635 | BJ66: 4.5524519
A67: Europe & Central Asia (excluding high income) | B67: ECA | C67: GDP growth (annual %) | D67: NY.GDP.MKTP.KD.ZG | AI67: -1.4070434 | AJ67: -5.235873 | AK67: -10.429015 | AL67: -5.4847364 | AM67: -10.452953 | AN67: -1.219325 | AO67: 0.049565179 | AP67: 2.6902285 | AQ67: -1.7277607 | AR67: 2.1089555 | AS67: 8.0105788 | AT67: 2.622614 | AU67: 5.4761184 | AV67: 6.8298391 | AW67: 8.2764778 | AX67: 7.1314753 | AY67: 8.1322607 | AZ67: 7.6925189 | BA67: 4.362759 | BB67: -5.9946033 | BC67: 5.1667885 | BD67: 6.556371 | BE67: 3.6380762 | BF67: 4.0225623 | BG67: 2.2121431 | BH67: 0.56640577 | BI67: 1.5051024 | BJ67: 3.9895588
A68: Europe & Central Asia | B68: ECS | C68: GDP growth (annual %) | D68: NY.GDP.MKTP.KD.ZG | P68: 3.7211022 | Q68: 4.7869515 | R68: 6.0090366 | S68: 2.3407183 | T68: -0.47153681 | U68: 4.7682986 | V68: 2.8601297 | W68: 3.1985963 | X68: 3.7304703 | Y68: 1.4424365 | Z68: 0.51119473 | AA68: 0.94918556 | AB68: 1.9206839 | AC68: 2.6626882 | AD68: 2.7665652 | AE68: 2.7668794 | AF68: 3.0392314 | AG68: 4.1868046 | AH68: 3.5587973 | AI68: 2.3224639 | AJ68: 0.44061697 | AK68: -0.60459708 | AL68: -0.83855999 | AM68: 1.0770028 | AN68: 2.1578166 | AO68: 1.7716033 | AP68: 2.9745409 | AQ68: 2.4789742 | AR68: 2.9055748 | AS68: 4.3006243 | AT68: 2.2012269 | AU68: 1.745457 | AV68: 1.8715619 | AW68: 3.2478951 | AX68: 2.7586205 | AY68: 3.9349562 | AZ68: 3.702043 | BA68: 1.005898 | BB68: -4.4680397 | BC68: 2.5778696 | BD68: 2.4046979 | BE68: 0.29166762 | BF68: 0.89229696 | BG68: 1.8338023 | BH68: 1.968127 | BI68: 1.8227281 | BJ68: 2.5949497
A69: Ecuador | B69: ECU | C69: GDP growth (annual %) | D69: NY.GDP.MKTP.KD.ZG | F69: 1.5430787 | G69: 4.558884 | H69: 3.8756584 | I69: 7.8118896 | J69: 4.7179732 | K69: -0.33952564 | L69: 4.6210739 | M69: 1.9094384 | N69: 4.669238 | O69: 6.8719293 | P69: 6.2926062 | Q69: 5.0176407 | R69: 13.950682 | S69: 11.20851 | T69: 10.972154 | U69: 7.3971876 | V69: 1.6048421 | W69: 5.7068249 | X69: 3.7340484 | Y69: 3.708683 | Z69: 5.6128641 | AA69: 0.61484535 | AB69: -0.33686877 | AC69: 2.6252733 | AD69: 3.9350014 | AE69: 3.4647825 | AF69: -0.25909871 | AG69: 5.8904673 | AH69: 1.0057779 | AI69: 3.6799141 | AJ69: 4.2913424 | AK69: 2.1143107 | AL69: 1.9732181 | AM69: 4.2582505 | AN69: 2.2525488 | AO69: 1.7317475 | AP69: 4.3278648 | AQ69: 3.2665294 | AR69: -4.7393858 | AS69: 1.0918016 | AT69: 4.0156299 | AU69: 4.0967767 | AV69: 2.7228773 | AW69: 8.2110209 | AX69: 5.2913083 | AY69: 4.4035264 | AZ69: 2.190064 | BA69: 6.3571306 | BB69: 0.56649159 | BC69: 3.5252987 | BD69: 7.8681409 | BE69: 5.6419621 | BF69: 4.9465113 | BG69: 3.7888685 | BH69: 0.098872608 | BI69: -1.5763792 | BJ69: 2.9981529
A70: Egypt, Arab Rep. | B70: EGY | C70: GDP growth (annual %) | D70: NY.GDP.MKTP.KD.ZG | F70: 4.4003856 | G70: 6.8566236 | H70: 9.0555521 | I70: 8.1422737 | J70: 5.140856 | K70: 1.0566803 | L70: 0.62594757 | M70: 2.7214138 | N70: 6.8125083 | O70: 5.598515 | P70: 3.4409412 | Q70: 2.0288975 | R70: 0.70523544 | S70: 2.4855036 | T70: 8.9391472 | U70: 14.627279 | V70: 12.836938 | W70: 5.7797215 | X70: 6.0388471 | Y70: 10.011329 | Z70: 3.7561001 | AA70: 9.9071711 | AB70: 7.4011357 | AC70: 6.0915179 | AD70: 6.6020357 | AE70: 2.6465858 | AF70: 2.5194112 | AG70: 5.3007336 | AH70: 4.9723751 | AI70: 5.7017493 | AJ70: 1.0788373 | AK70: 4.4319942 | AL70: 2.9007866 | AM70: 3.9731723 | AN70: 4.6424667 | AO70: 4.9887305 | AP70: 5.4911238 | AQ70: 4.0363734 | AR70: 6.1054633 | AS70: 5.3679977 | AT70: 3.535252 | AU70: 2.3704601 | AV70: 3.1922847 | AW70: 4.0899404 | AX70: 4.4789602 | AY70: 6.8539078 | AZ70: 7.090271 | BA70: 7.1576168 | BB70: 4.6738449 | BC70: 5.1451064 | BD70: 1.779594 | BE70: 2.2156088 | BF70: 2.1854661 | BG70: 2.9159119 | BH70: 4.3720191 | BI70: 4.3466435 | BJ70: 4.181221
A71: Euro area | B71: EMU | C71: GDP growth (annual %) | D71: NY.GDP.MKTP.KD.ZG | F71: 6.6791799 | G71: 6.3899212 | H71: 5.7676264 | I71: 5.487727 | J71: 4.9640821 | K71: 5.2644079 | L71: 5.2622236 | M71: 5.5421872 | N71: 6.9536355 | O71: 5.5712696 | P71: 3.8060649 | Q71: 4.9235282 | R71: 6.1702532 | S71: 3.2170732 | T71: -0.758385 | U71: 5.0199874 | V71: 3.0789891 | W71: 3.1309943 | X71: 3.8470067 | Y71: 2.158273 | Z71: 0.51640465 | AA71: 0.72055263 | AB71: 1.3852724 | AC71: 2.3688306 | AD71: 2.3086077 | AE71: 2.510615 | AF71: 2.5468078 | AG71: 4.3128921 | AH71: 4.1048243 | AI71: 3.5786294 | AJ71: 2.6570961 | AK71: 1.4131491 | AL71: -0.65903708 | AM71: 2.4712834 | AN71: 2.4727423 | AO71: 1.7199252 | AP71: 2.7121971 | AQ71: 2.9663429 | AR71: 2.9863988 | AS71: 3.8585903 | AT71: 2.159483 | AU71: 1.0217767 | AV71: 0.72083972 | AW71: 2.3244699 | AX71: 1.7028723 | AY71: 3.2367586 | AZ71: 3.0552856 | BA71: 0.44013237 | BB71: -4.5171145 | BC71: 2.0847097 | BD71: 1.6055475 | BE71: -0.89048777 | BF71: -0.24704271 | BG71: 1.3336831 | BH71: 2.0855024 | BI71: 1.8009781 | BJ71: 2.3663397
A72: Eritrea | B72: ERI | C72: GDP growth (annual %) | D72: NY.GDP.MKTP.KD.ZG | AL72: 13.454763 | AM72: 21.221411 | AN72: 2.858379 | AO72: 9.2588384 | AP72: 7.9086849 | AQ72: 1.7725828 | AR72: 0.013480241 | AS72: -3.1419858 | AT72: 8.7554352 | AU72: 3.0054292 | AV72: -2.6555158 | AW72: 1.4517355 | AX72: 2.5744495 | AY72: -0.96921693 | AZ72: 1.4268221 | BA72: -9.78303 | BB72: 3.8765016 | BC72: 2.1941905 | BD72: 8.6797999
A73: Spain | B73: ESP | C73: GDP growth (annual %) | D73: NY.GDP.MKTP.KD.ZG | F73: 11.838674 | G73: 9.9534381 | H73: 9.5964989 | I73: 5.3085102 | J73: 6.2531349 | K73: 7.2460603 | L73: 4.3403384 | M73: 6.5970201 | N73: 8.9070156 | O73: 4.2906394 | P73: 4.6494735 | Q73: 8.1497459 | R73: 7.7884653 | S73: 5.6187858 | T73: 0.54220333 | U73: 3.3037915 | V73: 2.8385743 | W73: 1.4630034 | X73: 0.041546521 | Y73: 2.2087281 | Z73: -0.13246861 | AA73: 1.2464617 | AB73: 1.7701158 | AC73: 1.7846875 | AD73: 2.3214359 | AE73: 3.2533217 | AF73: 5.5471226 | AG73: 5.0943242 | AH73: 4.8270303 | AI73: 3.7813935 | AJ73: 2.5460006 | AK73: 0.92921543 | AL73: -1.0314918 | AM73: 2.3831953 | AN73: 2.757494 | AO73: 2.6747836 | AP73: 3.689614 | AQ73: 4.3059784 | AR73: 4.4847744 | AS73: 5.2890996 | AT73: 4.0010738 | AU73: 2.8798761 | AV73: 3.1875715 | AW73: 3.1667465 | AX73: 3.7230018 | AY73: 4.1741232 | AZ73: 3.7689924 | BA73: 1.1176869 | BB73: -3.5737514 | BC73: 0.014063878 | BD73: -0.99876496 | BE73: -2.9277505 | BF73: -1.705705 | BG73: 1.3799972 | BH73: 3.4322533 | BI73: 3.2744627 | BJ73: 3.0517196
A74: Estonia | B74: EST | C74: GDP growth (annual %) | D74: NY.GDP.MKTP.KD.ZG | AO74: 5.3238449 | AP74: 11.798619 | AQ74: 4.1172578 | AR74: -0.85644828 | AS74: 10.568075 | AT74: 6.3287105 | AU74: 6.0763947 | AV74: 7.4161634 | AW74: 6.2947462 | AX74: 9.3737115 | AY74: 10.271884 | AZ74: 7.7481924 | BA74: -5.4194559 | BB74: -14.724404 | BC74: 2.2590759 | BD74: 7.5973002 | BE74: 4.307259 | BF74: 1.9365434 | BG74: 2.890711 | BH74: 1.6742866 | BI74: 2.0632628 | BJ74: 4.8541368
A75: Ethiopia | B75: ETH | C75: GDP growth (annual %) | D75: NY.GDP.MKTP.KD.ZG | AA75: 0.91601386 | AB75: 8.2350057 | AC75: -2.8480215 | AD75: -11.144353 | AE75: 9.6616124 | AF75: 13.85933 | AG75: 0.50367488 | AH75: -0.36104418 | AI75: 2.7264518 | AJ75: -7.1374797 | AK75: -8.6724801 | AL75: 13.142834 | AM75: 3.1899646 | AN75: 6.1275114 | AO75: 12.426174 | AP75: 3.1339069 | AQ75: -3.4581391 | AR75: 5.1621458 | AS75: 6.0732175 | AT75: 8.3013063 | AU75: 1.5147257 | AV75: -2.1613597 | AW75: 13.572603 | AX75: 11.818766 | AY75: 10.834727 | AZ75: 11.456167 | BA75: 10.788522 | BB75: 8.8025532 | BC75: 12.550538 | BD75: 11.178296 | BE75: 8.6478116 | BF75: 10.58227 | BG75: 10.257493 | BH75: 10.392463 | BI75: 7.5617667 | BJ75: 10.245811
A76: European Union | B76: EUU | C76: GDP growth (annual %) | D76: NY.GDP.MKTP.KD.ZG | F76: 5.5944982 | G76: 5.0345322 | H76: 5.1487496 | I76: 5.5681038 | J76: 4.3944274 | K76: 4.3000826 | L76: 4.4580291 | M76: 5.0651272 | N76: 5.7896191 | O76: 5.7131008 | P76: 3.6401624 | Q76: 4.7159798 | R76: 6.1041952 | S76: 2.2228351 | T76: -0.77738984 | U76: 4.5961374 | V76: 2.8111496 | W76: 3.2256918 | X76: 3.8317177 | Y76: 1.4699232 | Z76: 0.32108881 | AA76: 0.98572729 | AB76: 1.8360501 | AC76: 2.454165 | AD76: 2.6163774 | AE76: 2.6665444 | AF76: 2.9382853 | AG76: 4.4035027 | AH76: 3.7226237 | AI76: 2.9734946 | AJ76: 1.4280011 | AK76: 1.0594583 | AL76: -0.14718954 | AM76: 2.8367442 | AN76: 2.6822186 | AO76: 1.9819363 | AP76: 2.8947825 | AQ76: 2.972624 | AR76: 3.0190199 | AS76: 3.8650649 | AT76: 2.2039579 | AU76: 1.3540916 | AV76: 1.3144175 | AW76: 2.5689041 | AX76: 2.1088862 | AY76: 3.3480459 | AZ76: 3.0793973 | BA76: 0.48384698 | BB76: -4.3487621 | BC76: 2.1006177 | BD76: 1.7060035 | BE76: -0.42474445 | BF76: 0.25802432 | BG76: 1.7432213 | BH76: 2.316113 | BI76: 1.9570706 | BJ76: 2.4350835
A77: Fragile and conflict affected situations | B77: FCS | C77: GDP growth (annual %) | D77: NY.GDP.MKTP.KD.ZG | AF77: 4.7253703 | AG77: 0.94314835 | AH77: -2.9985925 | AI77: 14.869023 | AJ77: -18.62575 | AK77: 5.6121457 | AL77: 6.5556271 | AM77: 3.6285246 | AN77: 3.5599891 | AO77: 6.9557525 | AP77: 7.6259116 | AQ77: 11.942487 | AR77: 7.1251527 | AS77: 1.85597 | AT77: 2.8562599 | AU77: -0.42809919 | AV77: -4.6780543 | AW77: 14.042781 | AX77: 6.7349008 | AY77: 6.7704923 | AZ77: 5.4011468 | BA77: 5.3911885 | BB77: 4.7145301 | BC77: 6.1907422 | BD77: -5.4514665 | BE77: 14.079214 | BF77: 3.6404464 | BG77: 1.0847636 | BH77: 2.1888875 | BI77: 4.2982421 | BJ77: 3.4435797
A78: Finland | B78: FIN | C78: GDP growth (annual %) | D78: NY.GDP.MKTP.KD.ZG | F78: 7.6046705 | G78: 2.9819455 | H78: 3.2850996 | I78: 5.2386866 | J78: 5.3028578 | K78: 2.372823 | L78: 2.1688289 | M78: 2.30329 | N78: 9.5932878 | O78: 5.3339078 | P78: 2.3569203 | Q78: 7.7354855 | R78: 6.983828 | S78: 3.2365336 | T78: 1.8048977 | U78: 0.34438297 | V78: 0.2395104 | W78: 2.9197081 | X78: 7.1219264 | Y78: 5.3890474 | Z78: 1.2947745 | AA78: 3.0873542 | AB78: 3.1210573 | AC78: 3.2141281 | AD78: 3.5366932 | AE78: 2.7261381 | AF78: 3.559096 | AG78: 5.2098587 | AH78: 5.0877016 | AI78: 0.67578349 | AJ78: -5.9144259 | AK78: -3.3246294 | AL78: -0.7344933 | AM78: 3.9392609 | AN78: 4.2071307 | AO78: 3.6588331 | AP78: 6.2518078 | AQ78: 5.4285126 | AR78: 4.4441343 | AS78: 5.6348475 | AT78: 2.5807921 | AU78: 1.6803251 | AV78: 1.9939841 | AW78: 3.9260572 | AX78: 2.779955 | AY78: 4.0551974 | AZ78: 5.1848008 | BA78: 0.72066849 | BB78: -8.2690366 | BC78: 2.9923375 | BD78: 2.5708177 | BE78: -1.4261894 | BF78: -0.75803629 | BG78: -0.63172809 | BH78: 0.13508226 | BI78: 2.1353818 | BJ78: 2.6342547
A79: Fiji | B79: FJI | C79: GDP growth (annual %) | D79: NY.GDP.MKTP.KD.ZG | F79: 3.517582 | G79: 3.6061021 | H79: 6.358772 | I79: 4.8772807 | J79: -2.700267 | K79: 0 | L79: 13.351828 | M79: 7.9162216 | N79: 2.5964105 | O79: 12.702711 | P79: 6.8889867 | Q79: 7.4852767 | R79: 11.612869 | S79: 2.6011499 | T79: 0.53021119 | U79: 2.7361632 | V79: 5.9040118 | W79: 1.8634015 | X79: 12.22482 | Y79: -1.6034569 | Z79: 6.3299905 | AA79: -5.9784862 | AB79: -3.960123 | AC79: 8.3930245 | AD79: -4.6134749 | AE79: 7.749908 | AF79: -6.61502 | AG79: 0.95575487 | AH79: 7.4386324 | AI79: 5.8000027 | AJ79: -2.7000028 | AK79: 6.1000014 | AL79: 2.1300316 | AM79: 5.1000002 | AN79: 2.4999985 | AO79: 4.8000009 | AP79: -2.2000008 | AQ79: 1.300002 | AR79: 8.799998 | AS79: -1.6999985 | AT79: 1.9999995 | AU79: 3.2000005 | AV79: 0.99999847 | AW79: 5.3000003 | AX79: 0.70000038 | AY79: 1.8524831 | AZ79: -0.85065353 | BA79: 1.0327942 | BB79: -1.3860375 | BC79: 2.9546721 | BD79: 2.705143 | BE79: 1.4113137 | BF79: 4.7342204 | BG79: 5.6035145 | BH79: 3.844407 | BI79: 0.38000345 | BJ79: 3.8000001
A80: France | B80: FRA | C80: GDP growth (annual %) | D80: NY.GDP.MKTP.KD.ZG | F80: 5.5062724 | G80: 6.6721746 | H80: 5.3471738 | I80: 6.5183383 | J80: 4.7780352 | K80: 5.2140081 | L80: 4.6881588 | M80: 4.2590247 | N80: 6.9905305 | O80: 5.5582496 | P80: 5.3457116 | Q80: 4.5415789 | R80: 6.3104507 | S80: 4.2913518 | T80: -0.98016227 | U80: 4.3142461 | V80: 3.451369 | W80: 3.9788059 | X80: 3.5591123 | Y80: 1.588189 | Z80: 1.0777446 | AA80: 2.5085313 | AB80: 1.2562965 | AC80: 1.5244694 | AD80: 1.6232446 | AE80: 2.3512423 | AF80: 2.5773221 | AG80: 4.7339543 | AH80: 4.3532311 | AI80: 2.9140097 | AJ80: 1.0391053 | AK80: 1.5996712 | AL80: -0.61265284 | AM80: 2.3453856 | AN80: 2.0850845 | AO80: 1.388004 | AP80: 2.3373334 | AQ80: 3.5562013 | AR80: 3.4070991 | AS80: 3.8751623 | AT80: 1.9544494 | AU80: 1.1184569 | AV80: 0.81953167 | AW80: 2.7864241 | AX80: 1.6077138 | AY80: 2.3749469 | AZ80: 2.3614989 | BA80: 0.19529477 | BB80: -2.9413411 | BC80: 1.9656574 | BD80: 2.0792292 | BE80: 0.18269303 | BF80: 0.57624155 | BG80: 0.94758647 | BH80: 1.0674616 | BI80: 1.1876504 | BJ80: 1.8194002
A81: Faroe Islands | B81: FRO | C81: GDP growth (annual %) | D81: NY.GDP.MKTP.KD.ZG
A82: Micronesia, Fed. Sts. | B82: FSM | C82: GDP growth (annual %) | D82: NY.GDP.MKTP.KD.ZG | AF82: 1.19976 | AG82: 2.5489034 | AH82: 3.5260116 | AI82: 3.7409269 | AJ82: 7.4273412 | AK82: 4.008016 | AL82: 8.1406551 | AM82: -0.53452116 | AN82: 7.0840125 | AO82: -3.1115522 | AP82: -6.0657386 | AQ82: 2.9557225 | AR82: 1.3837507 | AS82: 4.5632095 | AT82: 1.7471933 | AU82: 0.59989953 | AV82: 1.9468287 | AW82: -3.1307594 | AX82: 2.0567521 | AY82: -0.13071591 | AZ82: -1.962406 | BA82: -2.2177243 | BB82: 1.1771927 | BC82: 2.0418902 | BD82: 3.3470672 | BE82: -1.9894793 | BF82: -3.8585251 | BG82: -2.1560589 | BH82: 4.9315006 | BI82: -0.063760472 | BJ82: 2
A83: Gabon | B83: GAB | C83: GDP growth (annual %) | D83: NY.GDP.MKTP.KD.ZG | F83: 14.766843 | G83: 7.4492116 | H83: 6.0924353 | I83: 4.5544536 | J83: 8.3333357 | K83: 4.5080046 | L83: 4.1151529 | M83: 2.5088009 | N83: 8.0829104 | O83: 8.6793422 | P83: 10.258731 | Q83: 11.336971 | R83: 10.182434 | S83: 39.487095 | T83: 19.190115 | U83: 35.625338 | V83: -12.582091 | W83: -24.049206 | X83: 0.47440528 | Y83: 2.5529372 | Z83: 5.0953293 | AA83: -3.0975204 | AB83: 5.6082407 | AC83: 7.5089023 | AD83: -2.3329493 | AE83: -0.80359773 | AF83: -17.146042 | AG83: 12.845353 | AH83: 8.54531 | AI83: 5.1922373 | AJ83: 6.1125035 | AK83: -3.0901457 | AL83: 3.946555 | AM83: 3.7127548 | AN83: 4.9738478 | AO83: 3.625049 | AP83: 5.7383674 | AQ83: 3.4778336 | AR83: -8.9326228 | AS83: -1.8829664 | AT83: 2.1352334 | AU83: -0.24903317 | AV83: 2.24733 | AW83: 0.68954306 | AX83: 2.6762116 | AY83: -2.8065951 | AZ83: 6.0081157 | BA83: -3.3084204 | BB83: 0.13033198 | BC83: 7.0886921 | BD83: 7.0920103 | BE83: 5.2523659 | BF83: 5.6389287 | BG83: 4.3139953 | BH83: 3.8792576 | BI83: 2.0823803 | BJ83: 1.1047193
A84: United Kingdom | B84: GBR | C84: GDP growth (annual %) | D84: NY.GDP.MKTP.KD.ZG | F84: 2.57357 | G84: 1.3279932 | H84: 3.9562412 | I84: 5.0382824 | J84: 2.7889768 | K84: 2.0493112 | L84: 2.3109651 | M84: 3.984738 | N84: 2.0524457 | O84: 6.5962865 | P84: 3.484368 | Q84: 4.3019459 | R84: 6.5087208 | S84: -2.4634102 | T84: -1.4790617 | U84: 2.9100591 | V84: 2.4430938 | W84: 4.2018494 | X84: 3.7414536 | Y84: -2.0277686 | Z84: -0.77098993 | AA84: 2.0105598 | AB84: 4.2219176 | AC84: 2.2762356 | AD84: 4.1953255 | AE84: 3.124279 | AF84: 5.3065594 | AG84: 5.7476269 | AH84: 2.5694045 | AI84: 0.73180051 | AJ84: -1.0865433 | AK84: 0.37397646 | AL84: 2.5269249 | AM84: 3.8800385 | AN84: 2.4697345 | AO84: 2.5386544 | AP84: 4.0382484 | AQ84: 3.1378084 | AR84: 3.2167246 | AS84: 3.664129 | AT84: 2.5441306 | AU84: 2.4578776 | AV84: 3.3259093 | AW84: 2.3644553 | AX84: 3.0960889 | AY84: 2.4559997 | AZ84: 2.3567082 | BA84: -0.47254032 | BB84: -4.1877594 | BC84: 1.6945471 | BD84: 1.452624 | BE84: 1.4813298 | BF84: 2.0523885 | BG84: 3.054251 | BH84: 2.3459395 | BI84: 1.9357909 | BJ84: 1.787151
A85: Georgia | B85: GEO | C85: GDP growth (annual %) | D85: NY.GDP.MKTP.KD.ZG | K85: 7.5356313 | L85: 6.2499995 | M85: 4.4563348 | N85: 4.7781497 | O85: 12.052116 | P85: 2.4709361 | Q85: 2.8368738 | R85: 6.4827615 | S85: 8.8082934 | T85: 7.3809453 | U85: 6.0975642 | V85: 6.8965502 | W85: 7.4291277 | X85: 7.3703461 | Y85: 4.5762663 | Z85: 5.2674237 | AA85: 2.0015385 | AB85: 4.3018868 | AC85: 5.426923 | AD85: 4.9416554 | AE85: -8.1752759 | AF85: 1.2820428 | AG85: 5.5555581 | AH85: -7.1952019 | AI85: -14.788226 | AJ85: -21.100001 | AK85: -44.9 | AL85: -29.300001 | AM85: -10.399993 | AN85: 2.5999952 | AO85: 11.200003 | AP85: 10.519041 | AQ85: 3.1049034 | AR85: 2.8692565 | AS85: 1.8383418 | AT85: 4.8054521 | AU85: 5.4738381 | AV85: 11.058102 | AW85: 5.8573298 | AX85: 9.5996408 | AY85: 9.3832763 | AZ85: 12.344 | BA85: 2.3140474 | BB85: -3.6501013 | BC85: 6.2494182 | BD85: 7.2215232 | BE85: 6.3504827 | BF85: 3.3870438 | BG85: 4.6233317 | BH85: 2.8803185 | BI85: 2.8489734 | BJ85: 4.9860948
A86: Ghana | B86: GHA | C86: GDP growth (annual %) | D86: NY.GDP.MKTP.KD.ZG | F86: 3.429674 | G86: 4.1091586 | H86: 4.4059742 | I86: 2.2093275 | J86: 1.3689989 | K86: -4.2582904 | L86: 3.0753641 | M86: 0.36886033 | N86: 6.006175 | O86: 9.7234726 | P86: 5.2161246 | Q86: -2.4876554 | R86: 2.8845842 | S86: 6.8525168 | T86: -12.431629 | U86: -3.5301828 | V86: 2.2741072 | W86: 8.4759356 | X86: -2.5149414 | Y86: 0.47169594 | Z86: -3.5030669 | AA86: -6.9236504 | AB86: -4.5637375 | AC86: 8.6475695 | AD86: 5.0916173 | AE86: 5.1991607 | AF86: 4.7948989 | AG86: 5.6281688 | AH86: 5.0858727 | AI86: 3.3288179 | AJ86: 5.2818263 | AK86: 3.8794193 | AL86: 4.8500006 | AM86: 3.2999996 | AN86: 4.112419 | AO86: 4.602461 | AP86: 4.1963576 | AQ86: 4.7003908 | AR86: 4.3999969 | AS86: 3.7000001 | AT86: 4 | AU86: 4.4999997 | AV86: 5.2 | AW86: 5.6 | AX86: 5.900004 | AY86: 6.3999124 | AZ86: 4.3468192 | BA86: 9.1497991 | BB86: 4.8444869 | BC86: 7.8997119 | BD86: 14.047124 | BE86: 9.2927894 | BF86: 7.312525 | BG86: 3.9858656 | BH86: 3.8370409 | BI86: 3.7219029 | BJ86: 8.5071562
A87: Gibraltar | B87: GIB | C87: GDP growth (annual %) | D87: NY.GDP.MKTP.KD.ZG
A88: Guinea | B88: GIN | C88: GDP growth (annual %) | D88: NY.GDP.MKTP.KD.ZG | AF88: 3.2999388 | AG88: 6.3081167 | AH88: 4.003476 | AI88: 4.3240628 | AJ88: 2.613423 | AK88: 3.2709473 | AL88: 5.0441445 | AM88: 3.9700991 | AN88: 4.6076732 | AO88: 4.4615751 | AP88: 5.1816035 | AQ88: 3.6441212 | AR88: 3.812004 | AS88: 2.5030606 | AT88: 3.6583465 | AU88: 5.1646095 | AV88: 1.2486013 | AW88: 2.3401173 | AX88: 2.9972726 | AY88: 1.1801404 | AZ88: 6.8274744 | BA88: 4.1366162 | BB88: -1.1176386 | BC88: 4.8207154 | BD88: 5.6121043 | BE88: 5.9169117 | BF88: 3.934784 | BG88: 3.7074516 | BH88: 3.8149499 | BI88: 10.454106 | BJ88: 12.701553
A89: Gambia, The | B89: GMB | C89: GDP growth (annual %) | D89: NY.GDP.MKTP.KD.ZG | L89: 0 | M89: 9.5761435 | N89: 2.4355229 | O89: 6.1538466 | P89: -0.065877033 | Q89: 0.24170478 | R89: 9.2503293 | S89: 5.8787936 | T89: 12.393429 | U89: 7.3512257 | V89: 3.4395761 | W89: 6.3164463 | X89: -1.3281832 | Y89: 6.2700796 | Z89: 3.321894 | AA89: -0.76458264 | AB89: 10.883228 | AC89: 3.5352573 | AD89: -0.81226466 | AE89: 4.0910707 | AF89: 2.4543326 | AG89: 4.4768269 | AH89: 5.8957219 | AI89: 3.5588794 | AJ89: 3.1070393 | AK89: 3.3786889 | AL89: 3.0121011 | AM89: 0.15434625 | AN89: 0.88184818 | AO89: 2.2235456 | AP89: 4.8999991 | AQ89: 3.4999985 | AR89: 6.3999993 | AS89: 5.5000002 | AT89: 5.8000002 | AU89: -3.2500003 | AV89: 6.8699998 | AW89: 7.0499999 | AX89: -0.94167591 | AY89: 1.1240997 | AZ89: 3.6310255 | BA89: 5.7346419 | BB89: 6.4496959 | BC89: 6.5262975 | BD89: -4.2951218 | BE89: 5.5997612 | BF89: 4.788922 | BG89: 0.90000008 | BH89: 4.2999998 | BI89: 2.2163337 | BJ89: 3.5000001
A90: Guinea-Bissau | B90: GNB | C90: GDP growth (annual %) | D90: NY.GDP.MKTP.KD.ZG | P90: -3.9109675 | Q90: 6.3748609 | R90: 1.1098928 | S90: 4.559241 | T90: 7.8455843 | U90: 4.9434553 | V90: -7.17007 | W90: 13.126043 | X90: 1.9941444 | Y90: -15.952651 | Z90: 18.167528 | AA90: 4.2000821 | AB90: -3.3982874 | AC90: 9.109223 | AD90: 4.1664929 | AE90: -0.79384763 | AF90: 2.9 | AG90: 4.6 | AH90: 6.1 | AI90: 6.1 | AJ90: 5.1 | AK90: 1.1 | AL90: 2.1 | AM90: 3.2 | AN90: 4.4 | AO90: 11.6 | AP90: 6.5 | AQ90: -28.09998 | AR90: 1.0255374 | AS90: 5.4269874 | AT90: 2.1889068 | AU90: -0.98517752 | AV90: 0.56851018 | AW90: 2.761402 | AX90: 4.2660989 | AY90: 2.309358 | AZ90: 3.2629555 | BA90: 3.2035673 | BB90: 3.3689749 | BC90: 4.6109709 | BD90: 8.0847797 | BE90: -1.712683 | BF90: 3.2559042 | BG90: 0.96456075 | BH90: 6.1340829 | BI90: 6.2628056 | BJ90: 5.9189757
A91: Equatorial Guinea | B91: GNQ | C91: GDP growth (annual %) | D91: NY.GDP.MKTP.KD.ZG | Z91: 5.7694205 | AA91: 2.2016759 | AB91: 5.0043872 | AC91: 1.0113817 | AD91: 12.905179 | AE91: -2.3305564 | AF91: 4.4367374 | AG91: 2.6552622 | AH91: -1.2291781 | AI91: -1.7585641 | AJ91: -1.0222389 | AK91: 34.74532 | AL91: 11.033213 | AM91: 16.668836 | AN91: 17.486264 | AO91: 66.579997 | AP91: 149.97296 | AQ91: 23.774482 | AR91: 25.664015 | AS91: 18.21378 | AT91: 63.379875 | AU91: 19.462834 | AV91: 13.95525 | AW91: 37.998727 | AX91: 16.748701 | AY91: 7.7049176 | AZ91: 15.282114 | BA91: 17.799109 | BB91: 1.3433563 | BC91: -8.9241759 | BD91: 6.5239236 | BE91: 8.3128718 | BF91: -4.1331925 | BG91: 0.41506184 | BH91: -9.0890588 | BI91: -8.5758821 | BJ91: -3.2202281
A92: Greece | B92: GRC | C92: GDP growth (annual %) | D92: NY.GDP.MKTP.KD.ZG | F92: 11.149537 | G92: 1.5335189 | H92: 10.136055 | I92: 8.2583403 | J92: 9.3926608 | K92: 6.0988465 | L92: 5.4814372 | M92: 6.6641093 | N92: 9.8997302 | O92: 7.9512691 | P92: 7.841177 | Q92: 10.160151 | R92: 8.0923787 | S92: -6.4382406 | T92: 6.3668087 | U92: 6.851898 | V92: 2.9410016 | W92: 7.2468634 | X92: 3.2820802 | Y92: 0.67713106 | Z92: -1.5537212 | AA92: -1.1326475 | AB92: -1.0786224 | AC92: 2.0105804 | AD92: 2.5095566 | AE92: 0.5176601 | AF92: -2.2588635 | AG92: 4.2878617 | AH92: 3.8 | AI92: 0 | AJ92: 3.1 | AK92: 0.70000001 | AL92: -1.6 | AM92: 2 | AN92: 2.0997198 | AO92: 2.8621288 | AP92: 4.4841991 | AQ92: 3.8949048 | AR92: 3.0725967 | AS92: 3.9197708 | AT92: 4.1316121 | AU92: 3.9228718 | AV92: 5.7945313 | AW92: 5.0609926 | AX92: 0.59914206 | AY92: 5.6524337 | AZ92: 3.2737469 | BA92: -0.33517256 | BB92: -4.3007337 | BC92: -5.4790371 | BD92: -9.1324942 | BE92: -7.3004939 | BF92: -3.241425 | BG92: 0.73977712 | BH92: -0.2909023 | BI92: -0.24431474 | BJ92: 1.3513284 | BK92: 2
A93: Grenada | B93: GRD | C93: GDP growth (annual %) | D93: NY.GDP.MKTP.KD.ZG | W93: 5.3414156 | X93: 5.6020781 | Y93: -0.53479094 | Z93: 1.534188 | AA93: 4.1242682 | AB93: 3.6325757 | AC93: 3.5684698 | AD93: 5.9796978 | AE93: 7.1942812 | AF93: 9.0974216 | AG93: 2.9667955 | AH93: 3.7677282 | AI93: 4.0126102 | AJ93: 1.3855474 | AK93: -0.85114876 | AL93: -1.9588156 | AM93: 1.693556 | AN93: 2.1294751 | AO93: 4.4382347 | AP93: 5.0154946 | AQ93: 11.742994 | AR93: 6.9084157 | AS93: 4.8879521 | AT93: -2.0239 | AU93: 3.4373235 | AV93: 9.4639734 | AW93: -0.64745032 | AX93: 13.273064 | AY93: -3.9926801 | AZ93: 6.1229103 | BA93: 0.94905095 | BB93: -6.613909 | BC93: -0.51126645 | BD93: 0.76482534 | BE93: -1.1552952 | BF93: 2.3523009 | BG93: 7.3431456 | BH93: 6.4379655 | BI93: 3.6837891 | BJ93: 3.7303207
A94: Greenland | B94: GRL | C94: GDP growth (annual %) | D94: NY.GDP.MKTP.KD.ZG | P94: 13.060851 | Q94: 6.1772736 | R94: 6.806009 | S94: 5.706254 | T94: 0.64624014 | U94: 5.9592085 | V94: 8.8223153 | W94: 6.0167172 | X94: 4.8605975 | Y94: 8.6760063 | Z94: 0.66527956 | AA94: -4.4196608 | AB94: 3.4572167 | AC94: -5.1796155 | AD94: 3.656388 | AE94: 7.0973227 | AF94: 5.5158721 | AG94: 5.6036107 | AH94: 6.659545 | AI94: -11.719533 | AJ94: -0.1134646 | AK94: -5.1117 | AL94: -5.0279326 | AM94: 5.9243698 | AN94: 3.7286775 | AO94: 1.5296374 | AP94: 1.4689264 | AQ94: 7.7579817 | AR94: 1.3778844 | AS94: 7.1015969 | AT94: 1.2690351 | AU94: -0.97117731 | AV94: 4.4320057 | AW94: 7.0612854 | AX94: 4.8338183 | AY94: 5.5556949 | AZ94: 2.352438 | BA94: 6.1661327 | BB94: 0.86595233 | BC94: 1.7358251 | BD94: -0.49651939 | BE94: 1.3941934 | BF94: -1.6946647 | BG94: 5.312726 | BH94: 0.31010915 | BI94: 7.6629989
A95: Guatemala | B95: GTM | C95: GDP growth (annual %) | D95: NY.GDP.MKTP.KD.ZG | F95: 4.2985183 | G95: 3.5365013 | H95: 9.5410439 | I95: 4.6329924 | J95: 4.3617693 | K95: 5.512104 | L95: 4.1121756 | M95: 8.7660351 | N95: 4.736909 | O95: 5.7078836 | P95: 5.5837545 | Q95: 7.3330516 | R95: 6.7828343 | S95: 6.3750299 | T95: 1.9499908 | U95: 7.3872656 | V95: 7.8092207 | W95: 4.9966898 | X95: 4.7134561 | Y95: 3.7599782 | Z95: 0.64685861 | AA95: -3.530089 | AB95: -2.5720914 | AC95: 0.49669775 | AD95: -0.60933895 | AE95: 0.1430496 | AF95: 3.5439833 | AG95: 3.8923871 | AH95: 3.9425895 | AI95: 3.1025632 | AJ95: 3.6582487 | AK95: 4.8383388 | AL95: 3.927132 | AM95: 4.0337415 | AN95: 4.9485475 | AO95: 2.9577799 | AP95: 4.3640899 | AQ95: 4.9935278 | AR95: 3.8470622 | AS95: 3.6088687 | AT95: 2.3325742 | AU95: 3.8666266 | AV95: 2.5307899 | AW95: 3.1520818 | AX95: 3.260111 | AY95: 5.3797768 | AZ95: 6.3040565 | BA95: 3.2811523 | BB95: 0.52567459 | BC95: 2.8699029 | BD95: 4.1619459 | BE95: 2.9700254 | BF95: 3.6971773 | BG95: 4.1744006 | BH95: 4.1400444 | BI95: 3.092488 | BJ95: 2.7603295
A96: Guam | B96: GUM | C96: GDP growth (annual %) | D96: NY.GDP.MKTP.KD.ZG | AV96: 0.92059839 | AW96: 6.4310148 | AX96: 3.5354618 | AY96: -3.8286424 | AZ96: 0.81773187 | BA96: 1.7289221 | BB96: 0.31472933 | BC96: 2.0916126 | BD96: 0.12292563 | BE96: 2.0257827 | BF96: 1.8451665 | BG96: 1.5557306 | BH96: 0.48477797 | BI96: 0.34735623
A97: Guyana | B97: GUY | C97: GDP growth (annual %) | D97: NY.GDP.MKTP.KD.ZG | F97: 4.6895243 | G97: 1.1049258 | H97: -12.278657 | I97: 11.360282 | J97: 10.541019 | K97: 5.2332739 | L97: 4.3136218 | M97: 1.0248276 | N97: 6.9943867 | O97: 4.2554569 | P97: 3.1128508 | Q97: -3.3176709 | R97: 1.2447194 | S97: 7.7028399 | T97: 8.4830215 | U97: 1.5369133 | V97: -2.6386797 | W97: -1.8061888 | X97: -1.8356963 | Y97: 1.7338897 | Z97: 1.4961659 | AA97: -13.190134 | AB97: -6.7923867 | AC97: -5.0287379 | AD97: 2.3996675 | AE97: -0.90060224 | AF97: 0.89939659 | AG97: -3.6935331 | AH97: -4.9444131 | AI97: -3.0380849 | AJ97: 5.98461 | AK97: 7.8314467 | AL97: 8.213838 | AM97: 8.5233094 | AN97: 4.9863136 | AO97: 7.8834667 | AP97: 6.2269484 | AQ97: -1.7085671 | AR97: 2.969881 | AS97: -1.3767275 | AT97: 2.2499993 | AU97: 1.0510008 | AV97: -1.0052552 | AW97: 3.2939248 | AX97: -1.9569112 | AY97: 5.1297954 | AZ97: 7.0199532 | BA97: 1.9766471 | BB97: 3.5521583 | BC97: 4.1384431 | BD97: 5.1962981 | BE97: 5.2763061 | BF97: 5.000565 | BG97: 3.8469239 | BH97: 3.1624078 | BI97: 3.3161317 | BJ97: 2.9246683
A98: High income | B98: HIC | C98: GDP growth (annual %) | D98: NY.GDP.MKTP.KD.ZG | F98: 4.7832021 | G98: 5.7830141 | H98: 5.1557208 | I98: 6.5352796 | J98: 5.6241388 | K98: 5.9833532 | L98: 4.5541063 | M98: 6.1045224 | N98: 5.8809197 | O98: 4.2041477 | P98: 3.9643679 | Q98: 5.6018239 | R98: 6.3606476 | S98: 1.2705664 | T98: 0.063332 | U98: 4.980922 | V98: 3.926305 | W98: 4.1036839 | X98: 4.2286884 | Y98: 1.4676674 | Z98: 1.9177883 | AA98: -0.15007447 | AB98: 2.7338787 | AC98: 4.5374017 | AD98: 3.5041863 | AE98: 3.2883453 | AF98: 3.4731701 | AG98: 4.7694746 | AH98: 3.8061504 | AI98: 3.1089716 | AJ98: 1.5996207 | AK98: 2.1604094 | AL98: 1.2450687 | AM98: 3.2193288 | AN98: 2.8340693 | AO98: 2.9938414 | AP98: 3.4148684 | AQ98: 2.7174295 | AR98: 3.2214224 | AS98: 4.00264 | AT98: 1.4244184 | AU98: 1.4622176 | AV98: 2.156826 | AW98: 3.3239361 | AX98: 2.7918235 | AY98: 3.0347296 | AZ98: 2.6532909 | BA98: 0.35212393 | BB98: -3.4241816 | BC98: 2.9887091 | BD98: 1.883481 | BE98: 1.2496318 | BF98: 1.3947067 | BG98: 2.0156493 | BH98: 2.3382858 | BI98: 1.6563414 | BJ98: 2.2319916
A99: Hong Kong SAR, China | B99: HKG | C99: GDP growth (annual %) | D99: NY.GDP.MKTP.KD.ZG | G99: 14.290632 | H99: 15.763922 | I99: 8.6277091 | J99: 14.642188 | K99: 1.7949978 | L99: 1.6033709 | M99: 3.3973632 | N99: 11.343772 | O99: 9.2069816 | P99: 7.2927989 | Q99: 10.61188 | R99: 12.279647 | S99: 2.4151591 | T99: 0.49207179 | U99: 16.164025 | V99: 11.725619 | W99: 8.2607611 | X99: 11.556619 | Y99: 10.108141 | Z99: 9.2608565 | AA99: 2.949749 | AB99: 5.9770135 | AC99: 9.9737375 | AD99: 0.75708655 | AE99: 11.056174 | AF99: 13.398466 | AG99: 8.5116624 | AH99: 2.2770461 | AI99: 3.8305222 | AJ99: 5.7019741 | AK99: 6.2349357 | AL99: 6.2011693 | AM99: 6.0361189 | AN99: 2.3737883 | AO99: 4.2586111 | AP99: 5.0997107 | AQ99: -5.8826726 | AR99: 2.5066978 | AS99: 7.663468 | AT99: 0.56087081 | AU99: 1.6566375 | AV99: 3.0563189 | AW99: 8.7000254 | AX99: 7.3882457 | AY99: 7.0327307 | AZ99: 6.4648334 | BA99: 2.1279408 | BB99: -2.4590496 | BC99: 6.7676826 | BD99: 4.8146873 | BE99: 1.7003078 | BF99: 3.1014888 | BG99: 2.7624166 | BH99: 2.3878457 | BI99: 2.1629233 | BJ99: 3.7913486
A100: Honduras | B100: HND | C100: GDP growth (annual %) | D100: NY.GDP.MKTP.KD.ZG | F100: 1.8556593 | G100: 5.764846 | H100: 3.5804367 | I100: 5.4166456 | J100: 9.0371565 | K100: 5.3738423 | L100: 5.9775429 | M100: 6.5981832 | N100: 0.65543885 | O100: 3.6267209 | P100: 3.9950036 | Q100: 5.7623049 | R100: 7.8698525 | S100: -1.2276417 | T100: 2.1306818 | U100: 10.500693 | V100: 10.383889 | W100: 10.005701 | X100: 4.6644208 | Y100: 0.6684808 | Z100: 2.5332022 | AA100: -1.3912164 | AB100: -0.92435231 | AC100: 4.3456912 | AD100: 4.1882337 | AE100: 0.72267685 | AF100: 6.03139 | AG100: 4.6098527 | AH100: 4.3258528 | AI100: 0.096880396 | AJ100: 3.2520338 | AK100: 5.6242958 | AL100: 6.230032 | AM100: -1.3032572 | AN100: 4.0629761 | AO100: 3.5952497 | AP100: 4.9937186 | AQ100: 2.9015854 | AR100: -1.8895349 | AS100: 5.7481482 | AT100: 2.7231933 | AU100: 3.7543379 | AV100: 4.5470381 | AW100: 6.232303 | AX100: 6.0505992 | AY100: 6.5672436 | AZ100: 6.1883272 | BA100: 4.2316001 | BB100: -2.4316279 | BC100: 3.7311403 | BD100: 3.8356907 | BE100: 4.1286877 | BF100: 2.7915598 | BG100: 3.0580806 | BH100: 3.84008 | BI100: 3.7521489 | BJ100: 4.7852979
A101: Heavily indebted poor countries (HIPC) | B101: HPC | C101: GDP growth (annual %) | D101: NY.GDP.MKTP.KD.ZG | F101: 0.22960297 | G101: 7.0015261 | H101: 3.2625234 | I101: 3.5328836 | J101: 4.2156728 | K101: 2.741408 | L101: 2.2619595 | M101: 2.9799913 | N101: 4.6430292 | O101: 4.3467243 | P101: 4.2095115 | Q101: 1.7540293 | R101: 2.9639203 | S101: 5.6978139 | T101: 2.1210714 | U101: 3.9479476 | V101: 3.7835042 | W101: 2.3828159 | X101: 0.041990871 | Y101: -0.30595001 | Z101: 3.9648795 | AA101: 1.2320916 | AB101: 0.62587406 | AC101: 1.2410148 | AD101: 1.6388538 | AE101: 3.055804 | AF101: 3.3059186 | AG101: 1.1594779 | AH101: 2.0321093 | AI101: -1.1126191 | AJ101: 0.85036667 | AK101: -0.65455461 | AL101: 0.6844802 | AM101: 0.30953685 | AN101: 4.7454343 | AO101: 5.4341673 | AP101: 4.3727123 | AQ101: 3.5534007 | AR101: 3.0226832 | AS101: 2.777454 | AT101: 4.2826829 | AU101: 3.5429569 | AV101: 4.5660771 | AW101: 5.5602085 | AX101: 6.1367445 | AY101: 6.0650639 | AZ101: 6.6860745 | BA101: 6.0210202 | BB101: 4.2681897 | BC101: 5.6895971 | BD101: 4.7389779 | BE101: 5.7972136 | BF101: 5.7697919 | BG101: 5.6078027 | BH101: 5.0884916 | BI101: 4.5213664 | BJ101: 5.2535268
...

Sheet Var. Pop Banco Mundial
A1: Data Source | B1: World Development Indicators
A2: Last Updated Date | B2: 43306
A4: Country Name | B4: Country Code | C4: Indicator Name | D4: Indicator Code | E4: 1960 | F4: 1961 | G4: 1962 | H4: 1963 | I4: 1964 | J4: 1965 | K4: 1966 | L4: 1967 | M4: 1968 | N4: 1969 | O4: 1970 | P4: 1971 | Q4: 1972 | R4: 1973 | S4: 1974 | T4: 1975 | U4: 1976 | V4: 1977 | W4: 1978 | X4: 1979 | Y4: 1980 | Z4: 1981 | AA4: 1982 | AB4: 1983 | AC4: 1984 | AD4: 1985 | AE4: 1986 | AF4: 1987 | AG4: 1988 | AH4: 1989 | AI4: 1990 | AJ4: 1991 | AK4: 1992 | AL4: 1993 | AM4: 1994 | AN4: 1995 | AO4: 1996 | AP4: 1997 | AQ4: 1998 | AR4: 1999 | AS4: 2000 | AT4: 2001 | AU4: 2002 | AV4: 2003 | AW4: 2004 | AX4: 2005 | AY4: 2006 | AZ4: 2007 | BA4: 2008 | BB4: 2009 | BC4: 2010 | BD4: 2011 | BE4: 2012 | BF4: 2013 | BG4: 2014 | BH4: 2015 | BI4: 2016 | BJ4: 2017 | BK4: 2018*
A5: Aruba | B5: ABW | C5: Population growth (annual %) | D5: SP.POP.GROW | E5: 3.1480368 | F5: 2.2381439 | G5: 1.4096219 | H5: 0.83245256 | I5: 0.59264904 | J5: 0.57346825 | K5: 0.61699088 | L5: 0.5873732 | M5: 0.5685298 | N5: 0.58064239 | O5: 0.57221119 | P5: 0.63627296 | Q5: 0.67069333 | R5: 0.67120494 | S5: 0.47196848 | T5: 0.21289772 | U5: -0.11712018 | V5: -0.36378107 | W5: -0.43662754 | X5: -0.20485838 | Y5: 0.19321103 | Z5: 0.78069067 | AA5: 1.2763478 | AB5: 1.3857409 | AC5: 1.0157081 | AD5: 0.3019182 | AE5: -0.60794331 | AF5: -1.3030704 | AG5: -1.2269094 | AH5: -0.076979146 | AI5: 1.8136411 | AJ5: 3.9020182 | AK5: 5.440272 | AL5: 6.0684103 | AM5: 5.6259976 | AN5: 4.6166747 | AO5: 3.5178892 | AP5: 2.6695764 | AQ5: 2.1143857 | AR5: 1.9605579 | AS5: 2.0550268 | AT5: 2.2259301 | AU5: 2.229056 | AV5: 2.1093543 | AW5: 1.7573529 | AX5: 1.3020388 | AY5: 0.79756276 | AZ5: 0.38406002 | BA5: 0.13131071 | BB5: 0.09861642 | BC5: 0.21268014 | BD5: 0.37698477 | BE5: 0.51214499 | BF5: 0.59291401 | BG5: 0.58749239 | BH5: 0.52465816 | BI5: 0.45992919 | BJ5: 0.42078068
A6: Afghanistan | B6: AFG | C6: Population growth (annual %) | D6: SP.POP.GROW | E6: 1.8160765 | F6: 1.8765283 | G6: 1.9349986 | H6: 1.9925211 | I6: 2.0494231 | J6: 2.1053688 | K6: 2.1295884 | L6: 2.1467272 | M6: 2.2093311 | N6: 2.330919 | O6: 2.4722659 | P6: 2.5879964 | Q6: 2.6286569 | R6: 2.5760167 | S6: 2.4126565 | T6: 2.1576533 | U6: 1.966302 | V6: 1.7542555 | W6: 1.2940248 | X6: 0.51959042 | Y6: -0.4392766 | Z6: -1.478345 | AA6: -2.3587648 | AB6: -2.8672733 | AC6: -2.8005483 | AD6: -2.2163154 | AE6: -1.5567223 | AF6: -0.8507742 | AG6: 0.33091144 | AH6: 2.0303979 | AI6: 3.9253421 | AJ6: 5.9007707 | AK6: 7.3254472 | AL6: 7.6654334 | AM6: 6.8955689 | AN6: 5.5725811 | AO6: 4.1431629 | AP6: 3.0867187 | AQ6: 2.5904854 | AR6: 2.8207242 | AS6: 3.4946587 | AT6: 4.2515041 | AU6: 4.7205285 | AV6: 4.8180411 | AW6: 4.4689184 | AX6: 3.8704702 | AY6: 3.2286298 | AZ6: 2.7552254 | BA6: 2.5125739 | BB6: 2.5691143 | BC6: 2.812617 | BD6: 3.0951186 | BE6: 3.2727029 | BF6: 3.3152241 | BG6: 3.1832015 | BH6: 2.9432342 | BI6: 2.6891635 | BJ6: 2.4907896
A7: Angola | B7: AGO | C7: Population growth (annual %) | D7: SP.POP.GROW | E7: 1.9035167 | F7: 1.9277539 | G7: 1.945774 | H7: 1.9306929 | I7: 1.8702955 | J7: 1.7887994 | K7: 1.7017978 | L7: 1.6538993 | M7: 1.681743 | N7: 1.8052622 | O7: 1.9934913 | P7: 2.2022468 | Q7: 2.3901262 | R7: 2.548369 | S7: 2.662495 | T7: 2.7466728 | U7: 2.8046673 | V7: 2.8693487 | W7: 2.9705582 | X7: 3.1190585 | Y7: 3.2826588 | Z7: 3.4624341 | AA7: 3.5873082 | AB7: 3.5815148 | AC7: 3.4221856 | AD7: 3.1767033 | AE7: 2.8984273 | AF7: 2.6852592 | AG7: 2.6017386 | AH7: 2.6844185 | AI7: 2.8687214 | AJ7: 3.0902904 | AK7: 3.2516178 | AL7: 3.3021937 | AM7: 3.2123624 | AN7: 3.0431983 | AO7: 2.8552665 | AP7: 2.7323145 | AQ7: 2.7153823 | AR7: 2.8325593 | AS7: 3.0329434 | AT7: 3.2454914 | AU7: 3.4115153 | AV7: 3.5263028 | AW7: 3.573962 | AX7: 3.5758997 | AY7: 3.5661599 | AZ7: 3.5645386 | BA7: 3.5634478 | BB7: 3.566821 | BC7: 3.5700986 | BD7: 3.5703524 | BE7: 3.559496 | BF7: 3.5318242 | BG7: 3.4854125 | BH7: 3.4280207 | BI7: 3.3675721 | BJ7: 3.3135073
A8: Albania | B8: ALB | C8: Population growth (annual %) | D8: SP.POP.GROW | E8: 3.0154231 | F8: 3.1208554 | G8: 3.0567305 | H8: 2.9537488 | I8: 2.8806864 | J8: 2.7540212 | K8: 2.6345639 | L8: 2.6301903 | M8: 2.8425107 | N8: 2.8960834 | O8: 2.5508512 | P8: 2.422972 | Q8: 2.4949731 | R8: 2.3625522 | S8: 2.2972142 | T8: 2.3011538 | U8: 2.2082353 | V8: 2.2132522 | W8: 2.0757419 | X8: 1.989457 | Y8: 2.0479639 | Z8: 2.0029743 | AA8: 2.1132718 | AB8: 2.1208853 | AC8: 2.1039366 | AD8: 2.0559946 | AE8: 1.9332208 | AF8: 1.99704 | AG8: 1.8867105 | AH8: 2.687862 | AI8: 1.7990856 | AJ8: -0.60280968 | AK8: -0.60643473 | AL8: -0.61016579 | AM8: -0.61388051 | AN8: -0.61770366 | AO8: -0.6215114 | AP8: -0.6254301 | AQ8: -0.62933439 | AR8: -0.63335227 | AS8: -0.63735683 | AT8: -0.93847043 | AU8: -0.2998767 | AV8: -0.37414917 | AW8: -0.41793138 | AX8: -0.51179012 | AY8: -0.63091124 | AZ8: -0.75571876 | BA8: -0.76734296 | BB8: -0.67389405 | BC8: -0.49646196 | BD8: -0.26901733 | BE8: -0.16515104 | BF8: -0.18321138 | BG8: -0.207047 | BH8: -0.29120579 | BI8: -0.15988041 | BJ8: -0.091972294
A9: Andorra | B9: AND | C9: Population growth (annual %) | D9: SP.POP.GROW | E9: 7.0506634 | F9: 6.9415321 | G9: 6.6926971 | H9: 6.5595217 | I9: 6.2415107 | J9: 5.9987998 | K9: 5.7508776 | L9: 5.500706 | M9: 5.3098197 | N9: 5.1982869 | O9: 5.1475427 | P9: 5.1501297 | Q9: 5.0839339 | R9: 4.8627242 | S9: 4.4611913 | T9: 3.9357508 | U9: 3.431725 | V9: 3.080122 | W9: 2.905118 | X9: 3.1539337 | Y9: 3.5243825 | Z9: 3.8962613 | AA9: 4.2139526 | AB9: 4.3842432 | AC9: 4.4016534 | AD9: 4.3394433 | AE9: 4.2083978 | AF9: 4.0817695 | AG9: 4.0030019 | AH9: 3.9156652 | AI9: 3.8543623 | AJ9: 3.889679 | AK9: 3.8374719 | AL9: 3.4761007 | AM9: 2.7596213 | AN9: 1.8542028 | AO9: 0.79557396 | AP9: -0.051287233 | AQ9: -0.28800742 | AR9: 0.35483105 | AS9: 1.5721656 | AT9: 2.9399922 | AU9: 3.9425734 | AV9: 4.3754492 | AW9: 4.0989235 | AX9: 3.3824166 | AY9: 2.6575148 | AZ9: 2.0675981 | BA9: 1.4146648 | BB9: 0.71410628 | BC9: -0.015392722 | BD9: -0.82996909 | BE9: -1.5886531 | BF9: -2.013314 | BG9: -1.9561779 | BH9: -1.5378363 | BI9: -0.9440168 | BJ9: -0.40973567
A10: Arab World | B10: ARB | C10: Population growth (annual %) | D10: SP.POP.GROW | F10: 2.7608815 | G10: 2.7753285 | H10: 2.7935278 | I10: 2.817245 | J10: 2.8429764 | K10: 2.8778953 | L10: 2.9079207 | M10: 2.9119494 | N10: 2.8841392 | O10: 2.8414806 | P10: 2.7852045 | Q10: 2.75179 | R10: 2.7802726 | S10: 2.8851772 | T10: 3.0333835 | U10: 3.1872869 | V10: 3.3032391 | W10: 3.3641293 | X10: 3.3565144 | Y10: 3.302525 | Z10: 3.2364515 | AA10: 3.1792295 | AB10: 3.1252424 | AC10: 3.0795327 | AD10: 3.0379628 | AE10: 2.9918044 | AF10: 2.9377022 | AG10: 2.8799398 | AH10: 2.8184863 | AI10: 3.666285 | AJ10: 2.7118205 | AK10: 1.8226892 | AL10: 2.6586909 | AM10: 2.5487748 | AN10: 3.0689726 | AO10: 2.2796528 | AP10: 2.1973382 | AQ10: 2.1232559 | AR10: 2.1039616 | AS10: 2.111486 | AT10: 2.1203883 | AU10: 2.1308299 | AV10: 2.1646516 | AW10: 2.2244518 | AX10: 2.2974034 | AY10: 2.3741301 | AZ10: 2.4339666 | BA10: 2.4639205 | BB10: 2.448201 | BC10: 2.4023932 | BD10: 2.3525275 | BE10: 2.3050726 | BF10: 2.2488443 | BG10: 2.1851969 | BH10: 2.1182104 | BI10: 2.0456009 | BJ10: 1.9778922
A11: United Arab Emirates | B11: ARE | C11: Population growth (annual %) | D11: SP.POP.GROW | E11: 5.8595839 | F11: 8.7236251 | G11: 10.681181 | H11: 11.012721 | I11: 9.8248173 | J11: 8.196603 | K11: 6.5129835 | L11: 5.9286203 | M11: 7.3083942 | N11: 10.669155 | O11: 14.446942 | P11: 16.881671 | Q11: 17.689814 | R11: 17.695296 | S11: 17.125615 | T11: 16.211873 | U11: 15.450884 | V11: 14.530119 | W11: 13.033461 | X11: 11.071306 | Y11: 9.0658626 | Z11: 7.2621537 | AA11: 5.9438947 | AB11: 5.2017679 | AC11: 5.0889481 | AD11: 5.3582254 | AE11: 5.6709812 | AF11: 5.8375865 | AG11: 5.9167896 | AH11: 5.8749114 | AI11: 5.7607049 | AJ11: 5.7376709 | AK11: 5.7507897 | AL11: 5.626298 | AM11: 5.3486543 | AN11: 5.0302116 | AO11: 4.8696431 | AP11: 4.8952769 | AQ11: 4.9895193 | AR11: 5.1507813 | AS11: 5.4306241 | AT11: 5.2815278 | AU11: 5.304712 | AV11: 6.4774933 | AW11: 8.8436919 | AX11: 11.356439 | AY11: 13.510585 | AZ11: 14.236792 | BA11: 13.161466 | BB11: 10.615444 | BC11: 7.5870983 | BD11: 4.7437003 | BE11: 2.5947957 | BF11: 1.181805 | BG11: 0.71476252 | BH11: 0.91560833 | BI11: 1.2517591 | BJ11: 1.3983591
A12: Argentina | B12: ARG | C12: Population growth (annual %) | D12: SP.POP.GROW | E12: 1.6308745 | F12: 1.6068891 | G12: 1.5843086 | H12: 1.5575319 | I12: 1.5242206 | J12: 1.4895437 | K12: 1.4495353 | L12: 1.4205256 | M12: 1.4247922 | N12: 1.4710277 | O12: 1.543025 | P12: 1.6276118 | Q12: 1.6949142 | R12: 1.7219247 | S12: 1.6954234 | T12: 1.633983 | U12: 1.5612985 | V12: 1.5046956 | W12: 1.4741893 | X12: 1.4802896 | Y12: 1.5105174 | Z12: 1.5445383 | AA12: 1.5663989 | AB12: 1.5766316 | AC12: 1.5702587 | AD12: 1.5516194 | AE12: 1.5297976 | AF12: 1.5091986 | AG12: 1.4861782 | AH12: 1.4613146 | AI12: 1.4345663 | AJ12: 1.4082552 | AK12: 1.3799454 | AL12: 1.345136 | AM12: 1.302492 | AN12: 1.2557479 | AO12: 1.2067775 | AP12: 1.1628644 | AQ12: 1.1311056 | AR12: 1.1153358 | AS12: 1.1108753 | AT12: 1.1111419 | AU12: 1.1089714 | AV12: 1.1024151 | AW12: 1.0886075 | AX12: 1.0704343 | AY12: 1.0505281 | AZ12: 1.0344329 | BA12: 1.0258997 | BB12: 1.0273773 | BC12: 1.0350371 | BD12: 1.0448599 | BE12: 1.0503762 | BF12: 1.0472767 | BG12: 1.0327093 | BH12: 1.009855 | BI12: 0.98474191 | BJ12: 0.96146531
A13: Armenia | B13: ARM | C13: Population growth (annual %) | D13: SP.POP.GROW | E13: 3.5963862 | F13: 3.5317019 | G13: 3.4442639 | H13: 3.3302475 | I13: 3.1937272 | J13: 3.0449193 | K13: 2.8845323 | L13: 2.7343364 | M13: 2.6167124 | N13: 2.5406043 | O13: 2.4917137 | P13: 2.4504964 | Q13: 2.3970496 | R13: 2.3232043 | S13: 2.2224806 | T13: 2.1051329 | U13: 1.9860374 | V13: 1.8787112 | W13: 1.7850987 | X13: 1.7099189 | Y13: 1.6473681 | Z13: 1.5474769 | AA13: 1.4379181 | AB13: 1.3963549 | AC13: 1.4408477 | AD13: 1.5205238 | AE13: 1.6742187 | AF13: 1.7441784 | AG13: 1.5153972 | AH13: 0.90378282 | AI13: 0.047945944 | AJ13: -0.93461013 | AK13: -1.7974132 | AL13: -2.3425425 | AM13: -2.3903919 | AN13: -2.0403101 | AO13: -1.5387215 | AP13: -1.1149876 | AQ13: -0.78189758 | AR13: -0.63465682 | AS13: -0.63095667 | AT13: -0.6187029 | AU13: -0.55083899 | AV13: -0.53178545 | AW13: -0.57138094 | AX13: -0.64705733 | AY13: -0.76633114 | AZ13: -0.86375002 | BA13: -0.85036727 | BB13: -0.67747935 | BC13: -0.39102392 | BD13: -0.060143665 | BE13: 0.22026919 | BF13: 0.40125198 | BG13: 0.43833153 | BH13: 0.36852821 | BI13: 0.26930229 | BJ13: 0.19244221
A14: American Samoa | B14: ASM | C14: Population growth (annual %) | D14: SP.POP.GROW | E14: 1.4039026 | F14: 2.3359664 | G14: 3.0336677 | H14: 3.5585978 | I14: 3.6612434 | J14: 3.5574308 | K14: 3.3489052 | L14: 3.2164919 | M14: 3.0158557 | N14: 2.7773743 | O14: 2.5156226 | P14: 2.2606382 | Q14: 2.0423345 | R14: 1.8155126 | S14: 1.6204929 | T14: 1.4944741 | U14: 1.29124 | V14: 1.2063742 | W14: 1.3367842 | X14: 1.8192457 | Y14: 2.4451553 | Z14: 3.1420325 | AA14: 3.6497727 | AB14: 4.0119347 | AC14: 4.1388206 | AD14: 4.0380377 | AE14: 3.9866415 | AF14: 3.873838 | AG14: 3.6930333 | AH14: 3.449695 | AI14: 3.120159 | AJ14: 2.8027366 | AK14: 2.4866543 | AL14: 2.2470615 | AM14: 2.1127753 | AN14: 2.0350178 | AO14: 1.9870126 | AP14: 1.8591516 | AQ14: 1.7322387 | AR14: 1.5425748 | AS14: 1.3142081 | AT14: 1.1305611 | AU14: 0.95119873 | AV14: 0.65508346 | AW14: 0.24835079 | AX14: -0.24665925 | AY14: -0.79478715 | AZ14: -1.2818378 | BA14: -1.5191752 | BB14: -1.4180377 | BC14: -1.0548621 | BD14: -0.57139408 | BE14: -0.16282229 | BF14: 0.13931989 | BG14: 0.23477581 | BH14: 0.18022244 | BI14: 0.11157502 | BJ14: 0.075512409
A15: Antigua and Barbuda | B15: ATG | C15: Population growth (annual %) | D15: SP.POP.GROW | E15: 1.1212082 | F15: 1.4441915 | G15: 1.7654579 | H15: 1.9924774 | I15: 2.088042 | J15: 2.0897648 | K15: 2.0808305 | L15: 2.0747202 | M15: 2.0232694 | N15: 1.9224733 | O15: 1.7864062 | P15: 1.6114359 | Q15: 1.4385385 | R15: 1.2783673 | S15: 1.1522434 | T15: 1.0260675 | U15: 0.93958744 | V15: 0.81290059 | W15: 0.61423322 | X15: 0.27783092 | Y15: -0.1170307 | Z15: -0.51328368 | AA15: -0.84940791 | AB15: -1.1229445 | AC15: -1.2840501 | AD15: -1.342302 | AE15: -1.4041547 | AF15: -1.4108859 | AG15: -1.1667775 | AH15: -0.64480158 | AI15: 0.10350803 | AJ15: 0.9119262 | AK15: 1.650324 | AL15: 2.1841652 | AM15: 2.514657 | AN15: 2.6147439 | AO15: 2.692344 | AP15: 2.7530477 | AQ15: 2.6805336 | AR15: 2.4493747 | AS15: 2.1195969 | AT15: 1.7469506 | AU15: 1.4113926 | AV15: 1.183473 | AW15: 1.0982736 | AX15: 1.1222021 | AY15: 1.1673501 | AZ15: 1.1889045 | BA15: 1.1933199 | BB15: 1.1856593 | BC15: 1.1474717 | BD15: 1.1114727 | BE15: 1.0992547 | BF15: 1.0760583 | BG15: 1.068648 | BH15: 1.0543463 | BI15: 1.0354224 | BJ15: 1.033634
A16: Australia | B16: AUS | C16: Population growth (annual %) | D16: SP.POP.GROW | E16: 2.2669115 | F16: 1.98974 | G16: 2.4406394 | H16: 1.9178165 | I16: 1.9623544 | J16: 1.9597169 | K16: 2.2831844 | L16: 1.2622769 | M16: 1.7641587 | N16: 2.093023 | O16: 1.9701889 | P16: 3.3802935 | Q16: 1.8381463 | R16: 1.5288169 | S16: 2.5312203 | T16: 1.2311859 | U16: 1.0026583 | V16: 1.1266727 | W16: 1.1628853 | X16: 1.0806423 | Y16: 1.2189427 | Z16: 1.5868526 | AA16: 1.6675357 | AB16: 1.2505483 | AC16: 1.1322218 | AD16: 1.3673461 | AE16: 1.6389889 | AF16: 1.5209866 | AG16: 1.6362067 | AH16: 1.6925668 | AI16: 1.479978 | AJ16: 1.2745776 | AK16: 1.2133908 | AL16: 0.97833668 | AM16: 1.0585088 | AN16: 1.2080198 | AO16: 1.3138193 | AP16: 1.1187257 | AQ16: 1.0422357 | AR16: 1.1425052 | AS16: 1.1922723 | AT16: 1.3483583 | AU16: 1.2205638 | AV16: 1.2339967 | AW16: 1.1593522 | AX16: 1.3197896 | AY16: 1.4752279 | AZ16: 0.62467844 | BA16: 2.0040217 | BB16: 2.0610451 | BC16: 1.5554896 | BD16: 1.3895273 | BE16: 1.7854454 | BF16: 1.7583381 | BG16: 1.5358789 | BH16: 1.4640598 | BI16: 1.4982097 | BJ16: 1.5903882
A17: Austria | B17: AUT | C17: Population growth (annual %) | D17: SP.POP.GROW | E17: 0.51079936 | F17: 0.54847236 | G17: 0.61289585 | H17: 0.64236267 | I17: 0.66654821 | J17: 0.64972988 | K17: 0.70139612 | L17: 0.74742522 | M17: 0.51925426 | N17: 0.34533165 | O17: 0.34921895 | P17: 0.44624558 | Q17: 0.58119035 | R17: 0.5540414 | S17: 0.17020577 | T17: -0.26531941 | U17: -0.17667228 | V17: 0.038390494 | W17: -0.080961042 | X17: -0.17046365 | Y17: 0.00010596828 | Z17: 0.25501823 | AA17: 0.071717018 | AB17: -0.16160098 | AC17: -0.0062949041 | AD17: 0.046950968 | AE17: 0.063548997 | AF17: 0.063284204 | AG17: 0.14157085 | AH17: 0.4505139 | AI17: 0.76200161 | AJ17: 0.9984181 | AK17: 1.1005523 | AL17: 0.82462794 | AM17: 0.38486955 | AN17: 0.15310626 | AO17: 0.13501983 | AP17: 0.11331661 | AQ17: 0.10972837 | AR17: 0.19456315 | AS17: 0.24046665 | AT17: 0.38279939 | AU17: 0.49198046 | AV17: 0.48713389 | AW17: 0.62041313 | AX17: 0.68126725 | AY17: 0.49479778 | AZ17: 0.32414654 | BA17: 0.31304144 | BB17: 0.26195319 | BC17: 0.2403943 | BD17: 0.33708084 | BE17: 0.45593747 | BF17: 0.58938725 | BG17: 0.78154163 | BH17: 1.1209925 | BI17: 1.0813963 | BJ17: 0.82691109
A18: Azerbaijan | B18: AZE | C18: Population growth (annual %) | D18: SP.POP.GROW | E18: 3.3163145 | F18: 3.4050434 | G18: 3.4411927 | H18: 3.3869284 | I18: 3.2279126 | J18: 3.0042376 | K18: 2.7683351 | L18: 2.5582147 | M18: 2.3739131 | N18: 2.2268297 | O18: 2.1088467 | P18: 1.997418 | Q18: 1.8882829 | R18: 1.8000825 | S18: 1.7355634 | T18: 1.6895131 | U18: 1.6532431 | V18: 1.6233361 | W18: 1.6038665 | X18: 1.5937632 | Y18: 1.5911505 | Z18: 1.5900583 | AA18: 1.5912546 | AB18: 1.6016735 | AC18: 1.6220455 | AD18: 1.6465839 | AE18: 1.6687225 | AF18: 1.6803479 | AG18: 1.6763898 | AH18: 1.6532258 | AI18: 0.4495212 | AJ18: 1.5523527 | AK18: 1.5150771 | AL18: 1.5191527 | AM18: 1.3517301 | AN18: 1.1516944 | AO18: 1.009848 | AP18: 0.96467377 | AQ18: 0.94913815 | AR18: 0.8775987 | AS18: 0.82151996 | AT18: 0.77476594 | AU18: 0.74617358 | AV18: 0.75765096 | AW18: 0.87542728 | AX18: 1.0222656 | AY18: 1.0985866 | AZ18: 1.1338555 | BA18: 2.099854 | BB18: 2.0761483 | BC18: 1.1897877 | BD18: 1.3030009 | BE18: 1.3287638 | BF18: 1.293447 | BG18: 1.248209 | BH18: 1.1912099 | BI18: 1.1178572 | BJ18: 1.0664292
A19: Burundi | B19: BDI | C19: Population growth (annual %) | D19: SP.POP.GROW | E19: 1.9450671 | F19: 1.9041518 | G19: 1.8838807 | H19: 1.9254838 | I19: 2.0445335 | J19: 2.2014329 | K19: 2.4026775 | L19: 2.5460349 | M19: 2.5102627 | N19: 2.2517397 | O19: 1.8650943 | P19: 1.4304229 | Q19: 1.0967225 | R19: 0.96716292 | S19: 1.1142142 | T19: 1.4515598 | U19: 1.8395767 | V19: 2.1568508 | W19: 2.3937654 | X19: 2.5115744 | Y19: 2.5463955 | Z19: 2.5511659 | AA19: 2.5757272 | AB19: 2.626899 | AC19: 2.7177666 | AD19: 2.8206108 | AE19: 2.9236029 | AF19: 2.9744084 | AG19: 2.92839 | AH19: 2.7664644 | AI19: 2.5318873 | AJ19: 2.3114591 | AK19: 2.1261001 | AL19: 1.928923 | AM19: 1.7214022 | AN19: 1.5287362 | AO19: 1.3172377 | AP19: 1.1681821 | AQ19: 1.2075653 | AR19: 1.4855601 | AS19: 1.920712 | AT19: 2.3946281 | AU19: 2.793811 | AV19: 3.0896786 | AW19: 3.2451217 | AX19: 3.2981531 | AY19: 3.3390111 | AZ19: 3.3847164 | BA19: 3.3769151 | BB19: 3.3146213 | BC19: 3.2211829 | BD19: 3.1060464 | BE19: 3.008436 | BF19: 2.9650961 | BG19: 2.9922647 | BH19: 3.0611029 | BI19: 3.1353331 | BJ19: 3.1807642
A20: Belgium | B20: BEL | C20: Population growth (annual %) | D20: SP.POP.GROW | E20: 0.6577115 | F20: 0.33220595 | G20: 0.39805479 | H20: 0.74760693 | I20: 0.94647754 | J20: 0.908137 | K20: 0.67546357 | L20: 0.55664555 | M20: 0.39339111 | N20: 0.28316967 | O20: 0.098613692 | P20: 0.18224707 | Q20: 0.39158591 | R20: 0.31465877 | S20: 0.31463366 | T20: 0.28897816 | U20: 0.17867445 | V20: 0.12347965 | W20: 0.09329996 | X20: 0.089882551 | Y20: 0.11021117 | Z20: -0.0026371543 | AA20: -0.027176883 | AB20: -0.0079444707 | AC20: -0.0015017078 | AD20: 0.029786423 | AE20: 0.035648851 | AF20: 0.085252141 | AG20: 0.31792625 | AH20: 0.36324799 | AI20: 0.29823571 | AJ20: 0.37159317 | AK20: 0.4057135 | AL20: 0.39063852 | AM20: 0.30819707 | AN20: 0.20943684 | AO20: 0.19539318 | AP20: 0.24199188 | AQ20: 0.21352765 | AR20: 0.2291891 | AS20: 0.24251796 | AT20: 0.34395116 | AU20: 0.44826889 | AV20: 0.41864151 | AW20: 0.43278825 | AX20: 0.55005571 | AY20: 0.65955821 | AZ20: 0.73433083 | BA20: 0.78997685 | BB20: 0.80459957 | BC20: 0.91363939 | BD20: 1.3868491 | BE20: 0.72603166 | BF20: 0.4891843 | BG20: 0.23437084 | BH20: 0.57944624 | BI20: 0.5063 | BJ20: 0.35805987
A21: Benin | B21: BEN | C21: Population growth (annual %) | D21: SP.POP.GROW | E21: 1.3036872 | F21: 1.3984945 | G21: 1.4904992 | H21: 1.5840577 | I21: 1.6809707 | J21: 1.7780517 | K21: 1.8742805 | L21: 1.9621611 | M21: 2.0367648 | N21: 2.0939571 | O21: 2.1405985 | P21: 2.1815421 | Q21: 2.225788 | R21: 2.2773518 | S21: 2.3405602 | T21: 2.4100995 | U21: 2.4805812 | V21: 2.5446274 | W21: 2.6016731 | X21: 2.6487646 | Y21: 2.689452 | Z21: 2.7322649 | AA21: 2.7773647 | AB21: 2.8174491 | AC21: 2.851805 | AD21: 2.8852596 | AE21: 2.9025393 | AF21: 2.9254967 | AG21: 2.9886517 | AH21: 3.1007656 | AI21: 3.235059 | AJ21: 3.3771591 | AK21: 3.4790027 | AL21: 3.5007738 | AM21: 3.4260612 | AN21: 3.2936136 | AO21: 3.1453239 | AP21: 3.0283753 | AQ21: 2.9586132 | AR21: 2.9517545 | AS21: 2.9839948 | AT21: 3.0237802 | AU21: 3.043083 | AV21: 3.0396748 | AW21: 3.0053421 | AX21: 2.9523835 | AY21: 2.8975328 | AZ21: 2.8540741 | BA21: 2.8235217 | BB21: 2.8093369 | BC21: 2.8061088 | BD21: 2.803422 | BE21: 2.7970404 | BF21: 2.7902532 | BG21: 2.7822871 | BH21: 2.7729779 | BI21: 2.7635342 | BJ21: 2.7522976
A22: Burkina Faso | B22: BFA | C22: Population growth (annual %) | D22: SP.POP.GROW | E22: 1.3595231 | F22: 1.3429426 | G22: 1.3342994 | H22: 1.3515225 | I22: 1.403618 | J22: 1.4791349 | K22: 1.5625125 | L22: 1.6351506 | M22: 1.6892207 | N22: 1.7174506 | O22: 1.7292272 | P22: 1.740988 | Q22: 1.7628984 | R22: 1.7916961 | S22: 1.830514 | T22: 1.8780033 | U22: 1.9229174 | V22: 1.9711563 | W22: 2.0400786 | X22: 2.1335748 | Y22: 2.2408142 | Z22: 2.3511652 | AA22: 2.4478338 | AB22: 2.5195896 | AC22: 2.5597836 | AD22: 2.5778094 | AE22: 2.5902485 | AF22: 2.60586 | AG22: 2.6217196 | AH22: 2.639694 | AI22: 2.6591516 | AJ22: 2.676924 | AK22: 2.6929882 | AL22: 2.7096466 | AM22: 2.727322 | AN22: 2.7459135 | AO22: 2.764895 | AP22: 2.7836853 | AQ22: 2.8029404 | AR22: 2.8222717 | AS22: 2.8418851 | AT22: 2.8588686 | AU22: 2.8759924 | AV22: 2.8984316 | AW22: 2.9275614 | AX22: 2.9591878 | AY22: 2.9890699 | AZ22: 3.0118086 | BA22: 3.0249617 | BB22: 3.0264497 | BC22: 3.0192447 | BD22: 3.0089383 | BE22: 2.997255 | BF22: 2.9814829 | BG22: 2.9619779 | BH22: 2.9396904 | BI22: 2.915614 | BJ22: 2.8910664
... A38: Canada | B38: CAN | C38: Population growth (annual %) | D38: SP.POP.GROW | E38: 2.2986265 | F38: 2.0011221 | G38: 1.8598882 | H38: 1.8628459 | I38: 1.8857149 | J38: 1.8101666 | K38: 1.8628138 | L38: 1.7993565 | M38: 1.6134085 | N38: 1.3597835 | O38: 1.3978316 | P38: 1.4965999 | Q38: 1.5953714 | R38: 1.69414 | S38: 1.7929043 | T38: 1.891678 | U38: 1.3225951 | V38: 1.1751414 | W38: 1.0035207 | X38: 0.99766936 | Y38: 1.293245 | Z38: 1.2405954 | AA38: 1.2055553 | AB38: 1.0028115 | AC38: 0.96173383 | AD38: 0.9294467 | AE38: 1.0048794 | AF38: 1.3117677 | AG38: 1.2910648 | AH38: 1.78359 | AI38: 1.4935931 | AJ38: 1.3605062 | AK38: 1.2274176 | AL38: 1.0943319 | AM38: 0.96124472 | AN38: 0.82815918 | AO38: 1.0771647 | AP38: 1.0570154 | AQ38: 0.86561366 | AR38: 0.82736932 | AS38: 0.88299858 | AT38: 1.0095217 | AU38: 0.89713128 | AV38: 0.99623274 | AW38: 1.0020344 | AX38: 0.98590377 | AY38: 0.7968446 | AZ38: 0.96985361 | BA38: 1.0821971 | BB38: 1.1448402 | BC38: 1.1139597 | BD38: 0.98761771 | BE38: 1.1803448 | BF38: 1.1496786 | BG38: 1.0835878 | BH38: 0.83277462 | BI38: 1.1986504 | BJ38: 1.2154807
A39: Central Europe and the Baltics | B39: CEB | C39: Population growth (annual %) | D39: SP.POP.GROW | F39: 0.91413625 | G39: 0.84323103 | H39: 0.89325376 | I39: 0.93435239 | J39: 0.7648291 | K39: 0.7350357 | L39: 0.93080053 | M39: 0.86436108 | N39: 0.73531712 | O39: 0.53868608 | P39: 0.51010813 | Q39: 0.72723946 | R39: 0.75417982 | S39: 0.81658699 | T39: 0.8987412 | U39: 0.88238678 | V39: 0.78941692 | W39: 0.6836253 | X39: 0.58926932 | Y39: 0.60426526 | Z39: 0.58469249 | AA39: 0.54372887 | AB39: 0.51600344 | AC39: 0.48583133 | AD39: 0.46587063 | AE39: 0.44518168 | AF39: 0.40923411 | AG39: 0.3552718 | AH39: 0.10195004 | AI39: -0.050197931 | AJ39: -0.41113538 | AK39: -0.25823543 | AL39: 0.068928287 | AM39: -0.056222909 | AN39: -0.096668256 | AO39: -0.31854131 | AP39: -0.094926123 | AQ39: -0.23012067 | AR39: -0.096011064 | AS39: -0.63869566 | AT39: -0.55820311 | AU39: -0.65196605 | AV39: -0.31448797 | AW39: -0.27599277 | AX39: -0.27459441 | AY39: -0.25660199 | AZ39: -0.37467993 | BA39: -0.35813154 | BB39: -0.19244781 | BC39: -0.36270982 | BD39: -0.35369194 | BE39: -0.22915498 | BF39: -0.21320183 | BG39: -0.20975719 | BH39: -0.23037372 | BI39: -0.25509756 | BJ39: -0.25947153
A40: Switzerland | B40: CHE | C40: Population growth (annual %) | D40: SP.POP.GROW | E40: 2.1722738 | F40: 1.9786151 | G40: 2.5350125 | H40: 2.1376628 | I40: 1.6542582 | J40: 1.1548425 | K40: 1.0451517 | L40: 1.2390472 | M40: 1.2592563 | N40: 1.1254205 | O40: 0.72240383 | P40: 0.52479184 | Q40: 0.76247999 | R40: 0.73822553 | S40: 0.53852083 | T40: -0.043738043 | U40: -0.57159575 | V40: -0.33901091 | W40: 0.00897881 | X40: 0.20080949 | Y40: 0.39707442 | Z40: 0.54706491 | AA40: 0.58429168 | AB40: 0.42878792 | AC40: 0.35911165 | AD40: 0.44144267 | AE40: 0.52039161 | AF40: 0.62811575 | AG40: 0.73494306 | AH40: 0.80853606 | AI40: 1.0268731 | AJ40: 1.249826 | AK40: 1.1025211 | AL40: 0.91071557 | AM40: 0.79715841 | AN40: 0.66824233 | AO40: 0.44163641 | AP40: 0.24089121 | AQ40: 0.29713577 | AR40: 0.47691993 | AS40: 0.56195462 | AT40: 0.63277124 | AU40: 0.75646915 | AV40: 0.7419196 | AW40: 0.68742596 | AX40: 0.64060154 | AY40: 0.62755847 | AZ40: 0.89369098 | BA40: 1.2706181 | BB40: 1.2494846 | BC40: 1.0415581 | BD40: 1.1118789 | BE40: 1.0618193 | BF40: 1.1498798 | BG40: 1.220104 | BH40: 1.1383372 | BI40: 1.0920312 | BJ40: 1.100754
A41: Channel Islands | B41: CHI | C41: Population growth (annual %) | D41: SP.POP.GROW | E41: 0.82131275 | F41: 0.89073872 | G41: 0.95377905 | H41: 1.0158443 | I41: 1.0407925 | J41: 1.0683414 | K41: 1.0656526 | L41: 1.0671857 | M41: 1.0601285 | N41: 1.0440065 | O41: 1.0158939 | P41: 0.99832527 | Q41: 0.97632336 | R41: 0.89475065 | S41: 0.76435935 | T41: 0.58152383 | U41: 0.38449895 | V41: 0.22118591 | W41: 0.16262529 | X41: 0.23678671 | Y41: 0.40640296 | Z41: 0.59799628 | AA41: 0.77077923 | AB41: 0.90145555 | AC41: 0.98404111 | AD41: 1.0178071 | AE41: 1.0571096 | AF41: 1.0928749 | AG41: 1.0702059 | AH41: 0.96717916 | AI41: 0.81441987 | AJ41: 0.63563364 | AK41: 0.48621434 | AL41: 0.39357838 | AM41: 0.39482517 | AN41: 0.46063471 | AO41: 0.54210431 | AP41: 0.6098923 | AQ41: 0.65393241 | AR41: 0.69031862 | AS41: 0.70037937 | AT41: 0.71553779 | AU41: 0.73696516 | AV41: 0.75064969 | AW41: 0.74179261 | AX41: 0.73114576 | AY41: 0.72133472 | AZ41: 0.70658531 | BA41: 0.68005382 | BB41: 0.64646128 | BC41: 0.61474058 | BD41: 0.57236205 | BE41: 0.53502481 | BF41: 0.50813306 | BG41: 0.48531692 | BH41: 0.48297296 | BI41: 0.4770051 | BJ41: 0.46869165
A42: Chile | B42: CHL | C42: Population growth (annual %) | D42: SP.POP.GROW | E42: 2.2264988 | F42: 2.2238814 | G42: 2.2182618 | H42: 2.2101293 | I42: 2.1996356 | J42: 2.1849758 | K42: 2.1702933 | L42: 2.1478446 | M42: 2.1060434 | N42: 2.0404687 | O42: 1.9599502 | P42: 1.8781793 | Q42: 1.8037024 | R42: 1.7357774 | S42: 1.6771798 | T42: 1.627639 | U42: 1.5810481 | V42: 1.5404745 | W42: 1.5150999 | X42: 1.5079969 | Y42: 1.5146494 | Z42: 1.5231757 | AA42: 1.5328182 | AB42: 1.5521187 | AC42: 1.5820242 | AD42: 1.6168891 | AE42: 1.6534378 | AF42: 1.6817986 | AG42: 1.6917977 | AH42: 1.6781775 | AI42: 1.6471789 | AJ42: 1.6113984 | AK42: 1.5761666 | AL42: 1.5361941 | AM42: 1.4922746 | AN42: 1.4458754 | AO42: 1.3976051 | AP42: 1.3497364 | AQ42: 1.3043059 | AR42: 1.262809 | AS42: 1.2248261 | AT42: 1.1867838 | AU42: 1.1501513 | AV42: 1.119612 | AW42: 1.0967551 | AX42: 1.0789735 | AY42: 1.0640367 | AZ42: 1.0477831 | BA42: 1.0270761 | BB42: 1.0002656 | BC42: 0.96924739 | BD42: 0.93715715 | BE42: 0.90757976 | BF42: 0.88136307 | BG42: 0.8599246 | BH42: 0.84171112 | BI42: 0.82457973 | BJ42: 0.80619981
A43: China | B43: CHN | C43: Population growth (annual %) | D43: SP.POP.GROW | E43: 1.8328677 | F43: -1.0155278 | G43: 0.82045555 | H43: 2.4576474 | I43: 2.320683 | J43: 2.3813681 | K43: 2.7873318 | L43: 2.5706976 | M43: 2.6109026 | N43: 2.7400021 | O43: 2.7616756 | P43: 2.7469155 | Q43: 2.4573569 | R43: 2.2833954 | S43: 2.065955 | T43: 1.7663918 | U43: 1.547338 | V43: 1.3627795 | W43: 1.3381823 | X43: 1.333928 | Y43: 1.2542211 | Z43: 1.2809523 | AA43: 1.4726748 | AB43: 1.4449497 | AC43: 1.3120688 | AD43: 1.3616991 | AE43: 1.4873989 | AF43: 1.6036051 | AG43: 1.6100711 | AH43: 1.53317 | AI43: 1.4673032 | AJ43: 1.364434 | AK43: 1.2255362 | AL43: 1.1496194 | AM43: 1.1302606 | AN43: 1.0865092 | AO43: 1.0481415 | AP43: 1.02345 | AQ43: 0.95955041 | AR43: 0.86585139 | AS43: 0.78795659 | AT43: 0.72638064 | AU43: 0.66999957 | AV43: 0.62286094 | AW43: 0.59393282 | AX43: 0.58812499 | AY43: 0.55837437 | AZ43: 0.52227187 | BA43: 0.51238693 | BB43: 0.4973814 | BC43: 0.48295969 | BD43: 0.47915045 | BE43: 0.48723112 | BF43: 0.49370963 | BG43: 0.50631159 | BH43: 0.50813675 | BI43: 0.54147851 | BJ43: 0.55912133
A44: Cote d'Ivoire | B44: CIV | C44: Population growth (annual %) | D44: SP.POP.GROW | E44: 3.5188603 | F44: 3.7289141 | G44: 3.8985858 | H44: 3.9778085 | I44: 3.9496453 | J44: 3.8644128 | K44: 3.7559891 | L44: 3.7002733 | M44: 3.7499473 | N44: 3.9284526 | O44: 4.1761932 | P44: 4.4205836 | Q44: 4.6001114 | R44: 4.7081733 | S44: 4.732135 | T44: 4.6984705 | U44: 4.6473409 | V44: 4.5993199 | W44: 4.5453306 | X44: 4.489938 | Y44: 4.430069 | Z44: 4.3689913 | AA44: 4.2970764 | AB44: 4.2031809 | AC44: 4.0851869 | AD44: 3.9559316 | AE44: 3.816731 | AF44: 3.6915977 | AG44: 3.6059031 | AH44: 3.5680527 | AI44: 3.5554502 | AJ44: 3.5415521 | AK44: 3.5021592 | AL44: 3.4328488 | AM44: 3.3271986 | AN44: 3.1948086 | AO44: 3.0773551 | AP44: 2.9615746 | AQ44: 2.7997901 | AR44: 2.5832338 | AS44: 2.3424263 | AT44: 2.0968777 | AU44: 1.89716 | AV44: 1.7853533 | AW44: 1.7848509 | AX44: 1.8636782 | AY44: 1.9610444 | AZ44: 2.0458681 | BA44: 2.1359187 | BB44: 2.2234323 | BC44: 2.3054643 | BD44: 2.3924636 | BE44: 2.4735064 | BF44: 2.5250164 | BG44: 2.5397666 | BH44: 2.5291631 | BI44: 2.5103536 | BJ44: 2.4957438
A45: Cameroon | B45: CMR | C45: Population growth (annual %) | D45: SP.POP.GROW | E45: 2.0191203 | F45: 2.0831994 | G45: 2.1468182 | H45: 2.2053494 | I45: 2.2565294 | J45: 2.3025575 | K45: 2.348342 | L45: 2.395639 | M45: 2.4415525 | N45: 2.4862309 | O45: 2.5298187 | P45: 2.5726199 | Q45: 2.6153904 | R45: 2.6605652 | S45: 2.7087096 | T45: 2.7584177 | U45: 2.8042521 | V45: 2.8474688 | W45: 2.8922618 | X45: 2.939505 | Y45: 2.9857506 | Z45: 3.0247024 | AA45: 3.0548477 | AB45: 3.0796202 | AC45: 3.0987613 | AD45: 3.1101492 | AE45: 3.1178151 | AF45: 3.1142382 | AG45: 3.0888096 | AH45: 3.0384711 | AI45: 2.9720417 | AJ45: 2.9065957 | AK45: 2.8461818 | AL45: 2.7811123 | AM45: 2.7121785 | AN45: 2.6446807 | AO45: 2.5775782 | AP45: 2.5232043 | AQ45: 2.4968852 | AR45: 2.504399 | AS45: 2.535052 | AT45: 2.5703666 | AU45: 2.6009051 | AV45: 2.6317654 | AW45: 2.6605715 | AX45: 2.6861165 | AY45: 2.7111636 | AZ45: 2.7323792 | BA45: 2.7432612 | BB45: 2.7416385 | BC45: 2.7306902 | BD45: 2.7165869 | BE45: 2.7015959 | BF45: 2.6831629 | BG45: 2.6618761 | BH45: 2.6385361 | BI45: 2.6135851 | BJ45: 2.5880588
A46: Congo, Dem. Rep. | B46: COD | C46: Population growth (annual %) | D46: SP.POP.GROW | E46: 2.4999888 | F46: 2.5221968 | G46: 2.5477564 | H46: 2.5886102 | I46: 2.6495283 | J46: 2.7192119 | K46: 2.7931045 | L46: 2.8497052 | M46: 2.8694308 | N46: 2.8444505 | O46: 2.7924146 | P46: 2.7257879 | Q46: 2.6740308 | R46: 2.6589151 | S46: 2.6914603 | T46: 2.750733 | U46: 2.8272755 | V46: 2.8804655 | W46: 2.8744797 | X46: 2.79464 | Y46: 2.6744645 | Z46: 2.5546154 | AA46: 2.4760525 | AB46: 2.4502719 | AC46: 2.491502 | AD46: 2.5828841 | AE46: 2.6496107 | AF46: 2.7133071 | AG46: 2.8586475 | AH46: 3.099296 | AI46: 3.3761715 | AJ46: 3.6875153 | AK46: 3.9079584 | AL46: 3.9055976 | AM46: 3.6412953 | AN46: 3.2299179 | AO46: 2.7851787 | AP46: 2.4472204 | AQ46: 2.279055 | AR46: 2.332368 | AS46: 2.5335462 | AT46: 2.7611286 | AU46: 2.9349895 | AV46: 3.0711525 | AW46: 3.1493066 | AX46: 3.1867018 | AY46: 3.2197278 | AZ46: 3.2614959 | BA46: 3.2935492 | BB46: 3.316441 | BC46: 3.330936 | BD46: 3.338296 | BE46: 3.3388715 | BF46: 3.3323669 | BG46: 3.3191759 | BH46: 3.3004164 | BI46: 3.2785336 | BJ46: 3.2535326
A47: Congo, Rep. | B47: COG | C47: Population growth (annual %) | D47: SP.POP.GROW | E47: 2.5026638 | F47: 2.5595652 | G47: 2.6138532 | H47: 2.6598353 | I47: 2.6980543 | J47: 2.7308256 | K47: 2.7544652 | L47: 2.779498 | M47: 2.8209757 | N47: 2.8808616 | O47: 2.9493294 | P47: 3.0189324 | Q47: 3.0714719 | R47: 3.0905562 | S47: 3.070135 | T47: 3.0230898 | U47: 2.9681421 | V47: 2.9229641 | W47: 2.8971036 | X47: 2.8969779 | Y47: 2.9119823 | Z47: 2.9317603 | AA47: 2.9394158 | AB47: 2.9277207 | AC47: 2.8926572 | AD47: 2.8428699 | AE47: 2.7934425 | AF47: 2.7541681 | AG47: 2.7280316 | AH47: 2.7169902 | AI47: 2.7184511 | AJ47: 2.7209393 | AK47: 2.7244804 | AL47: 2.7356572 | AM47: 2.7553389 | AN47: 2.7803836 | AO47: 2.8166808 | AP47: 2.8503261 | AQ47: 2.8610869 | AR47: 2.8423542 | AS47: 2.8100561 | AT47: 2.754238 | AU47: 2.7184238 | AV47: 2.7597454 | AW47: 2.8961115 | AX47: 3.0807706 | AY47: 3.2836818 | AZ47: 3.4250096 | BA47: 3.4406381 | BB47: 3.3047474 | BC47: 3.0783627 | BD47: 2.8326652 | BE47: 2.6380662 | BF47: 2.5154884 | BG47: 2.4882151 | BH47: 2.5247144 | BI47: 2.5723574 | BJ47: 2.5982895
A48: Colombia | B48: COL | C48: Population growth (annual %) | D48: SP.POP.GROW | E48: 2.9901531 | F48: 3.0001744 | G48: 3.0038144 | H48: 3.002326 | I48: 2.9958059 | J48: 2.9809028 | K48: 2.9706485 | L48: 2.9473393 | M48: 2.881031 | N48: 2.7640497 | O48: 2.6189406 | P48: 2.465903 | Q48: 2.3376552 | R48: 2.2542017 | S48: 2.2285336 | T48: 2.2423162 | U48: 2.262192 | V48: 2.2711796 | W48: 2.2785563 | X48: 2.2805736 | Y48: 2.2767508 | Z48: 2.2743691 | AA48: 2.2688612 | AB48: 2.2480394 | AC48: 2.2086945 | AD48: 2.1564815 | AE48: 2.0998622 | AF48: 2.0457255 | AG48: 1.994588 | AH48: 1.948738 | AI48: 1.9062699 | AJ48: 1.8651113 | AK48: 1.8217231 | AL48: 1.7741283 | AM48: 1.7211604 | AN48: 1.6655222 | AO48: 1.6083347 | AP48: 1.5552234 | AQ48: 1.5117262 | AR48: 1.4805894 | AS48: 1.4576558 | AT48: 1.4373767 | AU48: 1.4137157 | AV48: 1.3847041 | AW48: 1.3478923 | AX48: 1.3056163 | AY48: 1.2628254 | AZ48: 1.2217547 | BA48: 1.1805579 | BB48: 1.139627 | BC48: 1.0990858 | BD48: 1.0583372 | BE48: 1.0179926 | BF48: 0.9795964 | BG48: 0.94378271 | BH48: 0.90978181 | BI48: 0.87678663 | BJ48: 0.84364003
A49: Comoros | B49: COM | C49: Population growth (annual %) | D49: SP.POP.GROW | E49: 1.5948948 | F49: 1.5667662 | G49: 1.5633903 | H49: 1.5967339 | I49: 1.6732837 | J49: 1.7856532 | K49: 1.9355967 | L49: 2.0680468 | M49: 2.1436331 | N49: 2.1306031 | O49: 2.077026 | P49: 1.9755408 | Q49: 1.9376861 | R49: 2.0573989 | S49: 2.385651 | T49: 2.8327022 | U49: 3.3115748 | V49: 3.671888 | W49: 3.8167659 | X49: 3.7029917 | Y49: 3.4308376 | Z49: 3.1267187 | AA49: 2.8983399 | AB49: 2.7601814 | AC49: 2.7497397 | AD49: 2.8172405 | AE49: 2.8910746 | AF49: 2.9349614 | AG49: 2.958298 | AH49: 2.9634149 | AI49: 2.9493303 | AJ49: 2.9394096 | AK49: 2.9237716 | AL49: 2.8963708 | AM49: 2.8531332 | AN49: 2.7979655 | AO49: 2.7455483 | AP49: 2.6907073 | AQ49: 2.6407704 | AR49: 2.5786862 | AS49: 2.52234 | AT49: 2.4642379 | AU49: 2.4155073 | AV49: 2.3827134 | AW49: 2.3749908 | AX49: 2.382367 | AY49: 2.3906435 | AZ49: 2.3967174 | BA49: 2.4036284 | BB49: 2.4087191 | BC49: 2.4125419 | BD49: 2.4175741 | BE49: 2.4188193 | BF49: 2.4066106 | BG49: 2.3833734 | BH49: 2.3476995 | BI49: 2.3111914 | BJ49: 2.2754448
A50: Cabo Verde | B50: CPV | C50: Population growth (annual %) | D50: SP.POP.GROW | E50: 1.1953918 | F50: 1.7861379 | G50: 2.3565049 | H50: 2.8245698 | I50: 3.1485015 | J50: 3.3310495 | K50: 3.541132 | L50: 3.6756185 | M50: 3.4618355 | N50: 2.83317 | O50: 1.9768653 | P50: 1.0287467 | Q50: 0.24110812 | R50: -0.23634619 | S50: -0.26150901 | T50: 0.048098548 | U50: 0.45012208 | V50: 0.76990801 | W50: 1.0719554 | X50: 1.310176 | Y50: 1.4908759 | Z50: 1.710348 | AA50: 1.9301416 | AB50: 2.0255315 | AC50: 1.9678652 | AD50: 1.8166421 | AE50: 1.6101045 | AF50: 1.460319 | AG50: 1.459929 | AH50: 1.6584447 | AI50: 1.9788938 | AJ50: 2.3275992 | AK50: 2.5828488 | AL50: 2.726153 | AM50: 2.7113146 | AN50: 2.5958039 | AO50: 2.4486564 | AP50: 2.3303671 | AQ50: 2.2164498 | AR50: 2.1247634 | AS50: 2.0419487 | AT50: 1.9657094 | AU50: 1.8731947 | AV50: 1.7629338 | AW50: 1.6204086 | AX50: 1.465272 | AY50: 1.3038174 | AZ50: 1.1668469 | BA50: 1.0806097 | BB50: 1.0600027 | BC50: 1.0849191 | BD50: 1.1248561 | BE50: 1.156908 | BF50: 1.1850228 | BG50: 1.2099029 | BH50: 1.2226518 | BI50: 1.2395809 | BJ50: 1.2575353
A51: Costa Rica | B51: CRI | C51: Population growth (annual %) | D51: SP.POP.GROW | E51: 3.5747367 | F51: 3.6009617 | G51: 3.6008839 | H51: 3.5604247 | I51: 3.4774388 | J51: 3.3636483 | K51: 3.2532658 | L51: 3.1483354 | M51: 3.0313408 | N51: 2.9022848 | O51: 2.7724587 | P51: 2.6417877 | Q51: 2.5324024 | R51: 2.4702033 | S51: 2.4664956 | T51: 2.5020452 | U51: 2.5462059 | V51: 2.5798695 | W51: 2.6121548 | X51: 2.6368552 | Y51: 2.6551948 | Z51: 2.6767291 | AA51: 2.6950374 | AB51: 2.6908562 | AC51: 2.661294 | AD51: 2.6143165 | AE51: 2.5584545 | AF51: 2.5110618 | AG51: 2.4876265 | AH51: 2.4952364 | AI51: 2.5198596 | AJ51: 2.540268 | AK51: 2.5437572 | AL51: 2.5321768 | AM51: 2.5031551 | AN51: 2.4576909 | AO51: 2.4145835 | AP51: 2.3627312 | AQ51: 2.2724974 | AR51: 2.1363463 | AS51: 1.9737806 | AT51: 1.8014329 | AU51: 1.6478284 | AV51: 1.5329561 | AW51: 1.4692177 | AX51: 1.4417291 | AY51: 1.4247197 | AZ51: 1.3983441 | BA51: 1.3647026 | BB51: 1.317725 | BC51: 1.2623565 | BD51: 1.207001 | BE51: 1.1593937 | BF51: 1.1170218 | BG51: 1.0814588 | BH51: 1.051233 | BI51: 1.022696 | BJ51: 0.99344843
A52: Caribbean small states | B52: CSS | C52: Population growth (annual %) | D52: SP.POP.GROW | F52: 1.8935014 | G52: 1.8688102 | H52: 1.8141948 | I52: 1.7229068 | J52: 1.6070695 | K52: 1.4859423 | L52: 1.3805139 | M52: 1.3025609 | N52: 1.2607059 | O52: 1.2433777 | P52: 1.2364749 | Q52: 1.2238726 | R52: 1.2086369 | S52: 1.1845026 | T52: 1.1562846 | U52: 1.1218822 | V52: 1.0927628 | W52: 1.0879275 | X52: 1.1115466 | Y52: 1.1520028 | Z52: 1.2085658 | AA52: 1.2483556 | AB52: 1.2264316 | AC52: 1.1258245 | AD52: 0.97599132 | AE52: 0.80334975 | AF52: 0.66205873 | AG52: 0.58852041 | AH52: 0.60982617 | AI52: 0.69745232 | AJ52: 0.80692652 | AK52: 0.8905961 | AL52: 0.93518161 | AM52: 0.92271535 | AN52: 0.8696055 | AO52: 0.80815824 | AP52: 0.76228588 | AQ52: 0.72820258 | AR52: 0.71324656 | AS52: 0.71217409 | AT52: 0.71240547 | AU52: 0.70814156 | AV52: 0.70177324 | AW52: 0.69108085 | AX52: 0.67832742 | AY52: 0.66410014 | AZ52: 0.6520355 | BA52: 0.64359331 | BB52: 0.6412905 | BC52: 0.64214686 | BD52: 0.64326149 | BE52: 0.64172512 | BF52: 0.63271394 | BG52: 0.61513821 | BH52: 0.59012836 | BI52: 0.56244681 | BJ52: 0.5358105
A53: Cuba | B53: CUB | C53: Population growth (annual %) | D53: SP.POP.GROW | E53: 1.9178885 | F53: 2.060795 | G53: 2.1788313 | H53: 2.2292345 | I53: 2.191409 | J53: 2.0940618 | K53: 1.9735844 | L53: 1.8702906 | M53: 1.7963203 | N53: 1.7656138 | O53: 1.7586658 | P53: 1.7610607 | Q53: 1.7361345 | R53: 1.6565302 | S53: 1.5068999 | T53: 1.3124878 | U53: 1.1150155 | V53: 0.94280099 | W53: 0.79305403 | X53: 0.67627201 | Y53: 0.59030991 | Z53: 0.49733892 | AA53: 0.41807575 | AB53: 0.41332518 | AC53: 0.50366924 | AD53: 0.65602069 | AE53: 0.84043436 | AF53: 0.99307713 | AG53: 1.065247 | AH53: 1.0252242 | AI53: 0.90725251 | AJ53: 0.76725672 | AK53: 0.65222617 | AL53: 0.56460032 | AM53: 0.52160645 | AN53: 0.50980437 | AO53: 0.50275737 | AP53: 0.48210343 | AQ53: 0.45397141 | AR53: 0.41406022 | AS53: 0.3659541 | AT53: 0.3205944 | AU53: 0.28080042 | AV53: 0.23939058 | AW53: 0.1959504 | AX53: 0.15353514 | AY53: 0.10610933 | AZ53: 0.065964838 | BA53: 0.053658354 | BB53: 0.078202769 | BC53: 0.1275757 | BD53: 0.19041159 | BE53: 0.24185476 | BF53: 0.26340796 | BG53: 0.24155516 | BH53: 0.18920412 | BI53: 0.12686698 | BJ53: 0.07538125
A54: Curacao | B54: CUW | C54: Population growth (annual %) | D54: SP.POP.GROW | E54: 0.73572016 | F54: 1.0352711 | G54: 1.7985941 | H54: 1.886863 | I54: 1.7333242 | J54: 1.5781919 | K54: 1.041385 | L54: 1.0610604 | M54: 1.5501068 | N54: 1.6141527 | O54: 1.5021861 | P54: 1.814323 | Q54: 0.21755419 | R54: -0.5417124 | S54: 0.97473195 | T54: 0.52306157 | U54: 0.1808876 | V54: 0.040152849 | W54: -0.75084302 | X54: -0.33086677 | Y54: 0.12842525 | Z54: 0.39640056 | AA54: 0.98551328 | AB54: 0.70238621 | AC54: 0.51534431 | AD54: 0.50615402 | AE54: -0.032091901 | AF54: -0.79311736 | AG54: -1.4645601 | AH54: -1.5645629 | AI54: -1.0515358 | AJ54: -0.68805632 | AK54: -0.34060002 | AL54: 0.26855341 | AM54: 0.22912213 | AN54: 0.35131468 | AO54: 0.80084149 | AP54: 0.44329034 | AQ54: -1.7047505 | AR54: -3.5537378 | AS54: -4.0753861 | AT54: -3.6617799 | AU54: 0.12236112 | AV54: 2.0621025 | AW54: 1.7250295 | AX54: 2.5500738 | AY54: 2.5681143 | AZ54: 1.9748622 | BA54: 1.2582253 | BB54: 0.65115206 | BC54: 1.2655142 | BD54: 1.4208977 | BE54: 0.8299296 | BF54: 1.1336789 | BG54: 1.3476414 | BH54: 1.3195939 | BI54: 1.0596901 | BJ54: 0.84259738
A55: Cayman Islands | B55: CYM | C55: Population growth (annual %) | D55: SP.POP.GROW | E55: 2.5105921 | F55: 2.0263735 | G55: 1.4840737 | H55: 0.9894419 | I55: 0.85930937 | J55: 0.85198811 | K55: 0.8566382 | L55: 0.94329198 | M55: 1.2826668 | N55: 2.2454833 | O55: 3.528272 | P55: 4.6684044 | Q55: 5.6311472 | R55: 6.1970111 | S55: 6.4109553 | T55: 6.2862914 | U55: 6.1604214 | V55: 6.0994967 | W55: 5.7555705 | X55: 5.2029671 | Y55: 4.5442229 | Z55: 3.8061102 | AA55: 3.3214358 | AB55: 3.1197584 | AC55: 3.4956507 | AD55: 4.0686085 | AE55: 4.7425731 | AF55: 5.2332209 | AG55: 5.4666389 | AH55: 5.3473895 | AI55: 5.0599076 | AJ55: 4.6979726 | AK55: 4.4433517 | AL55: 4.4324829 | AM55: 4.8015219 | AN55: 5.2403973 | AO55: 5.7186479 | AP55: 5.9641876 | AQ55: 5.8459175 | AR55: 5.3347357 | AS55: 4.6121432 | AT55: 3.8332752 | AU55: 3.2301171 | AV55: 2.8426655 | AW55: 2.7239247 | AX55: 2.758695 | AY55: 2.856671 | AZ55: 2.8608843 | BA55: 2.7643055 | BB55: 2.52427 | BC55: 2.2371727 | BD55: 1.9128753 | BE55: 1.6546976 | BF55: 1.4634323 | BG55: 1.3629266 | BH55: 1.3279248 | BI55: 1.328626 | BJ55: 1.2982099
A56: Cyprus | B56: CYP | C56: Population growth (annual %) | D56: SP.POP.GROW | E56: 1.0435988 | F56: 0.60296444 | G56: 0.22459341 | H56: 0.038421467 | I56: 0.12347175 | J56: 0.40341795 | K56: 0.74459691 | L56: 1.0198828 | M56: 1.2077797 | N56: 1.2651608 | O56: 1.2311036 | P56: 1.1726529 | Q56: 1.1439348 | R56: 1.1256436 | S56: 1.1316415 | T56: 1.1479167 | U56: 1.1901105 | V56: 1.2084237 | W56: 1.1537506 | X56: 0.99907575 | Y56: 0.79023889 | Z56: 0.54809646 | AA56: 0.3662899 | AB56: 0.34276783 | AC56: 0.52306711 | AD56: 0.85200786 | AE56: 1.2223074 | AF56: 1.5377943 | AG56: 1.794605 | AH56: 1.9583516 | AI56: 2.0519177 | AJ56: 2.1314018 | AK56: 2.2075255 | AL56: 2.240732 | AM56: 2.2175475 | AN56: 2.1595007 | AO56: 2.0869484 | AP56: 2.0139918 | AQ56: 1.9459516 | AR56: 1.890882 | AS56: 1.8441295 | AT56: 1.7857467 | AU56: 1.722486 | AV56: 1.6845621 | AW56: 1.6813996 | AX56: 1.6926238 | AY56: 1.7221421 | AZ56: 1.7260829 | BA56: 1.664254 | BB56: 1.515234 | BC56: 1.3146353 | BD56: 1.0930448 | BE56: 0.90509168 | BF56: 0.77527047 | BG56: 0.73277757 | BH56: 0.75010273 | BI56: 0.7841798 | BJ56: 0.80232769
A57: Czech Republic | B57: CZE | C57: Population growth (annual %) | D57: SP.POP.GROW | E57: 1.3065078 | F57: -0.1600425 | G57: 0.39569449 | H57: 0.47705897 | I57: 0.58890324 | J57: 0.52856607 | K57: 0.42531854 | L57: 0.32387035 | M57: 0.23768787 | N57: 0.20466376 | O57: -0.38987324 | P57: -0.3175637 | Q57: 0.41450322 | R57: 0.55214169 | S57: 0.66490039 | T57: 0.69996518 | U57: 0.66703711 | V57: 0.59879976 | W57: 0.54181344 | X57: 0.4893545 | Y57: 0.11508734 | Z57: -0.034962755 | AA57: 0.13810055 | AB57: 0.087505593 | AC57: 0.06155688 | AD57: 0.066820435 | AE57: 0.049411624 | AF57: 0.049213263 | AG57: 0.076879259 | AH57: 0.055917204 | AI57: -0.26783077 | AJ57: -0.24006484 | AK57: 0.10224117 | AL57: 0.10394704 | AM57: 0.036121766 | AN57: -0.061314063 | AO57: -0.1163813 | AP57: -0.10776275 | AQ57: -0.094744752 | AR57: -0.10217593 | AS57: -0.28041411 | AT57: -0.3757197 | AU57: -0.19290162 | AV57: -0.028620591 | AW57: 0.030434848 | AX57: 0.13832598 | AY57: 0.27079563 | AZ57: 0.58354221 | BA57: 0.8294126 | BB57: 0.56972945 | BC57: 0.29136167 | BD57: 0.20674767 | BE57: 0.13992566 | BF57: 0.033169946 | BG57: 0.10527758 | BH57: 0.19658875 | BI57: 0.19204842 | BJ57: 0.23623612
A58: Germany | B58: DEU | C58: Population growth (annual %) | D58: SP.POP.GROW | E58: 0.78266866 | F58: 0.76985434 | G58: 0.87943169 | H58: 0.92587506 | I58: 0.80514088 | J58: 0.85319044 | K58: 0.8345608 | L58: 0.45720853 | M58: 0.44471733 | N58: 0.79298374 | O58: 0.33266139 | P58: 0.18347531 | Q58: 0.47848105 | R58: 0.31494245 | S58: 0.038969223 | T58: -0.37284636 | U58: -0.42876687 | V58: -0.22637666 | W58: -0.087031415 | X58: 0.044207406 | Y58: 0.20743041 | Z58: 0.15230849 | AA58: -0.095113437 | AB58: -0.26215257 | AC58: -0.3456664 | AD58: -0.2234899 | AE58: 0.045768064 | AF58: 0.15361758 | AG58: 0.39067896 | AH58: 0.77333699 | AI58: 0.86196945 | AJ58: 0.72860555 | AK58: 0.76034695 | AL58: 0.65739122 | AM58: 0.34685665 | AN58: 0.29390444 | AO58: 0.2894749 | AP58: 0.14631328 | AQ58: 0.015143651 | AR58: 0.064634578 | AS58: 0.1354316 | AT58: 0.16822536 | AU58: 0.16812832 | AV58: 0.055363304 | AW58: -0.021709728 | AX58: -0.056778262 | AY58: -0.1127975 | AZ58: -0.13371857 | BA58: -0.19014284 | BB58: -0.25338341 | BC58: -0.15319845 | BD58: -1.8537146 | BE58: 0.1877278 | BF58: 0.27290021 | BG58: 0.41687736 | BH58: 0.86570264 | BI58: 0.80721854 | BJ58: 0.41968469
A59: Djibouti | B59: DJI | C59: Population growth (annual %) | D59: SP.POP.GROW | E59: 4.9309214 | F59: 5.6505903 | G59: 6.2482691 | H59: 6.5967905 | I59: 6.6832094 | J59: 6.6347695 | K59: 6.6483993 | L59: 6.7128944 | M59: 6.6713715 | N59: 6.4944687 | O59: 6.3158614 | P59: 5.9057188 | Q59: 5.6538941 | R59: 6.1372666 | S59: 7.388343 | T59: 8.8570166 | U59: 10.320549 | V59: 11.007708 | W59: 10.43805 | X59: 8.7238347 | Y59: 6.5846858 | Z59: 4.354705 | AA59: 2.7188971 | AB59: 2.1901262 | AC59: 3.0546786 | AD59: 4.7135452 | AE59: 6.5361554 | AF59: 7.6186598 | AG59: 7.5907908 | AH59: 6.3826546 | AI59: 4.5983798 | AJ59: 2.7474871 | AK59: 1.3438312 | AL59: 0.55790389 | AM59: 0.62392364 | AN59: 1.2807159 | AO59: 2.0869313 | AP59: 2.6477918 | AQ59: 2.930966 | AR59: 2.822936 | AS59: 2.466826 | AT59: 2.086134 | AU59: 1.8270449 | AV59: 1.6472599 | AW59: 1.5872259 | AX59: 1.6090375 | AY59: 1.6403421 | AZ59: 1.6435245 | BA59: 1.65803 | BB59: 1.675689 | BC59: 1.6950783 | BD59: 1.7228481 | BE59: 1.7455435 | BF59: 1.7440383 | BG59: 1.7111823 | BH59: 1.6580269 | BI59: 1.5958647 | BJ59: 1.5429002
A60: Dominica | B60: DMA | C60: Population growth (annual %) | D60: SP.POP.GROW | E60: 1.8313343 | F60: 1.6870438 | G60: 1.5445704 | H60: 1.4988271 | I60: 1.5893873 | J60: 1.724555 | K60: 1.9384081 | L60: 2.0523568 | M60: 1.9806683 | N60: 1.6847432 | O60: 1.2174039 | P60: 0.69545015 | Q60: 0.23028139 | R60: 0.013939419 | S60: 0.087773689 | T60: 0.39888587 | U60: 0.75724439 | V60: 1.0530521 | W60: 1.125624 | X60: 0.91575854 | Y60: 0.51784273 | Z60: 0.080961455 | AA60: -0.27234399 | AB60: -0.56431375 | AC60: -0.71697407 | AD60: -0.77102427 | AE60: -0.8427246 | AF60: -0.90099994 | AG60: -0.87154987 | AH60: -0.6993818 | AI60: -0.44454521 | AJ60: -0.11850348 | AK60: 0.18052074 | AL60: 0.33760055 | AM60: 0.22863886 | AN60: -0.0070056956 | AO60: -0.31295416 | AP60: -0.55251095 | AQ60: -0.65653973 | AR60: -0.55209744 | AS60: -0.32526412 | AT60: -0.0086116573 | AU60: 0.22079812 | AV60: 0.38451415 | AW60: 0.40719915 | AX60: 0.35175844 | AY60: 0.25453582 | AZ60: 0.20175377 | BA60: 0.17461842 | BB60: 0.21784511 | BC60: 0.29578977 | BD60: 0.38838256 | BE60: 0.45352814 | BF60: 0.49292559 | BG60: 0.52074123 | BH60: 0.52624488 | BI60: 0.51941087 | BJ60: 0.51807966
A61: Denmark | B61: DNK | C61: Population growth (annual %) | D61: SP.POP.GROW | E61: 0.66527866 | F61: 0.69814205 | G61: 0.77845492 | H61: 0.78772745 | I61: 0.79921289 | J61: 0.77923974 | K61: 0.80300603 | L61: 0.78841984 | M61: 0.60883237 | N61: 0.55299332 | O61: 0.75142272 | P61: 0.69489577 | Q61: 0.57199142 | R61: 0.60448838 | S61: 0.46559401 | T61: 0.2882688 | U61: 0.25135079 | V61: 0.31144552 | W61: 0.31059609 | X61: 0.24563049 | Y61: 0.12160362 | Z61: -0.028405212 | AA61: -0.073481 | AB61: -0.068666212 | AC61: -0.052376727 | AD61: 0.040526889 | AE61: 0.13372778 | AF61: 0.12666434 | AG61: 0.048593386 | AH61: 0.059987665 | AI61: 0.16245632 | AJ61: 0.25951821 | AK61: 0.3306714 | AL61: 0.3331664 | AM61: 0.33770738 | AN61: 0.52096218 | AO61: 0.56592634 | AP61: 0.41556497 | AQ61: 0.36316252 | AR61: 0.33088625 | AS61: 0.33423362 | AT61: 0.35831568 | AU61: 0.31948713 | AV61: 0.27201044 | AW61: 0.25843228 | AX61: 0.27548173 | AY61: 0.32864516 | AZ61: 0.44346605 | BA61: 0.58754759 | BB61: 0.53507906 | BC61: 0.44419715 | BD61: 0.41173786 | BE61: 0.37627224 | BF61: 0.41690136 | BG61: 0.50705328 | BH61: 0.70642385 | BI61: 0.78039264 | BJ61: 0.72350985
A62: Dominican Republic | B62: DOM | C62: Population growth (annual %) | D62: SP.POP.GROW | E62: 3.3739391 | F62: 3.3510983 | G62: 3.3197627 | H62: 3.2782696 | I62: 3.2268505 | J62: 3.168879 | K62: 3.1074069 | L62: 3.0454392 | M62: 2.9832422 | N62: 2.922254 | O62: 2.8621752 | P62: 2.8028286 | Q62: 2.7436359 | R62: 2.6843157 | S62: 2.6247989 | T62: 2.5659145 | U62: 2.5078927 | V62: 2.4530745 | W62: 2.4035371 | X62: 2.3605466 | Y62: 2.3220143 | Z62: 2.2858751 | AA62: 2.2497102 | AB62: 2.2132118 | AC62: 2.1759625 | AD62: 2.1383903 | AE62: 2.0996856 | AF62: 2.062358 | AG62: 2.0295196 | AH62: 2.0023395 | AI62: 1.9781922 | AJ62: 1.9570873 | AK62: 1.9322938 | AL62: 1.8954659 | AM62: 1.8430909 | AN62: 1.7816613 | AO62: 1.7170876 | AP62: 1.6595508 | AQ62: 1.6149104 | AR62: 1.5872756 | AS62: 1.5715023 | AT62: 1.5586175 | AU62: 1.5421132 | AV62: 1.5222166 | AW62: 1.4967886 | AX62: 1.4674621 | AY62: 1.4377451 | AZ62: 1.4094022 | BA62: 1.3810143 | BB62: 1.3526914 | BC62: 1.3244239 | BD62: 1.2959728 | BE62: 1.2670342 | BF62: 1.2365051 | BG62: 1.2041249 | BH62: 1.1708226 | BI62: 1.1370567 | BJ62: 1.103935
A63: Algeria | B63: DZA | C63: Population growth (annual %) | D63: SP.POP.GROW | E63: 2.5114339 | F63: 2.4854732 | G63: 2.4707371 | H63: 2.4920352 | I63: 2.5604351 | J63: 2.6562011 | K63: 2.7596704 | L63: 2.8400436 | M63: 2.8799805 | N63: 2.869095 | O63: 2.8271858 | P63: 2.7793928 | Q63: 2.7491676 | R63: 2.7411219 | S63: 2.7625078 | T63: 2.803819 | U63: 2.8388301 | V63: 2.8668187 | W63: 2.9088708 | X63: 2.966889 | Y63: 3.0289826 | Z63: 3.0854165 | AA63: 3.1199318 | AB63: 3.1223863 | AC63: 3.0871234 | AD63: 3.0234226 | AE63: 2.9489525 | AF63: 2.8697343 | AG63: 2.7773522 | AH63: 2.6729422 | AI63: 2.5590394 | AJ63: 2.447244 | AK63: 2.3328873 | AL63: 2.201996 | AM63: 2.0517523 | AN63: 1.8931162 | AO63: 1.7392561 | AP63: 1.6035352 | AQ63: 1.4908075 | AR63: 1.4071314 | AS63: 1.3496634 | AT63: 1.3014527 | AU63: 1.2672311 | AV63: 1.2685795 | AW63: 1.3109241 | AX63: 1.3833984 | AY63: 1.4597087 | AZ63: 1.5340383 | BA63: 1.6212981 | BB63: 1.7207174 | BC63: 1.8213582 | BD63: 1.9247866 | BE63: 2.0066142 | BF63: 2.0360917 | BG63: 2.0006665 | BH63: 1.919959 | BI63: 1.8254634 | BJ63: 1.7384558
A64: East Asia & Pacific (excluding high income) | B64: EAP | C64: Population growth (annual %) | D64: SP.POP.GROW | F64: -0.046902851 | G64: 1.3327846 | H64: 2.5617429 | I64: 2.4591334 | J64: 2.50642 | K64: 2.8120228 | L64: 2.6461577 | M64: 2.6722365 | N64: 2.7635695 | O64: 2.7724349 | P64: 2.7546993 | Q64: 2.5290226 | R64: 2.3855476 | S64: 2.2037811 | T64: 1.9583455 | U64: 1.7720219 | V64: 1.6158944 | W64: 1.5877847 | X64: 1.5865765 | Y64: 1.5376431 | Z64: 1.5686018 | AA64: 1.7156619 | AB64: 1.6963792 | AC64: 1.5932341 | AD64: 1.6173671 | AE64: 1.6952369 | AF64: 1.7663193 | AG64: 1.7558483 | AH64: 1.6833895 | AI64: 1.6179286 | AJ64: 1.5253796 | AK64: 1.4077805 | AL64: 1.3370524 | AM64: 1.3088313 | AN64: 1.2647948 | AO64: 1.2251861 | AP64: 1.1952783 | AQ64: 1.1380045 | AR64: 1.0601226 | AS64: 0.99397727 | AT64: 0.9404159 | AU64: 0.8913718 | AV64: 0.84889813 | AW64: 0.81898648 | AX64: 0.80540023 | AY64: 0.77469218 | AZ64: 0.7409374 | BA64: 0.72936155 | BB64: 0.71939597 | BC64: 0.71316395 | BD64: 0.71569992 | BE64: 0.72450692 | BF64: 0.72802873 | BG64: 0.72985736 | BH64: 0.72010578 | BI64: 0.73038568 | BJ64: 0.730982
A65: Early-demographic dividend | B65: EAR | C65: Population growth (annual %) | D65: SP.POP.GROW | F65: 2.372763 | G65: 2.4002574 | H65: 2.4185245 | I65: 2.4369383 | J65: 2.4507742 | K65: 2.4608921 | L65: 2.4751571 | M65: 2.4774125 | N65: 2.4840296 | O65: 2.4891375 | P65: 2.4927101 | Q65: 2.4940661 | R65: 2.4956065 | S65: 2.4848689 | T65: 2.4722781 | U65: 2.4555644 | V65: 2.4427265 | W65: 2.4463167 | X65: 2.4724775 | Y65: 2.5081766 | Z65: 2.5432739 | AA65: 2.565492 | AB65: 2.5681994 | AC65: 2.5453182 | AD65: 2.5068941 | AE65: 2.4635031 | AF65: 2.4211189 | AG65: 2.3706586 | AH65: 2.3122974 | AI65: 2.3547629 | AJ65: 2.1935739 | AK65: 2.1271865 | AL65: 2.0721497 | AM65: 2.0298284 | AN65: 1.9984577 | AO65: 1.9727034 | AP65: 1.9424865 | AQ65: 1.9025233 | AR65: 1.8566292 | AS65: 1.8150042 | AT65: 1.7680685 | AU65: 1.7257023 | AV65: 1.6884477 | AW65: 1.658466 | AX65: 1.6333994 | AY65: 1.6099137 | AZ65: 1.5875226 | BA65: 1.5664865 | BB65: 1.5466083 | BC65: 1.5345406 | BD65: 1.512163 | BE65: 1.4783035 | BF65: 1.4559051 | BG65: 1.4317646 | BH65: 1.4052851 | BI65: 1.3773883 | BJ65: 1.3489083
A66: East Asia & Pacific | B66: EAS | C66: Population growth (annual %) | D66: SP.POP.GROW | F66: 0.34637961 | G66: 1.3877147 | H66: 2.4360504 | I66: 2.3437746 | J66: 2.3842962 | K66: 2.6299454 | L66: 2.4801363 | M66: 2.4528098 | N66: 2.6786921 | O66: 2.6070774 | P66: 2.6126472 | Q66: 2.4076312 | R66: 2.2333783 | S66: 2.1714924 | T66: 1.9159402 | U66: 1.6795657 | V66: 1.5613703 | W66: 1.5307283 | X66: 1.5363165 | Y66: 1.4841611 | Z66: 1.5163857 | AA66: 1.6389031 | AB66: 1.610775 | AC66: 1.5074149 | AD66: 1.519375 | AE66: 1.5873556 | AF66: 1.6434085 | AG66: 1.6326481 | AH66: 1.5709085 | AI66: 1.5087137 | AJ66: 1.4300991 | AK66: 1.3189519 | AL66: 1.2531864 | AM66: 1.2353688 | AN66: 1.2063717 | AO66: 1.1697841 | AP66: 1.1281893 | AQ66: 1.0741032 | AR66: 0.99371416 | AS66: 0.93957275 | AT66: 0.89739806 | AU66: 0.84393642 | AV66: 0.79656357 | AW66: 0.76263117 | AX66: 0.74711815 | AY66: 0.73504853 | AZ66: 0.70210433 | BA66: 0.70846453 | BB66: 0.68569904 | BC66: 0.67517989 | BD66: 0.66963786 | BE66: 0.68175621 | BF66: 0.68071961 | BG66: 0.68526699 | BH66: 0.67744409 | BI66: 0.68409841 | BJ66: 0.68029881
A67: Europe & Central Asia (excluding high income) | B67: ECA | C67: Population growth (annual %) | D67: SP.POP.GROW | F67: 1.5629781 | G67: 1.5450129 | H67: 1.5267417 | I67: 1.498661 | J67: 1.4546132 | K67: 1.2107717 | L67: 1.2190148 | M67: 1.1759657 | N67: 1.1400482 | O67: 1.1305238 | P67: 1.1172094 | Q67: 1.1029664 | R67: 1.0845426 | S67: 1.0784837 | T67: 1.0732983 | U67: 1.1086009 | V67: 1.0788651 | W67: 1.0556927 | X67: 1.0382941 | Y67: 1.0551999 | Z67: 1.0630705 | AA67: 1.0016127 | AB67: 0.98664755 | AC67: 1.0452133 | AD67: 1.0389661 | AE67: 1.0210407 | AF67: 1.0075852 | AG67: 0.96685048 | AH67: 0.91481066 | AI67: 0.67050374 | AJ67: 0.5110334 | AK67: 0.41659991 | AL67: 0.32249422 | AM67: 0.16732325 | AN67: 0.11921435 | AO67: 0.10388299 | AP67: 0.10458914 | AQ67: 0.075747398 | AR67: 0.0050726371 | AS67: 0.035678625 | AT67: -0.053941093 | AU67: -0.079465167 | AV67: 0.037253563 | AW67: 0.088102288 | AX67: 0.10225838 | AY67: 0.13837251 | AZ67: 0.17439558 | BA67: 0.26553216 | BB67: 0.44001665 | BC67: 0.50604267 | BD67: 0.54848025 | BE67: 0.54773911 | BF67: 0.60270198 | BG67: 0.59141738 | BH67: 0.61213904 | BI67: 0.59987758 | BJ67: 0.55930871
A68: Europe & Central Asia | B68: ECS | C68: Population growth (annual %) | D68: SP.POP.GROW | F68: 1.1579812 | G68: 1.1801505 | H68: 1.1749234 | I68: 1.149554 | J68: 1.1022007 | K68: 0.95273411 | L68: 0.91662697 | M68: 0.87266042 | N68: 0.84774043 | O68: 0.76883486 | P68: 0.76689138 | Q68: 0.83490531 | R68: 0.80714537 | S68: 0.77174365 | T68: 0.73929949 | U68: 0.71751678 | V68: 0.68015869 | W68: 0.66883222 | X68: 0.66720435 | Y68: 0.68633076 | Z68: 0.66481111 | AA68: 0.59529581 | AB68: 0.56615846 | AC68: 0.58831262 | AD68: 0.59825555 | AE68: 0.61213654 | AF68: 0.61455396 | AG68: 0.61595763 | AH68: 0.61772265 | AI68: 0.52305957 | AJ68: 0.39506544 | AK68: 0.41107992 | AL68: 0.36547359 | AM68: 0.22996322 | AN68: 0.19068223 | AO68: 0.15178848 | AP68: 0.17023534 | AQ68: 0.13078703 | AR68: 0.13295962 | AS68: 0.10726716 | AT68: 0.15209785 | AU68: 0.18309592 | AV68: 0.26130319 | AW68: 0.2966245 | AX68: 0.30238701 | AY68: 0.30729196 | AZ68: 0.35674635 | BA68: 0.39840188 | BB68: 0.41112693 | BC68: 0.38671236 | BD68: 0.23423041 | BE68: 0.40187618 | BF68: 0.46960703 | BG68: 0.47188781 | BH68: 0.4764658 | BI68: 0.46946913 | BJ68: 0.42333442
A69: Ecuador | B69: ECU | C69: Population growth (annual %) | D69: SP.POP.GROW | E69: 2.8259746 | F69: 2.8477998 | G69: 2.8671005 | H69: 2.8843698 | I69: 2.8994787 | J69: 2.9114522 | K69: 2.9200435 | L69: 2.9235726 | M69: 2.918673 | N69: 2.9052446 | O69: 2.8848749 | P69: 2.8620218 | Q69: 2.8379005 | R69: 2.8099424 | S69: 2.7785278 | T69: 2.7448485 | U69: 2.7108436 | V69: 2.6776358 | W69: 2.6459786 | X69: 2.6159729 | Y69: 2.5881276 | Z69: 2.5589715 | AA69: 2.5308337 | AB69: 2.5093508 | AC69: 2.4962679 | AD69: 2.4873287 | AE69: 2.4776465 | AF69: 2.4629521 | AG69: 2.4430179 | AH69: 2.4163716 | AI69: 2.3839547 | AJ69: 2.3493324 | AK69: 2.3120127 | AL69: 2.2675994 | AM69: 2.2150132 | AN69: 2.1567592 | AO69: 2.1008846 | AP69: 2.0460657 | AQ69: 1.9834866 | AR69: 1.9119587 | AS69: 1.8372864 | AT69: 1.7594419 | AU69: 1.6918943 | AV69: 1.6504722 | AW69: 1.6422173 | AX69: 1.6560261 | AY69: 1.6767487 | AZ69: 1.6894135 | BA69: 1.6899776 | BB69: 1.67281 | BC69: 1.6432915 | BD69: 1.611782 | BE69: 1.5839193 | BF69: 1.5564765 | BG69: 1.5306341 | BH69: 1.5056445 | BI69: 1.4799174 | BJ69: 1.4528613
A70: Egypt, Arab Rep. | B70: EGY | C70: Population growth (annual %) | D70: SP.POP.GROW | E70: 2.7558883 | F70: 2.7336813 | G70: 2.7075502 | H70: 2.6826614 | I70: 2.6617265 | J70: 2.6413373 | K70: 2.6263456 | L70: 2.6044869 | M70: 2.5588458 | N70: 2.4842712 | O70: 2.3951763 | P70: 2.3047501 | Q70: 2.234152 | R70: 2.1964374 | S70: 2.2002049 | T70: 2.2338255 | U70: 2.2739808 | V70: 2.3114858 | W70: 2.3562807 | X70: 2.4066345 | Y70: 2.4593536 | Z70: 2.5021871 | AA70: 2.5397941 | AB70: 2.5858246 | AC70: 2.6423861 | AD70: 2.6972079 | AE70: 2.755662 | AF70: 2.7869793 | AG70: 2.7527405 | AH70: 2.6400917 | AI70: 2.4788027 | AJ70: 2.3074747 | AK70: 2.1604821 | AL70: 2.0445084 | AM70: 1.9716737 | AN70: 1.9311903 | AO70: 1.8952615 | AP70: 1.8578785 | AQ70: 1.837761 | AR70: 1.8361761 | AS70: 1.8470164 | AT70: 1.8719807 | AU70: 1.8957679 | AV70: 1.899224 | AW70: 1.8746143 | AX70: 1.8352902 | AY70: 1.7825746 | AZ70: 1.7479676 | BA70: 1.7654119 | BB70: 1.8494606 | BC70: 1.9722775 | BD70: 2.1058432 | BE70: 2.2057045 | BF70: 2.2455265 | BG70: 2.2081428 | BH70: 2.1182948 | BI70: 2.0167895 | BJ70: 1.9297352
A71: Euro area | B71: EMU | C71: Population growth (annual %) | D71: SP.POP.GROW | F71: 0.91516165 | G71: 0.93326468 | H71: 0.94390849 | I71: 0.91827273 | J71: 0.89857152 | K71: 0.82445051 | L71: 0.70214835 | M71: 0.65661556 | N71: 0.66490307 | O71: 0.54613237 | P71: 0.56235312 | Q71: 0.6947973 | R71: 0.66007231 | S71: 0.58971756 | T71: 0.527776 | U71: 0.44837492 | V71: 0.39170422 | W71: 0.39176055 | X71: 0.39712853 | Y71: 0.41963272 | Z71: 0.37543455 | AA71: 0.2686572 | AB71: 0.19912752 | AC71: 0.1679893 | AD71: 0.19201608 | AE71: 0.25439228 | AF71: 0.28393837 | AG71: 0.34372632 | AH71: 0.43864806 | AI71: 0.47072324 | AJ71: 0.37505461 | AK71: 0.4649428 | AL71: 0.40967646 | AM71: 0.29091064 | AN71: 0.25750807 | AO71: 0.25902082 | AP71: 0.23859805 | AQ71: 0.21088445 | AR71: 0.25824397 | AS71: 0.32844833 | AT71: 0.38501446 | AU71: 0.48906165 | AV71: 0.54319295 | AW71: 0.55127965 | AX71: 0.51815583 | AY71: 0.46826646 | AZ71: 0.52047639 | BA71: 0.48988056 | BB71: 0.32492944 | BC71: 0.23574216 | BD71: -0.21488943 | BE71: 0.22400679 | BF71: 0.34059738 | BG71: 0.33817334 | BH71: 0.31530557 | BI71: 0.31922655 | BJ71: 0.24889924
A72: Eritrea | B72: ERI | C72: Population growth (annual %) | D72: SP.POP.GROW | E72: 2.4054601 | F72: 2.484041 | G72: 2.5501979 | H72: 2.5944413 | I72: 2.6119281 | J72: 2.6132962 | K72: 2.6065918 | L72: 2.605438 | M72: 2.6128536 | N72: 2.6312018 | O72: 2.6585493 | P72: 2.6857027 | Q72: 2.7086848 | R72: 2.7265915 | S72: 2.7383736 | T72: 2.7468703 | U72: 2.7442235 | V72: 2.7433135 | W72: 2.7604564 | X72: 2.8012228 | Y72: 2.8507246 | Z72: 2.8605927 | AA72: 2.8415937 | AB72: 2.8452341 | AC72: 2.8783831 | AD72: 2.9062523 | AE72: 3.0040207 | AF72: 3.0285611 | AG72: 2.7658485 | AH72: 2.1523891 | AI72: 1.3432522 | AJ72: 0.44822631 | AK72: -0.27906418 | AL72: -0.62837665 | AM72: -0.43993998 | AN72: 0.15273008 | AO72: 0.8449205 | AP72: 1.4327401 | AQ72: 1.9692839 | AR72: 2.3916 | AS72: 2.7047843 | AT72: 3.0285082 | AU72: 3.3051073 | AV72: 3.3629611 | AW72: 3.1688784 | AX72: 2.8205553 | AY72: 2.4303135 | AZ72: 2.1091831 | BA72: 1.8914063 | BB72: 1.8190428 | BC72: 1.8505157 | BD72: 1.8916523
A73: Spain | B73: ESP | C73: Population growth (annual %) | D73: SP.POP.GROW | E73: 1.1195717 | F73: 0.92901553 | G73: 0.92003229 | H73: 0.87704325 | I73: 0.99369643 | J73: 1.0858447 | K73: 1.0240279 | L73: 1.2306658 | M73: 1.3076558 | N73: 0.98543056 | O73: 1.1106314 | P73: 1.2050848 | Q73: 1.1041366 | R73: 1.1049376 | S73: 1.0926076 | T73: 1.0812936 | U73: 1.0568517 | V73: 1.0291318 | W73: 0.96287655 | X73: 0.8815845 | Y73: 0.80296356 | Z73: 0.71087801 | AA73: 0.60039014 | AB73: 0.48718321 | AC73: 0.4152557 | AD73: 0.36236556 | AE73: 0.29878237 | AF73: 0.25932906 | AG73: 0.212065 | AH73: 0.1567762 | AI73: 0.10182884 | AJ73: 0.25452742 | AK73: 0.48975791 | AL73: 0.51854352 | AM73: 0.47610056 | AN73: 0.44136575 | AO73: 0.4165158 | AP73: 0.41911952 | AQ73: 0.41384748 | AR73: 0.40532303 | AS73: 0.44713701 | AT73: 0.69406808 | AU73: 1.4125954 | AV73: 1.8084545 | AW73: 1.7254663 | AX73: 1.689349 | AY73: 1.6903526 | AZ73: 1.8510813 | BA73: 1.5953305 | BB73: 0.88573598 | BC73: 0.46040831 | BD73: 0.3553384 | BE73: 0.064925963 | BF73: -0.32766904 | BG73: -0.29895106 | BH73: -0.077588862 | BI73: 0.08443015 | BJ73: 0.18906022
A74: Estonia | B74: EST | C74: Population growth (annual %) | D74: SP.POP.GROW | E74: 0.66832436 | F74: 1.1113898 | G74: 1.3415696 | H74: 1.3784772 | I74: 1.4376754 | J74: 1.3594584 | K74: 1.0780067 | L74: 0.78773619 | M74: 0.92583751 | N74: 1.0487818 | O74: 1.0961455 | P74: 1.2333959 | Q74: 1.123908 | R74: 0.9600323 | S74: 0.86526608 | T74: 0.78545918 | U74: 0.71274311 | V74: 0.73604373 | W74: 0.68561315 | X74: 0.55625492 | Y74: 0.60335224 | Z74: 0.70471828 | AA74: 0.71987666 | AB74: 0.6870964 | AC74: 0.65218728 | AD74: 0.66706336 | AE74: 0.74350996 | AF74: 0.77810231 | AG74: 0.62162204 | AH74: 0.39814355 | AI74: 0.066490191 | AJ74: -0.50215919 | AK74: -1.8241816 | AL74: -2.57432 | AM74: -2.1385886 | AN74: -1.7853995 | AO74: -1.4753646 | AP74: -1.1409192 | AQ74: -0.960559 | AR74: 0.29448228 | AS74: 0.48370716 | AT74: -0.63696312 | AU74: -0.6334338 | AV74: -0.62762245 | AW74: -0.59782051 | AX74: -0.57225552 | AY74: -0.58965556 | AZ74: -0.45618854 | BA74: -0.26813372 | BB74: -0.19276808 | BC74: -0.22805797 | BD74: -0.30358282 | BE74: -0.35794441 | BF74: -0.3558918 | BG74: -0.26225618 | BH74: 0.06555253 | BI74: 0.029112226 | BJ74: -0.023562766
A75: Ethiopia | B75: ETH | C75: Population growth (annual %) | D75: SP.POP.GROW | E75: 2.2335804 | F75: 2.3199763 | G75: 2.3978838 | H75: 2.4545776 | I75: 2.4841588 | J75: 2.4959559 | K75: 2.478658 | L75: 2.4646862 | M75: 2.4983636 | N75: 2.593841 | O75: 2.714368 | P75: 2.8795812 | Q75: 2.9891281 | R75: 2.9190059 | S75: 2.6293969 | T75: 2.2203002 | U75: 1.7654917 | V75: 1.4243288 | W75: 1.3175589 | X75: 1.5203354 | Y75: 1.9316922 | Z75: 2.3966624 | AA75: 2.7754982 | AB75: 3.0471554 | AC75: 3.1695295 | AD75: 3.1913955 | AE75: 3.184953 | AF75: 3.2066494 | AG75: 3.2545148 | AH75: 3.341667 | AI75: 3.4433475 | AJ75: 3.5436443 | AK75: 3.6008733 | AL75: 3.5850484 | AM75: 3.4843759 | AN75: 3.3331812 | AO75: 3.1690585 | AP75: 3.0324104 | AQ75: 2.9374208 | AR75: 2.8972317 | AS75: 2.8928909 | AT75: 2.8957544 | AU75: 2.8852177 | AV75: 2.8636165 | AW75: 2.8258555 | AX75: 2.7787151 | AY75: 2.7301302 | AZ75: 2.6898153 | BA75: 2.6611541 | BB75: 2.6470654 | BC75: 2.6415945 | BD75: 2.6376703 | BE75: 2.6275989 | BF75: 2.6089305 | BG75: 2.5790683 | BH75: 2.5414686 | BI75: 2.5018214 | BJ75: 2.4636993
A76: European Union | B76: EUU | C76: Population growth (annual %) | D76: SP.POP.GROW | F76: 0.85679027 | G76: 0.88706268 | H76: 0.89342893 | I76: 0.87598091 | J76: 0.8292731 | K76: 0.76609534 | L76: 0.72717893 | M76: 0.67154206 | N76: 0.64419628 | O76: 0.53023595 | P76: 0.52904991 | Q76: 0.6418937 | R76: 0.60526268 | S76: 0.55899467 | T76: 0.52811432 | U76: 0.46948341 | V76: 0.41294724 | W76: 0.39468025 | X76: 0.38837153 | Y76: 0.41176653 | Z76: 0.36756935 | AA76: 0.27666967 | AB76: 0.23094317 | AC76: 0.22045372 | AD76: 0.24199215 | AE76: 0.27612787 | AF76: 0.28537201 | AG76: 0.31872104 | AH76: 0.33689345 | AI76: 0.33863135 | AJ76: 0.20315632 | AK76: 0.30524865 | AL76: 0.34568672 | AM76: 0.24135257 | AN76: 0.2086854 | AO76: 0.15061226 | AP76: 0.18378901 | AQ76: 0.13866803 | AR76: 0.20007466 | AS76: 0.13116192 | AT76: 0.20009737 | AU76: 0.25239123 | AV76: 0.36906647 | AW76: 0.3987049 | AX76: 0.39510542 | AY76: 0.37465224 | AZ76: 0.39016819 | BA76: 0.37842909 | BB76: 0.30080939 | BC76: 0.21917795 | BD76: -0.080439732 | BE76: 0.21867805 | BF76: 0.29766695 | BG76: 0.31044147 | BH76: 0.2998279 | BI76: 0.29455154 | BJ76: 0.24301329
A77: Fragile and conflict affected situations | B77: FCS | C77: Population growth (annual %) | D77: SP.POP.GROW | F77: 2.3095107 | G77: 2.3481181 | H77: 2.3891457 | I77: 2.4432209 | J77: 2.504032 | K77: 2.5680984 | L77: 2.6243817 | M77: 2.6605161 | N77: 2.6741074 | O77: 2.6735623 | P77: 2.6572616 | Q77: 2.6495294 | R77: 2.6713376 | S77: 2.73565 | T77: 2.8183196 | U77: 2.9102542 | V77: 2.9694764 | W77: 2.9638812 | X77: 2.8790863 | Y77: 2.744565 | Z77: 2.6100525 | AA77: 2.5025486 | AB77: 2.4175767 | AC77: 2.3616334 | AD77: 2.3329588 | AE77: 2.2934534 | AF77: 2.2658069 | AG77: 2.3055574 | AH77: 2.4242615 | AI77: 3.3768189 | AJ77: 2.787594 | AK77: 2.9293032 | AL77: 2.979914 | AM77: 2.9159414 | AN77: 2.7813919 | AO77: 2.6283198 | AP77: 2.5112016 | AQ77: 2.3830034 | AR77: 2.3640321 | AS77: 2.4605591 | AT77: 2.5373897 | AU77: 2.573327 | AV77: 2.5906725 | AW77: 2.5818918 | AX77: 2.5555319 | AY77: 2.5316229 | AZ77: 2.5104771 | BA77: 2.4914691 | BB77: 2.4698231 | BC77: 2.4490501 | BD77: 2.4295671 | BE77: 2.4104902 | BF77: 2.3968447 | BG77: 2.3828855 | BH77: 2.3741628 | BI77: 2.3743299 | BJ77: 2.3679589
A78: Finland | B78: FIN | C78: Population growth (annual %) | D78: SP.POP.GROW | E78: 0.7806656 | F78: 0.70571148 | G78: 0.6799954 | H78: 0.70697747 | I78: 0.55631563 | J78: 0.3333748 | K78: 0.37480083 | L78: 0.54155021 | M78: 0.4489722 | N78: -0.058030841 | O78: -0.37871824 | P78: 0.12620371 | Q78: 0.59519527 | R78: 0.5679092 | S78: 0.523543 | T78: 0.44386308 | U78: 0.30144864 | V78: 0.27973831 | W78: 0.28712237 | X78: 0.25557903 | Y78: 0.31107842 | Z78: 0.42651564 | AA78: 0.56028584 | AB78: 0.59599132 | AC78: 0.53434293 | AD78: 0.4170689 | AE78: 0.3247949 | AF78: 0.28362673 | AG78: 0.29068905 | AH78: 0.3610188 | AI78: 0.44338207 | AJ78: 0.54617202 | AK78: 0.56190985 | AL78: 0.48385409 | AM78: 0.4310489 | AN78: 0.38165533 | AO78: 0.32803791 | AP78: 0.29737733 | AQ78: 0.26547296 | AR78: 0.23211625 | AS78: 0.20760652 | AT78: 0.22768734 | AU78: 0.24238105 | AV78: 0.23845724 | AW78: 0.29035036 | AX78: 0.34224859 | AY78: 0.38377714 | AZ78: 0.42542983 | BA78: 0.46554928 | BB78: 0.47824639 | BC78: 0.45749454 | BD78: 0.46355871 | BE78: 0.47580949 | BF78: 0.46072377 | BG78: 0.41356021 | BH78: 0.32938389 | BI78: 0.2874214 | BJ78: 0.2907347
A79: Fiji | B79: FJI | C79: Population growth (annual %) | D79: SP.POP.GROW | E79: 3.3433927 | F79: 3.4405086 | G79: 3.4806037 | H79: 3.4116752 | I79: 3.2127889 | J79: 2.9385282 | K79: 2.646593 | L79: 2.4038816 | M79: 2.2252528 | N79: 2.1350273 | O79: 2.110569 | P79: 2.1047606 | Q79: 2.0873512 | R79: 2.0591089 | S79: 2.0154412 | T79: 1.9627893 | U79: 1.8770174 | V79: 1.8113483 | W79: 1.8360839 | X79: 1.9812442 | Y79: 2.1829442 | Z79: 2.4414022 | AA79: 2.6144021 | AB79: 2.5404942 | AC79: 2.1613577 | AD79: 1.5998619 | AE79: 0.96308347 | AF79: 0.44116708 | AG79: 0.16502362 | AH79: 0.23584835 | AI79: 0.55104141 | AJ79: 0.93505159 | AK79: 1.224066 | AL79: 1.3997696 | AM79: 1.3995164 | AN79: 1.2758054 | AO79: 1.1510575 | AP79: 1.0630682 | AQ79: 0.93587389 | AR79: 0.76910578 | AS79: 0.58465275 | AT79: 0.36851579 | AU79: 0.18074634 | AV79: 0.114806 | AW79: 0.2111339 | AX79: 0.42227367 | AY79: 0.67838061 | AZ79: 0.89050012 | BA79: 1.0163648 | BB79: 1.0177596 | BC79: 0.93264543 | BD79: 0.82639165 | BE79: 0.74798617 | BF79: 0.69799652 | BG79: 0.68999736 | BH79: 0.7135194 | BI79: 0.73828765 | BJ79: 0.74734505
A80: France | B80: FRA | C80: Population growth (annual %) | D80: SP.POP.GROW | E80: 1.22961 | F80: 1.3378531 | G80: 1.41247 | H80: 1.4115123 | I80: 1.3144265 | J80: 1.1548387 | K80: 0.96475628 | L80: 0.80205964 | M80: 0.70573279 | N80: 0.7039011 | O80: 0.76555242 | P80: 0.85217719 | Q80: 0.90821678 | R80: 0.90608472 | S80: 0.82210093 | T80: 0.68462474 | U80: 0.53113131 | V80: 0.40797285 | W80: 0.33453486 | X80: 0.33179786 | Y80: 0.3805298 | Z80: 0.44180996 | AA80: 0.48975664 | AB80: 0.53128183 | AC80: 0.5584552 | AD80: 0.57372307 | AE80: 0.59161026 | AF80: 0.6105662 | AG80: 0.61376855 | AH80: 0.59682719 | AI80: 0.56575764 | AJ80: 0.079443343 | AK80: 0.49724093 | AL80: 0.43329224 | AM80: 0.3722315 | AN80: 0.3612499 | AO80: 0.35408227 | AP80: 0.35375016 | AQ80: 0.36859784 | AR80: 0.51445633 | AS80: 0.68492925 | AT80: 0.7277864 | AU80: 0.72723152 | AV80: 0.7087792 | AW80: 0.73631354 | AX80: 0.75380083 | AY80: 0.697207 | AZ80: 0.6187005 | BA80: 0.558859 | BB80: 0.51448792 | BC80: 0.49402977 | BD80: 0.48365104 | BE80: 0.48398231 | BF80: 0.51477402 | BG80: 0.47981439 | BH80: 0.41723803 | BI80: 0.39924481 | BJ80: 0.38645079
A81: Faroe Islands | B81: FRO | C81: Population growth (annual %) | D81: SP.POP.GROW | E81: 1.3623437 | F81: 1.3013254 | G81: 1.2874196 | H81: 1.2405166 | I81: 1.214344 | J81: 1.2160359 | K81: 1.1692889 | L81: 1.1557744 | M81: 1.1373332 | N81: 1.1607761 | O81: 1.1244313 | P81: 1.1549352 | Q81: 1.1867486 | R81: 1.1851807 | S81: 1.1517668 | T81: 1.0976046 | U81: 1.0594057 | V81: 1.0151889 | W81: 0.98390776 | X81: 0.95112263 | Y81: 0.95365267 | Z81: 0.92187635 | AA81: 0.88411893 | AB81: 0.88308235 | AC81: 0.93964308 | AD81: 0.99455034 | AE81: 1.0998474 | AF81: 1.1737173 | AG81: 1.0582787 | AH81: 0.73797952 | AI81: 0.26930376 | AJ81: -0.2882665 | AK81: -0.75298057 | AL81: -0.98356902 | AM81: -0.83970781 | AN81: -0.45508801 | AO81: 0.039088797 | AP81: 0.41816135 | AQ81: 0.70881791 | AR81: 0.76350125 | AS81: 0.68156748 | AT81: 0.56549779 | AU81: 0.50999638 | AV81: 0.42823039 | AW81: 0.35165512 | AX81: 0.29452048 | AY81: 0.20275589 | AZ81: 0.13425455 | BA81: 0.076341394 | BB81: 0.065978023 | BC81: 0.067994275 | BD81: 0.11939317 | BE81: 0.11925079 | BF81: 0.16630228 | BG81: 0.19469414 | BH81: 0.25151587 | BI81: 0.30994499 | BJ81: 0.35160137
A82: Micronesia, Fed. Sts. | B82: FSM | C82: Population growth (annual %) | D82: SP.POP.GROW | E82: 3.2194241 | F82: 3.1342352 | G82: 3.0706375 | H82: 3.0917446 | I82: 3.2429399 | J82: 3.4170892 | K82: 3.6775689 | L82: 3.8369498 | M82: 3.6335302 | N82: 2.9806631 | O82: 2.0740705 | P82: 1.0960211 | Q82: 0.30545174 | R82: -0.012842328 | S82: 0.29815837 | T82: 1.0635349 | U82: 1.9478386 | V82: 2.6348169 | W82: 3.1522707 | X82: 3.3554585 | Y82: 3.3644491 | Z82: 3.3663049 | AA82: 3.3835733 | AB82: 3.3000972 | AC82: 3.1262078 | AD82: 2.896145 | AE82: 2.6056279 | AF82: 2.3286137 | AG82: 2.1984944 | AH82: 2.2245587 | AI82: 2.3527779 | AJ82: 2.5297306 | AK82: 2.6113805 | AL82: 2.4554794 | AM82: 2.0220603 | AN82: 1.4034957 | AO82: 0.72997082 | AP82: 0.14572556 | AQ82: -0.24360998 | AR82: -0.39064358 | AS82: -0.35679812 | AT82: -0.24883865 | AU82: -0.16997595 | AV82: -0.15622153 | AW82: -0.22399994 | AX82: -0.35812853 | AY82: -0.48329337 | AZ82: -0.57505781 | BA82: -0.57264086 | BB82: -0.49703132 | BC82: -0.33144517 | BD82: -0.14293719 | BE82: 0.033821164 | BF82: 0.19208037 | BG82: 0.30137181 | BH82: 0.40105979 | BI82: 0.48144526 | BJ82: 0.57677575
A83: Gabon | B83: GAB | C83: Population growth (annual %) | D83: SP.POP.GROW | E83: 0.89201596 | F83: 0.99327971 | G83: 1.1122699 | H83: 1.2589938 | I83: 1.4468732 | J83: 1.6514623 | K83: 1.8689594 | L83: 2.0551992 | M83: 2.152453 | N83: 2.1391031 | O83: 2.0561814 | P83: 1.9487985 | Q83: 1.8755067 | R83: 1.8579497 | S83: 1.9147239 | T83: 2.024304 | U83: 2.140036 | V83: 2.2352526 | W83: 2.323793 | X83: 2.3895638 | Y83: 2.4470018 | Z83: 2.4958871 | AA83: 2.5447049 | AB83: 2.5947031 | AC83: 2.6420009 | AD83: 2.6863329 | AE83: 2.7263095 | AF83: 2.7559566 | AG83: 2.7662687 | AH83: 2.7532263 | AI83: 2.7241984 | AJ83: 2.6949961 | AK83: 2.668272 | AL83: 2.635283 | AM83: 2.598886 | AN83: 2.5620573 | AO83: 2.5324391 | AP83: 2.5113028 | AQ83: 2.4984572 | AR83: 2.491616 | AS83: 2.4960433 | AT83: 2.4977024 | AU83: 2.5151247 | AV83: 2.5729764 | AW83: 2.6787857 | AX83: 2.8130763 | AY83: 2.9298753 | AZ83: 3.0233005 | BA83: 3.1214815 | BB83: 3.2241243 | BC83: 3.3133862 | BD83: 3.4097219 | BE83: 3.4582148 | BF83: 3.3832276 | BG83: 3.1652929 | BH83: 2.8621819 | BI83: 2.5378086 | BJ83: 2.2648595
A84: United Kingdom | B84: GBR | C84: Population growth (annual %) | D84: SP.POP.GROW | E84: 0.34612887 | F84: 0.76045994 | G84: 0.84866139 | H84: 0.74836645 | I84: 0.65025775 | J84: 0.64246878 | K84: 0.55130325 | L84: 0.53854377 | M84: 0.48676828 | N84: 0.41580327 | O84: 0.39872246 | P84: 0.41766662 | Q84: 0.33905752 | R84: 0.19319819 | S84: 0.06305921 | T84: -0.0074233627 | U84: -0.024603833 | V84: -0.032873848 | W84: 0.0053599077 | X84: 0.089728661 | Y84: 0.11951725 | Z84: 0.034821732 | AA84: -0.035842794 | AB84: 0.034101374 | AC84: 0.15826186 | AD84: 0.22695123 | AE84: 0.23161023 | AF84: 0.21263726 | AG84: 0.22206389 | AH84: 0.26031145 | AI84: 0.29893055 | AJ84: 0.30924793 | AK84: 0.27043118 | AL84: 0.23974544 | AM84: 0.25458649 | AN84: 0.26454742 | AO84: 0.25462638 | AP84: 0.25755332 | AQ84: 0.29140609 | AR84: 0.33340588 | AS84: 0.35730089 | AT84: 0.38497597 | AU84: 0.42333708 | AV84: 0.46564111 | AW84: 0.56894311 | AX84: 0.68661131 | AY84: 0.73504868 | AZ84: 0.77866611 | BA84: 0.78703262 | BB84: 0.75639086 | BC84: 0.78388865 | BD84: 0.78167729 | BE84: 0.69531584 | BF84: 0.66953381 | BG84: 0.7533495 | BH84: 0.79496791 | BI84: 0.71403027 | BJ84: 0.64840678
A85: Georgia | B85: GEO | C85: Population growth (annual %) | D85: SP.POP.GROW | E85: 1.8437529 | F85: 1.5784359 | G85: 1.5193422 | H85: 1.4730217 | I85: 1.4103065 | J85: 1.316771 | K85: 1.1434781 | L85: 0.98087961 | M85: 0.9070526 | N85: 0.93566782 | O85: 0.96583761 | P85: 1.0407077 | Q85: 1.0109666 | R85: 0.88070836 | S85: 0.86834622 | T85: 0.73801073 | U85: 0.7210903 | V85: 0.68162522 | W85: 0.58382341 | X85: 0.73630528 | Y85: 0.84290051 | Z85: 0.82031623 | AA85: 0.84666649 | AB85: 0.87884235 | AC85: 0.85387967 | AD85: 0.87667899 | AE85: 0.88819253 | AF85: 0.82557624 | AG85: 0.99012787 | AH85: 0.26266432 | AI85: -0.027068389 | AJ85: 0.70347565 | AK85: 0.77451105 | AL85: 0.76855845 | AM85: -1.0130347 | AN85: -2.6597091 | AO85: -2.5220318 | AP85: -1.8475115 | AQ85: -0.98238934 | AR85: -0.77854484 | AS85: -0.77107295 | AT85: -0.72461616 | AU85: -0.6725098 | AV85: -1.3015011 | AW85: -1.3026917 | AX85: -1.3041086 | AY85: -1.2971597 | AZ85: -1.3142073 | BA85: -1.2820688 | BB85: -1.2987196 | BC85: -1.3158085 | BD85: -1.3075433 | BE85: -1.2987196 | BF85: -1.2893219 | BG85: -1.3061628 | BH85: -0.26598261 | BI85: 0.059168417 | BJ85: -0.059168417
A86: Ghana | B86: GHA | C86: Population growth (annual %) | D86: SP.POP.GROW | E86: 3.161216 | F86: 3.1699489 | G86: 3.1385167 | H86: 3.0299013 | I86: 2.8328945 | J86: 2.5916072 | K86: 2.3132464 | L86: 2.0874529 | M86: 2.0097904 | N86: 2.1221534 | O86: 2.3495505 | P86: 2.6434806 | Q86: 2.8621484 | R86: 2.8920597 | S86: 2.6820201 | T86: 2.3373641 | U86: 1.9347485 | V86: 1.646651 | W86: 1.6025059 | X86: 1.8778395 | Y86: 2.3534388 | Z86: 2.8795994 | AA86: 3.2782351 | AB86: 3.4816413 | AC86: 3.4377353 | AD86: 3.2372967 | AE86: 3.0061142 | AF86: 2.8371287 | AG86: 2.7278044 | AH86: 2.7035171 | AI86: 2.7330657 | AJ86: 2.772573 | AK86: 2.7824296 | AL86: 2.7589381 | AM86: 2.6919881 | AN86: 2.6008396 | AO86: 2.5049331 | AP86: 2.4327169 | AQ86: 2.3997691 | AR86: 2.4162687 | AS86: 2.4650884 | AT86: 2.5175385 | AU86: 2.5565128 | AV86: 2.5874276 | AW86: 2.6055579 | AX86: 2.6123846 | AY86: 2.6179954 | AZ86: 2.6189373 | BA86: 2.6020726 | BB86: 2.5643749 | BC86: 2.5128297 | BD86: 2.4568799 | BE86: 2.4040283 | BF86: 2.3549869 | BG86: 2.312336 | BH86: 2.2743803 | BI86: 2.236738 | BJ86: 2.1981849
A87: Gibraltar | B87: GIB | C87: Population growth (annual %) | D87: SP.POP.GROW | E87: 1.1392338 | F87: 1.6617593 | G87: 2.0720525 | H87: 2.2959569 | I87: 2.4095635 | J87: 2.2799317 | K87: 2.1690023 | L87: 2.0898392 | M87: 1.8955149 | N87: 1.6651236 | O87: 1.4140118 | P87: 1.0761218 | Q87: 0.81072667 | R87: 0.5960759 | S87: 0.50762395 | T87: 0.51182215 | U87: 0.55293465 | V87: 0.53651795 | W87: 0.49040148 | X87: 0.42506623 | Y87: 0.3143148 | Z87: 0.20460028 | AA87: 0.15482174 | AB87: 0.0065828451 | AC87: -0.19107866 | AD87: -0.38987692 | AE87: -0.67429795 | AF87: -0.87032751 | AG87: -0.92885676 | AH87: -0.70491174 | AI87: -0.3354674 | AJ87: 0.16445118 | AK87: 0.57005496 | AL87: 0.82709532 | AM87: 0.91401557 | AN87: 0.83941734 | AO87: 0.77649121 | AP87: 0.69535835 | AQ87: 0.67432457 | AR87: 0.61496828 | AS87: 0.60800239 | AT87: 0.62026608 | AU87: 0.54038721 | AV87: 0.55640002 | AW87: 0.55332133 | AX87: 0.59080211 | AY87: 0.65547523 | AZ87: 0.66043508 | BA87: 0.68054583 | BB87: 0.68201458 | BC87: 0.70451573 | BD87: 0.64870937 | BE87: 0.65047672 | BF87: 0.61671853 | BG87: 0.61000057 | BH87: 0.5566475 | BI87: 0.52450729 | BJ87: 0.47260848
A88: Guinea | B88: GIN | C88: Population growth (annual %) | D88: SP.POP.GROW | E88: 1.5693832 | F88: 1.5599408 | G88: 1.5568185 | H88: 1.5817444 | I88: 1.6440696 | J88: 1.7205002 | K88: 1.8159679 | L88: 1.8719482 | M88: 1.8152926 | N88: 1.6175254 | O88: 1.3303753 | P88: 1.0389539 | Q88: 0.80008079 | R88: 0.60931819 | S88: 0.48870298 | T88: 0.43556605 | U88: 0.39073398 | V88: 0.38457534 | W88: 0.51362882 | X88: 0.80971701 | Y88: 1.22254 | Z88: 1.711417 | AA88: 2.1728608 | AB88: 2.5238625 | AC88: 2.7201369 | AD88: 2.8247641 | AE88: 2.8123255 | AF88: 2.8591524 | AG88: 3.1713194 | AH88: 3.8107892 | AI88: 4.5800049 | AJ88: 5.3693709 | AK88: 5.8572151 | AL88: 5.8110852 | AM88: 5.1829284 | AN88: 4.241598 | AO88: 3.2667675 | AP88: 2.4947167 | AQ88: 1.963203 | AR88: 1.7540978 | AS88: 1.7727438 | AT88: 1.829026 | AU88: 1.8357215 | AV88: 1.8702903 | AW88: 1.9189978 | AX88: 1.9772815 | AY88: 2.0621478 | AZ88: 2.1554276 | BA88: 2.2176859 | BB88: 2.2355886 | BC88: 2.2262116 | BD88: 2.2081272 | BE88: 2.2074023 | BF88: 2.2364422 | BG88: 2.3040396 | BH88: 2.3939169 | BI88: 2.4862253 | BJ88: 2.5585812
A89: Gambia, The | B89: GMB | C89: Population growth (annual %) | D89: SP.POP.GROW | E89: 3.0241125 | F89: 2.3660064 | G89: 1.7852262 | H89: 1.4364824 | I89: 1.3989062 | J89: 1.5861255 | K89: 1.809352 | L89: 1.9791579 | M89: 2.1788617 | N89: 2.3890384 | O89: 2.6017142 | P89: 2.8452164 | Q89: 3.0695667 | R89: 3.1777871 | S89: 3.14501 | T89: 3.0312613 | U89: 2.901254 | V89: 2.831954 | W89: 2.860737 | X89: 3.0056348 | Y89: 3.2304751 | Z89: 3.4224095 | AA89: 3.5805684 | AB89: 3.788419 | AC89: 4.0557328 | AD89: 4.3255417 | AE89: 4.6039151 | AF89: 4.7803926 | AG89: 4.7271538 | AH89: 4.4187986 | AI89: 3.9683818 | AJ89: 3.5030086 | AK89: 3.1336617 | AL89: 2.8813769 | AM89: 2.7843752 | AN89: 2.795548 | AO89: 2.8190468 | AP89: 2.8282999 | AQ89: 2.8637503 | AR89: 2.9264121 | AS89: 3.0014646 | AT89: 3.0894355 | AU89: 3.164979 | AV89: 3.2150065 | AW89: 3.2245988 | AX89: 3.2105874 | AY89: 3.1902815 | AZ89: 3.1747105 | BA89: 3.1627274 | BB89: 3.1592414 | BC89: 3.1571406 | BD89: 3.1536021 | BE89: 3.1431185 | BF89: 3.1246457 | BG89: 3.0992829 | BH89: 3.0673122 | BI89: 3.0335802 | BJ89: 2.9993051
... A97: Guyana | B97: GUY | C97: Population growth (annual %) | D97: SP.POP.GROW | E97: 3.149177 | F97: 3.0068763 | G97: 2.8458902 | H97: 2.651393 | I97: 2.4231204 | J97: 2.174678 | K97: 1.9224393 | L97: 1.6935749 | M97: 1.5088204 | N97: 1.3892781 | O97: 1.3120968 | P97: 1.2336106 | Q97: 1.1512827 | R97: 1.0976345 | S97: 1.0807027 | T97: 1.0775955 | U97: 1.1013871 | V97: 1.097652 | W97: 1.0050008 | X97: 0.79269469 | Y97: 0.50102681 | Z97: 0.20219165 | AA97: -0.062188977 | AB97: -0.29457896 | AC97: -0.47987213 | AD97: -0.61902797 | AE97: -0.77868963 | AF97: -0.9136936 | AG97: -0.89840596 | AH97: -0.67709608 | AI97: -0.31645979 | AJ97: 0.13175604 | AK97: 0.5152706 | AL97: 0.71256773 | AM97: 0.64266876 | AN97: 0.38812051 | AO97: 0.074844799 | AP97: -0.17748635 | AQ97: -0.33692018 | AR97: -0.35341657 | AS97: -0.26210111 | AT97: -0.13788855 | AU97: -0.050394012 | AV97: -0.0035910439 | AW97: -0.027269541 | AX97: -0.093970583 | AY97: -0.17926801 | AZ97: -0.2313236 | BA97: -0.20814058 | BB97: -0.083243582 | BC97: 0.11566436 | BD97: 0.3401855 | BE97: 0.53135845 | BF97: 0.66041697 | BG97: 0.69827307 | BH97: 0.66858094 | BI97: 0.6212171 | BJ97: 0.58743227
A98: High income | B98: HIC | C98: Population growth (annual %) | D98: SP.POP.GROW | F98: 1.5048017 | G98: 1.3121298 | H98: 1.2848863 | I98: 1.2545967 | J98: 1.1911613 | K98: 1.100653 | L98: 1.0422258 | M98: 0.91692305 | N98: 1.1083505 | O98: 0.98621384 | P98: 1.0512324 | Q98: 1.0590999 | R98: 0.95209878 | S98: 1.0618887 | T98: 0.99204228 | U98: 0.82355833 | V98: 0.84059677 | W98: 0.84112692 | X98: 0.87357308 | Y98: 0.84739085 | Z98: 0.84280937 | AA98: 0.79541921 | AB98: 0.74573194 | AC98: 0.70490621 | AD98: 0.70367006 | AE98: 0.72780511 | AF98: 0.72081373 | AG98: 0.73024496 | AH98: 0.76701547 | AI98: 0.8057952 | AJ98: 0.81602812 | AK98: 0.65570921 | AL98: 0.81618899 | AM98: 0.74430872 | AN98: 0.88024725 | AO98: 0.69658478 | AP98: 0.6935 | AQ98: 0.65473424 | AR98: 0.65762548 | AS98: 0.63244794 | AT98: 0.68383957 | AU98: 0.68271855 | AV98: 0.67713511 | AW98: 0.70465913 | AX98: 0.7141677 | AY98: 0.7583245 | AZ98: 0.79526065 | BA98: 0.83662451 | BB98: 0.74688693 | BC98: 0.67151361 | BD98: 0.48750194 | BE98: 0.616517 | BF98: 0.61868495 | BG98: 0.62768501 | BH98: 0.61131611 | BI98: 0.60123808 | BJ98: 0.55779778
A99: Hong Kong SAR, China | B99: HKG | C99: Population growth (annual %) | D99: SP.POP.GROW | E99: 4.4509905 | F99: 2.9630409 | G99: 4.2364947 | H99: 3.4406689 | I99: 2.4172717 | J99: 2.6273951 | K99: 0.88547578 | L99: 2.5270974 | M99: 2.1235267 | N99: 1.5965695 | O99: 2.4314432 | P99: 2.1564245 | Q99: 1.9170855 | R99: 2.8213988 | S99: 3.1605759 | T99: 1.8961131 | U99: 1.2561972 | V99: 1.4437114 | W99: 1.8117064 | X99: 5.4654538 | Y99: 2.670081 | Z99: 2.3482268 | AA99: 1.5524963 | AB99: 1.5194079 | AC99: 0.98297357 | AD99: 1.0742588 | AE99: 1.245827 | AF99: 1.0067532 | AG99: 0.84046854 | AH99: 1.0359123 | AI99: 0.32131503 | AJ99: 0.82922834 | AK99: 0.83965003 | AL99: 1.7177707 | AM99: 2.2520304 | AN99: 1.9801328 | AO99: 4.4386078 | AP99: 0.83251285 | AQ99: 0.83480881 | AR99: 0.95512581 | AS99: 0.88159408 | AT99: 0.73696267 | AU99: 0.44284683 | AV99: -0.19740413 | AW99: 0.77991856 | AX99: 0.43687141 | AY99: 0.64227048 | AZ99: 0.85963327 | BA99: 0.59823879 | BB99: 0.21535333 | BC99: 0.7344464 | BD99: 0.67254329 | BE99: 1.103958 | BF99: 0.40198254 | BG99: 0.70237095 | BH99: 0.85119791 | BI99: 0.61936635 | BJ99: 0.7482229
A100: Honduras | B100: HND | C100: Population growth (annual %) | D100: SP.POP.GROW | E100: 2.8078144 | F100: 2.794348 | G100: 2.7868303 | H100: 2.7929531 | I100: 2.8172418 | J100: 2.8520833 | K100: 2.8903354 | L100: 2.9222145 | M100: 2.9449691 | N100: 2.9546742 | O100: 2.9564872 | P100: 2.9546734 | Q100: 2.9574156 | R100: 2.9699469 | S100: 2.994792 | T100: 3.026606 | U100: 3.0574085 | V100: 3.0795016 | W100: 3.0914205 | X100: 3.0910524 | Y100: 3.0815897 | Z100: 3.0694034 | AA100: 3.0564474 | AB100: 3.0395669 | AC100: 3.0184172 | AD100: 2.9945543 | AE100: 2.9679742 | AF100: 2.9413773 | AG100: 2.9195953 | AH100: 2.9036554 | AI100: 2.8906564 | AJ100: 2.876757 | AK100: 2.8584869 | AL100: 2.8361832 | AM100: 2.8093156 | AN100: 2.7782021 | AO100: 2.7435317 | AP100: 2.707346 | AQ100: 2.6700748 | AR100: 2.6328997 | AS100: 2.593973 | AT100: 2.5540256 | AU100: 2.5096222 | AV100: 2.4562546 | AW100: 2.3927579 | AX100: 2.3225333 | AY100: 2.2525639 | AZ100: 2.1846481 | BA100: 2.1140626 | BB100: 2.0413869 | BC100: 1.9687509 | BD100: 1.8956015 | BE100: 1.8277041 | BF100: 1.7728738 | BG100: 1.733953 | BH100: 1.7064299 | BI100: 1.6824626 | BJ100: 1.656372
A101: Heavily indebted poor countries (HIPC) | B101: HPC | C101: Population growth (annual %) | D101: SP.POP.GROW | F101: 2.3711143 | G101: 2.4043452 | H101: 2.4385645 | I101: 2.4747181 | J101: 2.5111719 | K101: 2.5450574 | L101: 2.5751956 | M101: 2.602899 | N101: 2.6279059 | O101: 2.6498073 | P101: 2.6693886 | Q101: 2.6852281 | R101: 2.6948765 | S101: 2.6977267 | T101: 2.6954902 | U101: 2.6955648 | V101: 2.6955536 | W101: 2.6869259 | X101: 2.6682808 | Y101: 2.6457635 | Z101: 2.6233188 | AA101: 2.6110836 | AB101: 2.6175422 | AC101: 2.6467771 | AD101: 2.6919002 | AE101: 2.7330638 | AF101: 2.7707486 | AG101: 2.8216227 | AH101: 2.8872666 | AI101: 2.9569528 | AJ101: 3.032836 | AK101: 3.090249 | AL101: 3.1001731 | AM101: 3.0529428 | AN101: 2.9715844 | AO101: 2.8797952 | AP101: 2.8085225 | AQ101: 2.7726585 | AR101: 2.78284 | AS101: 2.8222348 | AT101: 2.8672277 | AU101: 2.8978708 | AV101: 2.9125864 | AW101: 2.9056854 | AX101: 2.8849855 | AY101: 2.8609463 | AZ101: 2.8431879 | BA101: 2.8330661 | BB101: 2.8332168 | BC101: 2.8390757 | BD101: 2.8447923 | BE101: 2.8447307 | BF101: 2.8377584 | BG101: 2.8222067 | BH101: 2.8006187 | BI101: 2.7771989 | BJ101: 2.7543946
A102: Croatia | B102: HRV | C102: Population growth (annual %) | D102: SP.POP.GROW | E102: 0.62314525 | F102: 0.76211268 | G102: 0.72684376 | H102: 0.6949446 | I102: 0.66592419 | J102: 0.63931475 | K102: 0.604653 | L102: 0.60101892 | M102: 0.57451612 | N102: 0.52565542 | O102: 0.54557989 | P102: 0.54261946 | Q102: 0.49482782 | R102: 0.47006242 | S102: 0.42339896 | T102: 0.37731706 | U102: 0.35382611 | V102: 0.044140367 | W102: 0.52817024 | X102: 0.32869538 | Y102: 0.37121999 | Z102: 0.43497241 | AA102: 0.58422756 | AB102: 0.51646338 | AC102: 0.44972771 | AD102: 0.44771421 | AE102: 0.44571866 | AF102: 0.3804697 | AG102: 0.35800817 | AH102: 0.20999588 | AI102: 0.27233703 | AJ102: -5.8143393 | AK102: -0.89087449 | AL102: 3.7325958 | AM102: 0.21528534 | AN102: 0.40776964 | AO102: -3.8201742 | AP102: 1.7207572 | AQ102: -1.5651152 | AR102: 1.1706373 | AS102: -2.8509726 | AT102: 0.31581348 | AU102: 0 | AV102: 0 | AW102: -0.022525059 | AX102: 0.067559962 | AY102: -0.045034903 | AZ102: -0.090130696 | BA102: -0.033639562 | BB102: -0.12252379 | BC102: -0.25539022 | BE102: -0.30565594 | BF102: -0.27850906 | BG102: -0.40734318 | BH102: -0.82409916 | BI102: -0.69838346 | BJ102: -1.1722716
A103: Haiti | B103: HTI | C103: Population growth (annual %) | D103: SP.POP.GROW | E103: 1.9606085 | F103: 1.9772658 | G103: 1.9892553 | H103: 1.9969597 | I103: 2.0002187 | J103: 1.9980629 | K103: 2.0015695 | L103: 2.000427 | M103: 1.9757064 | N103: 1.9216352 | O103: 1.8527031 | P103: 1.7789315 | Q103: 1.7251195 | R103: 1.7098138 | S103: 1.744284 | T103: 1.8141501 | U103: 1.8863986 | V103: 1.9504829 | W103: 2.022499 | X103: 2.1008115 | Y103: 2.1781206 | Z103: 2.2566227 | AA103: 2.3204153 | AB103: 2.3470291 | AC103: 2.3286576 | AD103: 2.2792499 | AE103: 2.2205204 | AF103: 2.1674405 | AG103: 2.1178616 | AH103: 2.0764094 | AI103: 2.0409313 | AJ103: 2.003243 | AK103: 1.9628847 | AL103: 1.9270349 | AM103: 1.8968034 | AN103: 1.8703049 | AO103: 1.8466624 | AP103: 1.8212037 | AQ103: 1.7902508 | AR103: 1.7514226 | AS103: 1.7082571 | AT103: 1.6630581 | AU103: 1.6222592 | AV103: 1.592496 | AW103: 1.5763824 | AX103: 1.5691915 | AY103: 1.5643664 | AZ103: 1.5547008 | BA103: 1.5381949 | BB103: 1.5118579 | BC103: 1.4784009 | BD103: 1.4439504 | BE103: 1.4109477 | BF103: 1.3760759 | BG103: 1.3396542 | BH103: 1.3023871 | BI103: 1.264239 | BJ103: 1.2268025
A104: Hungary | B104: HUN | C104: Population growth (annual %) | D104: SP.POP.GROW | E104: 0.2675058 | F104: 0.45323964 | G104: 0.32266129 | H104: 0.26018293 | I104: 0.31560145 | J104: 0.27728771 | K104: 0.30224476 | L104: 0.37215558 | M104: 0.38306219 | N104: 0.41750452 | O104: 0.3797814 | P104: 0.2861761 | Q104: 0.29810252 | R104: 0.32227703 | S104: 0.44632566 | T104: 0.58808181 | U104: 0.55018299 | V104: 0.46458104 | W104: 0.34492373 | X104: 0.18074738 | Y104: 0.065093729 | Z104: 0.0067777717 | AA104: -0.058952116 | AB104: -0.15024075 | AC104: -0.20009785 | AD104: -0.18184716 | AE104: -0.17057915 | AF104: -0.16779879 | AG104: -0.15327294 | AH104: -1.0889839 | AI104: -1.0331173 | AJ104: -0.0056681834 | AK104: -0.039136583 | AL104: -0.11403559 | AM104: -0.1368831 | AN104: -0.13922 | AO104: -0.17177161 | AP104: -0.20145894 | AQ104: -0.23267934 | AR104: -0.28326061 | AS104: -0.25976491 | AT104: -0.22937918 | AU104: -0.28475138 | AV104: -0.28643327 | AW104: -0.22143938 | AX104: -0.19887884 | AY104: -0.15571648 | AZ104: -0.15491516 | BA104: -0.17509737 | BB104: -0.15490881 | BC104: -0.22601388 | BD104: -0.28336044 | BE104: -0.51643761 | BF104: -0.27536876 | BG104: -0.26937877 | BH104: -0.237855 | BI104: -0.2951106 | BJ104: -0.33575687
A105: IBRD only | B105: IBD | C105: Population growth (annual %) | D105: SP.POP.GROW | F105: 1.0803763 | G105: 1.7377223 | H105: 2.3112909 | I105: 2.263583 | J105: 2.2718522 | K105: 2.3729255 | L105: 2.3013901 | M105: 2.3112012 | N105: 2.3547599 | O105: 2.3634398 | P105: 2.365038 | Q105: 2.2721611 | R105: 2.2102013 | S105: 2.1286364 | T105: 2.0152263 | U105: 1.9329277 | V105: 1.855713 | W105: 1.8403803 | X105: 1.8409402 | Y105: 1.8248559 | Z105: 1.8426944 | AA105: 1.9040941 | AB105: 1.8879981 | AC105: 1.8358184 | AD105: 1.8305994 | AE105: 1.8473073 | AF105: 1.861187 | AG105: 1.8326899 | AH105: 1.7740785 | AI105: 1.6972567 | AJ105: 1.6128044 | AK105: 1.5355868 | AL105: 1.4836846 | AM105: 1.4372621 | AN105: 1.3989458 | AO105: 1.3607579 | AP105: 1.342638 | AQ105: 1.3014419 | AR105: 1.2526733 | AS105: 1.1902814 | AT105: 1.1547413 | AU105: 1.115734 | AV105: 1.095557 | AW105: 1.0767783 | AX105: 1.0639251 | AY105: 1.0443459 | AZ105: 1.0227016 | BA105: 1.0172217 | BB105: 1.0202861 | BC105: 1.0050165 | BD105: 1.0028856 | BE105: 1.0079654 | BF105: 1.0030453 | BG105: 0.98864653 | BH105: 0.96960276 | BI105: 0.95639535 | BJ105: 0.93700369
A106: IDA & IBRD total | B106: IBT | C106: Population growth (annual %) | D106: SP.POP.GROW | F106: 1.3054964 | G106: 1.8605814 | H106: 2.3440821 | I106: 2.3113269 | J106: 2.3250155 | K106: 2.4165185 | L106: 2.3630267 | M106: 2.372747 | N106: 2.4051117 | O106: 2.405291 | P106: 2.3987946 | Q106: 2.316628 | R106: 2.2645532 | S106: 2.2025569 | T106: 2.1179556 | U106: 2.060153 | V106: 2.0049486 | W106: 1.9992737 | X106: 2.0042986 | Y106: 1.9937709 | Z106: 2.0106247 | AA106: 2.0632352 | AB106: 2.0523645 | AC106: 2.0120566 | AD106: 2.0099457 | AE106: 2.0251057 | AF106: 2.0370811 | AG106: 2.0139116 | AH106: 1.9662723 | AI106: 1.9041428 | AJ106: 1.8327539 | AK106: 1.7699878 | AL106: 1.7237537 | AM106: 1.6796031 | AN106: 1.6423838 | AO106: 1.6058082 | AP106: 1.5847204 | AQ106: 1.5435426 | AR106: 1.4987667 | AS106: 1.4538135 | AT106: 1.4271067 | AU106: 1.3967343 | AV106: 1.3809805 | AW106: 1.3660961 | AX106: 1.3553586 | AY106: 1.339936 | AZ106: 1.3238856 | BA106: 1.3208751 | BB106: 1.3247951 | BC106: 1.3199676 | BD106: 1.3191939 | BE106: 1.3186236 | BF106: 1.3167038 | BG106: 1.3068043 | BH106: 1.2930423 | BI106: 1.2838423 | BJ106: 1.2691301
A107: IDA total | B107: IDA | C107: Population growth (annual %) | D107: SP.POP.GROW | F107: 2.4339957 | G107: 2.4683208 | H107: 2.5051317 | I107: 2.545371 | J107: 2.58491 | K107: 2.6289772 | L107: 2.6626748 | M107: 2.6709007 | N107: 2.6481821 | O107: 2.6067482 | P107: 2.5609018 | Q107: 2.5297608 | R107: 2.5244109 | S107: 2.5548892 | T107: 2.6055664 | U107: 2.6605609 | V107: 2.7042368 | W107: 2.7376655 | X107: 2.7568089 | Y107: 2.7649429 | Z107: 2.7702876 | AA107: 2.7766409 | AB107: 2.7829388 | AC107: 2.7885776 | AD107: 2.7928369 | AE107: 2.7939747 | AF107: 2.7907097 | AG107: 2.7833456 | AH107: 2.7747446 | AI107: 2.7659456 | AJ107: 2.739445 | AK107: 2.725656 | AL107: 2.6911923 | AM107: 2.6447133 | AN107: 2.6004588 | AO107: 2.5589343 | AP107: 2.5153027 | AQ107: 2.4635496 | AR107: 2.4233397 | AS107: 2.4325872 | AT107: 2.4264195 | AU107: 2.4149283 | AV107: 2.402082 | AW107: 2.3879237 | AX107: 2.3714778 | AY107: 2.3573836 | AZ107: 2.3472897 | BA107: 2.339316 | BB107: 2.3329116 | BC107: 2.3492796 | BD107: 2.3393641 | BE107: 2.3074863 | BF107: 2.3024348 | BG107: 2.2939754 | BH107: 2.2837955 | BI107: 2.2739834 | BJ107: 2.2604831
A108: IDA blend | B108: IDB | C108: Population growth (annual %) | D108: SP.POP.GROW | F108: 2.3953038 | G108: 2.4494847 | H108: 2.4949324 | I108: 2.5289288 | J108: 2.5572841 | K108: 2.5854621 | L108: 2.6137337 | M108: 2.635287 | N108: 2.6513832 | O108: 2.664589 | P108: 2.6723959 | Q108: 2.6849711 | R108: 2.7232167 | S108: 2.7910583 | T108: 2.8741742 | U108: 2.9589547 | V108: 3.0253914 | W108: 3.0705019 | X108: 3.0868365 | Y108: 3.0833263 | Z108: 3.0698717 | AA108: 3.0553794 | AB108: 3.0402611 | AC108: 3.0271894 | AD108: 3.0121466 | AE108: 2.995939 | AF108: 2.9705505 | AG108: 2.9258486 | AH108: 2.8594424 | AI108: 2.7978456 | AJ108: 2.6819406 | AK108: 2.6270045 | AL108: 2.5632769 | AM108: 2.4994479 | AN108: 2.458636 | AO108: 2.4468299 | AP108: 2.4197905 | AQ108: 2.3789266 | AR108: 2.3120658 | AS108: 2.3052 | AT108: 2.269999 | AU108: 2.2472249 | AV108: 2.2345056 | AW108: 2.23985 | AX108: 2.2556058 | AY108: 2.2746784 | AZ108: 2.3014853 | BA108: 2.3279099 | BB108: 2.3485654 | BC108: 2.4352291 | BD108: 2.4396631 | BE108: 2.3697771 | BF108: 2.3723132 | BG108: 2.3628779 | BH108: 2.3394698 | BI108: 2.3091377 | BJ108: 2.2765432
A109: Indonesia | B109: IDN | C109: Population growth (annual %) | D109: SP.POP.GROW | E109: 2.6202839 | F109: 2.636819 | G109: 2.6491093 | H109: 2.6627138 | I109: 2.6804392 | J109: 2.6987306 | K109: 2.7128332 | L109: 2.7182459 | M109: 2.7144358 | N109: 2.7002861 | O109: 2.6782025 | P109: 2.6528972 | Q109: 2.6258896 | R109: 2.5951407 | S109: 2.5609954 | T109: 2.5245481 | U109: 2.4830463 | V109: 2.4409819 | W109: 2.405787 | X109: 2.3797621 | Y109: 2.3577968 | Z109: 2.3376843 | AA109: 2.3094951 | AB109: 2.2641 | AC109: 2.1973605 | AD109: 2.1170136 | AE109: 2.033474 | AF109: 1.9563043 | AG109: 1.8874039 | AH109: 1.8301726 | AI109: 1.7814565 | AJ109: 1.7370379 | AK109: 1.6919086 | AL109: 1.6445495 | AM109: 1.5933557 | AN109: 1.5413725 | AO109: 1.4901689 | AP109: 1.445933 | AQ109: 1.4143599 | AR109: 1.3984372 | AS109: 1.3937401 | AT109: 1.3923916 | AU109: 1.3895852 | AV109: 1.3866823 | AW109: 1.3821527 | AX109: 1.3759456 | AY109: 1.3691882 | AZ109: 1.3616256 | BA109: 1.3514628 | BB109: 1.3380657 | BC109: 1.3214049 | BD109: 1.3040667 | BE109: 1.284199 | BF109: 1.2573268 | BG109: 1.2220486 | BH109: 1.1810139 | BI109: 1.1374937 | BJ109: 1.0953778
A110: IDA only | B110: IDX | C110: Population growth (annual %) | D110: SP.POP.GROW | F110: 2.4523789 | G110: 2.4772651 | H110: 2.5099735 | I110: 2.5531753 | J110: 2.5980196 | K110: 2.6496187 | L110: 2.6858756 | M110: 2.6877717 | N110: 2.6466663 | O110: 2.5793605 | P110: 2.5080652 | Q110: 2.4560893 | R110: 2.4298358 | S110: 2.4422181 | T110: 2.4769831 | U110: 2.5171652 | V110: 2.5492382 | W110: 2.576283 | X110: 2.5960173 | Y110: 2.6090823 | Z110: 2.6229522 | AA110: 2.6389603 | AB110: 2.655321 | AC110: 2.6697954 | AD110: 2.6832834 | AE110: 2.6927627 | AF110: 2.7003186 | AG110: 2.7115326 | AH110: 2.7319728 | AI110: 2.7498164 | AJ110: 2.7685339 | AK110: 2.7755173 | AL110: 2.7557509 | AM110: 2.717891 | AN110: 2.6717505 | AO110: 2.6151702 | AP110: 2.5631367 | AQ110: 2.5058708 | AR110: 2.4789206 | AS110: 2.4961129 | AT110: 2.5042784 | AU110: 2.4982124 | AV110: 2.4850993 | AW110: 2.4610999 | AX110: 2.4286167 | AY110: 2.3980985 | AZ110: 2.3698115 | BA110: 2.3449207 | BB110: 2.3252212 | BC110: 2.3070443 | BD110: 2.2900157 | BE110: 2.2767935 | BF110: 2.2679721 | BG110: 2.2599594 | BH110: 2.2562824 | BI110: 2.2565967 | BJ110: 2.2525359
A111: Isle of Man | B111: IMN | C111: Population growth (annual %) | D111: SP.POP.GROW | E111: -0.90624818 | F111: -0.33290975 | G111: 0.28335369 | H111: 0.78586674 | I111: 1.2037909 | J111: 1.5070815 | K111: 1.7946919 | L111: 2.0724423 | M111: 2.1562541 | N111: 2.0849961 | O111: 1.9107875 | P111: 1.6586977 | Q111: 1.4131647 | R111: 1.2968006 | S111: 1.2955438 | T111: 1.3933673 | U111: 1.5846077 | V111: 1.6657342 | W111: 1.5551509 | X111: 1.1867259 | Y111: 0.63140492 | Z111: -0.017310431 | AA111: -0.55077429 | AB111: -0.73220838 | AC111: -0.3881267 | AD111: 0.33391146 | AE111: 1.181269 | AF111: 1.8568359 | AG111: 2.1687911 | AH111: 2.0100351 | AI111: 1.5329751 | AJ111: 0.97001306 | AK111: 0.54701337 | AL111: 0.26018659 | AM111: 0.23230147 | AN111: 0.36028862 | AO111: 0.51387648 | AP111: 0.61995952 | AQ111: 0.73247011 | AR111: 0.78414265 | AS111: 0.83318822 | AT111: 0.87550132 | AU111: 0.92206662 | AV111: 0.96594377 | AW111: 1.0058246 | AX111: 1.0260292 | AY111: 1.0403147 | AZ111: 1.0514773 | BA111: 1.0328965 | BB111: 1.0021685 | BC111: 0.93728924 | BD111: 0.85431811 | BE111: 0.79795694 | BF111: 0.74287909 | BG111: 0.70108365 | BH111: 0.69620267 | BI111: 0.68303002 | BJ111: 0.65467072
A112: India | B112: IND | C112: Population growth (annual %) | D112: SP.POP.GROW | E112: 1.946993 | F112: 1.9856594 | G112: 2.0203849 | H112: 2.046958 | I112: 2.0635833 | J112: 2.0743671 | K112: 2.0797929 | L112: 2.0891322 | M112: 2.112385 | N112: 2.1537102 | O112: 2.205115 | P112: 2.2587603 | Q112: 2.3021762 | R112: 2.3280808 | S112: 2.3317817 | T112: 2.3205245 | U112: 2.3022765 | V112: 2.2878695 | W112: 2.2823785 | X112: 2.2896593 | Y112: 2.3036107 | Z112: 2.317218 | AA112: 2.3216764 | AB112: 2.3133286 | AC112: 2.2891683 | AD112: 2.2539715 | AE112: 2.2159601 | AF112: 2.1797381 | AG112: 2.1434568 | AH112: 2.1083471 | AI112: 2.0743207 | AJ112: 2.0386912 | AK112: 2.0029064 | AL112: 1.9712041 | AM112: 1.9447434 | AN112: 1.9213994 | AO112: 1.8986494 | AP112: 1.8734662 | AQ112: 1.8445854 | AR112: 1.8108324 | AS112: 1.7735458 | AT112: 1.7347287 | AU112: 1.6961851 | AV112: 1.6581002 | AW112: 1.6210384 | AX112: 1.5842518 | AY112: 1.548886 | AZ112: 1.5120782 | BA112: 1.4696882 | BB112: 1.4202034 | BC112: 1.366798 | BD112: 1.3118765 | BE112: 1.2612055 | BF112: 1.2194189 | BG112: 1.1893282 | BH112: 1.1675271 | BI112: 1.1482147 | BJ112: 1.1270711
A113: Not classified | B113: INX | C113: Population growth (annual %) | D113: SP.POP.GROW
A114: Ireland | B114: IRL | C114: Population growth (annual %) | D114: SP.POP.GROW | E114: -0.28069879 | F114: -0.14859369 | G114: 0.41162863 | H114: 0.58361478 | I114: 0.48608293 | J114: 0.37431383 | K114: 0.39888366 | L114: 0.47140169 | M114: 0.45032733 | N114: 0.58479699 | O114: 0.83533313 | P114: 1.1698989 | Q114: 1.4862023 | R114: 1.6038758 | S114: 1.6566753 | T114: 1.6453537 | U114: 1.5091456 | V114: 1.3542632 | W114: 1.4188068 | X114: 1.3322888 | Y114: 1.1508183 | Z114: 1.171035 | AA114: 0.94541547 | AB114: 0.70893899 | AC114: 0.61970747 | AD114: 0.16007347 | AE114: 0.045438028 | AF114: 0.010367602 | AG114: -0.42768606 | AH114: -0.39625075 | AI114: 0.084413021 | AJ114: 0.57492778 | AK114: 0.68225678 | AL114: 0.49984049 | AM114: 0.39418764 | AN114: 0.51269506 | AO114: 0.79127135 | AP114: 1.0028147 | AQ114: 1.0430768 | AR114: 1.1272996 | AS114: 1.3330427 | AT114: 1.5921515 | AU114: 1.6851489 | AV114: 1.628951 | AW114: 1.8283138 | AX114: 2.178703 | AY114: 2.6960056 | AZ114: 2.89096 | BA114: 2.038708 | BB114: 1.0156633 | BC114: 0.54488438 | BD114: 0.43607244 | BE114: 0.4237438 | BF114: 0.52655616 | BG114: 0.73100138 | BH114: 0.94484531 | BI114: 1.1288341 | BJ114: 1.2179761
A115: Iran, Islamic Rep. | B115: IRN | C115: Population growth (annual %) | D115: SP.POP.GROW | E115: 2.572551 | F115: 2.5842827 | G115: 2.5950393 | H115: 2.6054041 | I115: 2.6159958 | J115: 2.62698 | K115: 2.6476202 | L115: 2.6702624 | M115: 2.6798596 | N115: 2.6728753 | O115: 2.6610559 | P115: 2.6552449 | Q115: 2.6722926 | R115: 2.7223474 | S115: 2.8115817 | T115: 2.9298804 | U115: 3.0308907 | V115: 3.130755 | W115: 3.2833512 | X115: 3.4964342 | Y115: 3.7294749 | Z115: 3.9287358 | AA115: 4.0582512 | AB115: 4.1202893 | AC115: 4.1065467 | AD115: 4.0256376 | AE115: 3.9635603 | AF115: 3.8642069 | AG115: 3.60273 | AH115: 3.1554828 | AI115: 2.6110095 | AJ115: 2.0236273 | AK115: 1.5309572 | AL115: 1.2460167 | AM115: 1.2364201 | AN115: 1.4140112 | AO115: 1.6494406 | AP115: 1.8142503 | AQ115: 1.8799414 | AR115: 1.8021585 | AS115: 1.6299731 | AT115: 1.4480063 | AU115: 1.3131928 | AV115: 1.2125982 | AW115: 1.1621717 | AX115: 1.1492804 | AY115: 1.1381284 | AZ115: 1.1213697 | BA115: 1.1243325 | BB115: 1.1492724 | BC115: 1.1870843 | BD115: 1.231625 | BE115: 1.2662527 | BF115: 1.2760153 | BG115: 1.2521563 | BH115: 1.2035203 | BI115: 1.1487886 | BJ115: 1.0968381
A116: Iraq | B116: IRQ | C116: Population growth (annual %) | D116: SP.POP.GROW | E116: 2.4193712 | F116: 2.5140448 | G116: 2.6255842 | H116: 2.7591432 | I116: 2.9142448 | J116: 3.0744829 | K116: 3.2348119 | L116: 3.3669556 | M116: 3.4414262 | N116: 3.4481773 | O116: 3.4090105 | P116: 3.3503868 | Q116: 3.2985936 | R116: 3.2606556 | S116: 3.2445137 | T116: 3.2379723 | U116: 3.2300448 | V116: 3.2025623 | W116: 3.14544 | X116: 3.0534718 | Y116: 2.9399369 | Z116: 2.839075 | AA116: 2.7508919 | AB116: 2.6483143 | AC116: 2.5289106 | AD116: 2.4099357 | AE116: 2.2847605 | AF116: 2.1956337 | AG116: 2.195817 | AH116: 2.3055933 | AI116: 2.4853496 | AJ116: 2.6756015 | AK116: 2.8323829 | AL116: 2.9557981 | AM116: 3.0322696 | AN116: 3.0709027 | AO116: 3.1059234 | AP116: 3.1328031 | AQ116: 3.1168022 | AR116: 3.0529566 | AS116: 2.9597517 | AT116: 2.8704529 | AU116: 2.7960217 | AV116: 2.7226078 | AW116: 2.6529351 | AX116: 2.5948631 | AY116: 2.520814 | AZ116: 2.4695191 | BA116: 2.5078212 | BB116: 2.6549168 | BC116: 2.8623348 | BD116: 3.0866774 | BE116: 3.2544237 | BF116: 3.3203732 | BG116: 3.2604068 | BH116: 3.1204501 | BI116: 2.9651637 | BJ116: 2.8409062
A117: Iceland | B117: ISL | C117: Population growth (annual %) | D117: SP.POP.GROW | E117: 1.7953267 | F117: 1.9487197 | G117: 1.8533652 | H117: 1.7797884 | I117: 1.7777724 | J117: 1.7326783 | K117: 1.6934525 | L117: 1.6134413 | M117: 1.3677041 | N117: 0.92922367 | O117: 0.52426881 | P117: 0.80870328 | Q117: 1.4637756 | R117: 1.5090901 | S117: 1.3529208 | T117: 1.2789079 | U117: 0.99285736 | V117: 0.74442649 | W117: 0.78053821 | X117: 0.97847965 | Y117: 1.0588964 | Z117: 1.1405833 | AA117: 1.3366104 | AB117: 1.3240444 | AC117: 1.0636255 | AD117: 0.78766761 | AE117: 0.73258889 | AF117: 1.0956291 | AG117: 1.5662176 | AH117: 1.2383961 | AI117: 0.7776622 | AJ117: 1.1591494 | AK117: 1.2566321 | AL117: 1.0168119 | AM117: 0.86683595 | AN117: 0.542468 | AO117: 0.53991302 | AP117: 0.81919709 | AQ117: 1.070859 | AR117: 1.2092388 | AS117: 1.3691928 | AT117: 1.3292953 | AU117: 0.89259638 | AV117: 0.69249762 | AW117: 0.87793616 | AX117: 1.582892 | AY117: 2.3474224 | AZ117: 2.5300855 | BA117: 1.8595722 | BB117: 0.34124198 | BC117: -0.143903 | BD117: 0.30546837 | BE117: 0.53210073 | BF117: 0.9458859 | BG117: 1.1125048 | BH117: 1.0419404 | BI117: 1.3880815 | BJ117: 1.7274854
A118: Israel | B118: ISR | C118: Population growth (annual %) | D118: SP.POP.GROW | E118: 3.7467225 | F118: 3.302448 | G118: 4.8245175 | H118: 3.6819227 | I118: 3.9560165 | J118: 3.4938051 | K118: 2.5425098 | L118: 4.3177529 | M118: 2.0909197 | N118: 2.6057812 | O118: 3.3159763 | P118: 3.1443928 | Q118: 2.5415555 | R118: 4.046615 | S118: 2.9754261 | T118: 2.2834716 | U118: 2.2324911 | V118: 2.2391084 | W118: 2.1088006 | X118: 2.5683595 | Y118: 2.4009504 | Z118: 1.9913857 | AA118: 1.878107 | AB118: 1.8191259 | AC118: 1.3068918 | AD118: 1.7636301 | AE118: 1.5471476 | AF118: 1.6151712 | AG118: 1.6570576 | AH118: 1.6964693 | AI118: 3.094603 | AJ118: 6.0170088 | AK118: 3.4554669 | AL118: 2.6580918 | AM118: 2.5892628 | AN118: 2.668287 | AO118: 2.6165059 | AP118: 2.498395 | AQ118: 2.2868787 | AR118: 2.5464339 | AS118: 2.6423319 | AT118: 2.3571173 | AU118: 2.0140584 | AV118: 1.8055198 | AW118: 1.7676236 | AX118: 1.7628977 | AY118: 1.7678059 | AZ118: 1.7761009 | BA118: 1.7765791 | BB118: 2.3902073 | BC118: 1.8267524 | BD118: 1.8480779 | BE118: 1.8461513 | BF118: 1.8660529 | BG118: 1.9195438 | BH118: 1.981289 | BI118: 1.960349 | BJ118: 1.9283961
A119: Italy | B119: ITA | C119: Population growth (annual %) | D119: SP.POP.GROW | E119: 1.9939284 | F119: 0.66838287 | G119: 0.67662299 | H119: 0.72955324 | I119: 0.8226237 | J119: 0.84210862 | K119: 0.77730441 | L119: 0.72377817 | M119: 0.63173725 | N119: 0.56605851 | O119: 0.52887703 | P119: 0.46645287 | Q119: 0.5677125 | R119: 0.67818765 | S119: 0.65438894 | T119: 0.59724722 | U119: 0.49885106 | V119: 0.42472206 | W119: 0.35631295 | X119: 0.28914721 | Y119: 0.20599975 | Z119: 0.12005432 | AA119: 0.07408186 | AB119: 0.036294637 | AC119: 0.022350913 | AD119: 0.028899939 | AE119: 0.0054492819 | AF119: 0.01020512 | AG119: 0.048320597 | AH119: 0.075009005 | AI119: 0.083708573 | AJ119: 0.069231189 | AK119: 0.067924433 | AL119: 0.061135853 | AM119: 0.020372074 | AN119: 0.0015885623 | AO119: 0.028104408 | AP119: 0.05290695 | AQ119: 0.028774016 | AR119: 0.016820844 | AS119: 0.045303631 | AT119: 0.056167601 | AU119: 0.14891643 | AV119: 0.44450731 | AW119: 0.64718271 | AX119: 0.49138911 | AY119: 0.30055969 | AZ119: 0.50493369 | BA119: 0.66246925 | BB119: 0.45561345 | BC119: 0.30759122 | BD119: 0.17197829 | BE119: 0.26954124 | BF119: 1.1592511 | BG119: 0.9175041 | BH119: -0.096376133 | BI119: -0.16988407 | BJ119: -0.12556972
A120: Jamaica | B120: JAM | C120: Population growth (annual %) | D120: SP.POP.GROW | E120: 1.206635 | F120: 1.3756607 | G120: 1.5295502 | H120: 1.6064163 | I120: 1.5778975 | J120: 1.478767 | K120: 1.3571704 | L120: 1.2725772 | M120: 1.2439336 | N120: 1.2942056 | O120: 1.3943007 | P120: 1.5153501 | Q120: 1.6053094 | R120: 1.6338578 | S120: 1.5806686 | T120: 1.4756696 | U120: 1.3396817 | V120: 1.2309304 | W120: 1.2004343 | X120: 1.2753237 | Y120: 1.4132857 | Z120: 1.5841169 | AA120: 1.7029406 | AB120: 1.7005981 | AC120: 1.539807 | AD120: 1.2777132 | AE120: 0.98214585 | AF120: 0.74073335 | AG120: 0.59734343 | AH120: 0.59093067 | AI120: 0.68386566 | AJ120: 0.79898846 | AK120: 0.88298699 | AL120: 0.94547815 | AM120: 0.97033228 | AN120: 0.96589418 | AO120: 0.96297725 | AP120: 0.96465569 | AQ120: 0.94418109 | AR120: 0.89645602 | AS120: 0.83080807 | AT120: 0.75543937 | AU120: 0.68628087 | AV120: 0.63110918 | AW120: 0.59787493 | AX120: 0.58084187 | AY120: 0.56698194 | AZ120: 0.54872598 | BA120: 0.52663011 | BB120: 0.49908902 | BC120: 0.46708208 | BD120: 0.43505102 | BE120: 0.40557433 | BF120: 0.37995415 | BG120: 0.35982505 | BH120: 0.34345914 | BI120: 0.32749992 | BJ120: 0.30992874
A121: Jordan | B121: JOR | C121: Population growth (annual %) | D121: SP.POP.GROW | E121: 5.2174567 | F121: 4.2860854 | G121: 3.6971837 | H121: 3.8439242 | I121: 4.8510483 | J121: 6.25452 | K121: 7.6528209 | L121: 8.453578 | M121: 8.4092285 | N121: 7.516932 | O121: 6.2185655 | P121: 4.9757279 | Q121: 4.046792 | R121: 3.3666463 | S121: 2.9976989 | T121: 2.856072 | U121: 2.732715 | V121: 2.6101732 | W121: 2.6509189 | X121: 2.8699556 | Y121: 3.1994928 | Z121: 3.5892152 | AA121: 3.9250904 | AB121: 4.1233361 | AC121: 4.1474415 | AD121: 4.0720422 | AE121: 3.9046584 | AF121: 3.7995409 | AG121: 3.9109525 | AH121: 4.2833723 | AI121: 4.7613479 | AJ121: 5.2746873 | AK121: 5.56412 | AL121: 5.4252838 | AM121: 4.811942 | AN121: 3.9464107 | AO121: 3.089162 | AP121: 2.4275644 | AQ121: 1.9599653 | AR121: 1.7497913 | AS121: 1.7440795 | AT121: 1.7550301 | AU121: 1.7938897 | AV121: 2.0458093 | AW121: 2.539769 | AX121: 3.1739671 | AY121: 3.7798888 | AZ121: 4.2712845 | BA121: 4.6784641 | BB121: 4.9787991 | BC121: 5.1609102 | BD121: 5.321363 | BE121: 5.3666909 | BF121: 5.1320544 | BG121: 4.5975383 | BH121: 3.8961312 | BI121: 3.1858546 | BJ121: 2.5739912
A122: Japan | B122: JPN | C122: Population growth (annual %) | D122: SP.POP.GROW | E122: 0.88960903 | F122: 2.6061883 | G122: 0.93199469 | H122: 1.0174295 | I122: 1.0419437 | J122: 1.0746943 | K122: 0.91306448 | L122: 0.93260532 | M122: 0.33302638 | N122: 2.0673203 | O122: 1.1305218 | P122: 1.2873794 | Q122: 1.4007792 | R122: 0.82781391 | S122: 1.9089568 | T122: 1.6011004 | U122: 0.73962003 | V122: 0.96367575 | W122: 0.90488069 | X122: 0.84240947 | Y122: 0.78400759 | Z122: 0.73881665 | AA122: 0.67853727 | AB122: 0.68151104 | AC122: 0.63441329 | AD122: 0.61136867 | AE122: 0.60929987 | AF122: 0.49182513 | AG122: 0.42663854 | AH122: 0.40939466 | AI122: 0.3413706 | AJ122: 0.31035595 | AK122: 0.24823708 | AL122: 0.24681941 | AM122: 0.34068579 | AN122: 0.3817896 | AO122: 0.25318888 | AP122: 0.23827122 | AQ122: 0.27172961 | AR122: 0.18258637 | AS122: 0.16727558 | AT122: 0.24095259 | AU122: 0.23252719 | AV122: 0.21398095 | AW122: 0.033662258 | AX122: 0.0093920966 | AY122: 0.063373589 | AZ122: 0.11490885 | BA122: 0.048425395 | BB122: -0.012494631 | BC122: 0.017960542 | BD122: -0.18522649 | BE122: -0.15971068 | BF122: -0.14427188 | BG122: -0.13269422 | BH122: -0.10612499 | BI122: -0.11528418 | BJ122: -0.16448404
A123: Kazakhstan | B123: KAZ | C123: Population growth (annual %) | D123: SP.POP.GROW | E123: 4.4425167 | F123: 4.1892687 | G123: 3.8936532 | H123: 3.5581191 | I123: 3.1901979 | J123: 2.8137856 | K123: 2.4216622 | L123: 2.0636787 | M123: 1.8061873 | N123: 1.676987 | O123: 1.6369039 | P123: 1.6302154 | Q123: 1.6039816 | R123: 1.5484973 | S123: 1.4454506 | T123: 1.3151654 | U123: 1.180175 | V123: 1.0759073 | W123: 1.0212283 | X123: 1.030931 | Y123: 1.0838038 | Z123: 1.1291194 | AA123: 1.1524622 | AB123: 1.1812419 | AC123: 1.2138271 | AD123: 1.2343276 | AE123: 1.2767714 | AF123: 1.2790484 | AG123: 1.1374116 | AH123: 1.656714 | AI123: 0.60434266 | AJ123: 0.62503062 | AK123: -0.069353244 | AL123: -0.66327745 | AM123: -1.4508536 | AN123: -1.752259 | AO123: -1.5145581 | AP123: -1.5799642 | AQ123: -1.7260943 | AR123: -0.95250923 | AS123: -0.30054982 | AT123: -0.17006953 | AU123: 0.0041255454 | AV123: 0.33640221 | AW123: 0.69492285 | AX123: 0.88889138 | AY123: 1.0576648 | AZ123: 1.1438578 | BA123: 1.2183656 | BB123: 2.6370045 | BC123: 1.4132715 | BD123: 1.4315064 | BE123: 1.408677 | BF123: 1.4394454 | BG123: 1.4726767 | BH123: 1.4614847 | BI123: 1.4220461 | BJ123: 1.3596606
...

Sheet Var. PIB per Capita
A1: Data Source | B1: World Development Indicators
A2: Last Updated Date | B2: 43306
A4: Country Name | B4: Country Code | C4: Indicator Name | D4: Indicator Code | E4: 1960 | F4: 1961 | G4: 1962 | H4: 1963 | I4: 1964 | J4: 1965 | K4: 1966 | L4: 1967 | M4: 1968 | N4: 1969 | O4: 1970 | P4: 1971 | Q4: 1972 | R4: 1973 | S4: 1974 | T4: 1975 | U4: 1976 | V4: 1977 | W4: 1978 | X4: 1979 | Y4: 1980 | Z4: 1981 | AA4: 1982 | AB4: 1983 | AC4: 1984 | AD4: 1985 | AE4: 1986 | AF4: 1987 | AG4: 1988 | AH4: 1989 | AI4: 1990 | AJ4: 1991 | AK4: 1992 | AL4: 1993 | AM4: 1994 | AN4: 1995 | AO4: 1996 | AP4: 1997 | AQ4: 1998 | AR4: 1999 | AS4: 2000 | AT4: 2001 | AU4: 2002 | AV4: 2003 | AW4: 2004 | AX4: 2005 | AY4: 2006 | AZ4: 2007 | BA4: 2008 | BB4: 2009 | BC4: 2010 | BD4: 2011 | BE4: 2012 | BF4: 2013 | BG4: 2014 | BH4: 2015 | BI4: 2016 | BJ4: 2017
A5: Aruba | B5: ABW | C5: GDP per capita growth (annual %) | D5: NY.GDP.PCAP.KD.ZG | AN5: -3.3228165 | AO5: 4.0875771 | AP5: 3.8567476 | AQ5: -0.96187353 | AR5: 2.4849592 | AS5: -2.3913327 | AT5: -4.3181514 | AU5: -1.7493631 | AV5: 5.2752581 | AW5: -0.58580896 | AX5: -0.91812875 | AY5: 1.5420199 | AZ5: -4.0239407 | BA5: -7.0034966 | BB5: -5.7464974
A6: Afghanistan | B6: AFG | C6: GDP per capita growth (annual %) | D6: NY.GDP.PCAP.KD.ZG | AV6: 3.34315 | AW6: -3.3611109 | AX6: 6.9544738 | AY6: 2.200613 | AZ6: 10.649184 | BA6: 1.0404891 | BB6: 17.951089 | BC6: 5.4259678 | BD6: 2.8796476 | BE6: 10.750252 | BF6: 0.51250923 | BG6: -0.52684494 | BH6: -1.6282981 | BI6: -0.34941212 | BJ6: 0.071666099
A7: Angola | B7: AGO | C7: GDP per capita growth (annual %) | D7: NY.GDP.PCAP.KD.ZG | Z7: -7.6534391 | AA7: -3.5237268 | AB7: 0.53410218 | AC7: 2.4338535 | AD7: 0.26378614 | AE7: -0.03967203 | AF7: 1.3250485 | AG7: 3.4033042 | AH7: -2.6081892 | AI7: -6.1804954 | AJ7: -2.081837 | AK7: -8.8508165 | AL7: -26.452639 | AM7: -1.8642921 | AN7: 11.553037 | AO7: 10.348222 | AP7: 4.3828875 | AQ7: 1.8866305 | AR7: -0.67225372 | AS7: -0.024041122 | AT7: 0.87829411 | AU7: 9.853363 | AV7: 0.93139842 | AW7: 6.3680531 | AX7: 16.659902 | AY7: 14.820467 | AZ7: 18.875797 | BA7: 9.8326974 | BB7: -1.1755972 | BC7: -0.17534417 | BD7: 0.23011159 | BE7: 1.4996482 | BF7: 3.1350786 | BG7: 1.1174705 | BH7: -0.47127161 | BI7: -4.0980558 | BJ7: -2.5610345
A8: Albania | B8: ALB | C8: GDP per capita growth (annual %) | D8: NY.GDP.PCAP.KD.ZG | Z8: 3.6486485 | AA8: 0.79584007 | AB8: -1.0168022 | AC8: -3.3074972 | AD8: -0.29059535 | AE8: 3.6146555 | AF8: -2.7494964 | AG8: -3.2625223 | AH8: 6.9236173 | AI8: -11.187905 | AJ8: -29.163271 | AK8: -6.6355187 | AL8: 10.270786 | AM8: 8.9668774 | AN8: 14.002024 | AO8: 9.7801805 | AP8: -10.278461 | AQ8: 9.697046 | AR8: 14.222317 | AS8: 7.3486386 | AT8: 8.9580877 | AU8: 4.5444057 | AV8: 6.1699825 | AW8: 6.1522745 | AX8: 6.2632756 | AY8: 6.0982916 | AZ8: 6.7033378 | BA8: 4.5601179 | BB8: 4.0514494 | BC8: 4.226219 | BD8: 2.82641 | BE8: 1.5876021 | BF8: 1.1859691 | BG8: 1.9853078 | BH8: 2.5168528 | BI8: 3.5175312 | BJ8: 3.9369129
A9: Andorra | B9: AND | C9: GDP per capita growth (annual %) | D9: NY.GDP.PCAP.KD.ZG | P9: -0.60368476 | Q9: 2.7889073 | R9: 2.6724093 | S9: 1.0104902 | T9: -3.338026 | U9: -0.18117565 | V9: -0.28069281 | W9: -1.4422154 | X9: -3.064449 | Y9: -1.33076 | Z9: -3.9487456 | AA9: -2.9313726 | AB9: -2.5953359 | AC9: -2.5983517 | AD9: -2.0237866 | AE9: -1.001824 | AF9: 1.3256729 | AG9: 0.97048769 | AH9: 0.80168252 | AI9: -0.14261468 | AJ9: -1.3661296 | AK9: -2.8705446 | AL9: -4.4126229 | AM9: -0.4035717 | AN9: 0.86972242 | AO9: 3.8204771 | AP9: 9.1236243 | AQ9: 3.4924274 | AR9: 3.7303595 | AS9: 1.9134519 | AT9: 1.5178447 | AU9: 2.3549886 | AV9: 7.3666565 | AW9: 3.3246735 | AX9: 3.8251176 | AY9: 1.794873 | AZ9: -2.0071776 | BA9: -9.8740449 | BB9: -4.3759548 | BC9: -5.3442568 | BD9: -3.8518455 | BE9: -0.039744005 | BF9: 2.3925143 | BG9: 4.2981138 | BH9: 2.4049772 | BI9: 2.8555292 | BJ9: 2.2914638
A10: Arab World | B10: ARB | C10: GDP per capita growth (annual %) | D10: NY.GDP.PCAP.KD.ZG | U10: 12.323092 | V10: 5.0359137 | W10: -4.0271277 | X10: 7.9806706 | Y10: 5.6557597 | Z10: -0.5321451 | AA10: -11.796756 | AB10: -9.404886 | AC10: -1.9529854 | AD10: -5.0491801 | AE10: 1.4283509 | AF10: -3.4623747 | AG10: 2.6330065 | AH10: -0.678366 | AI10: 9.1399726 | AJ10: -1.1446685 | AK10: 2.9244767 | AL10: 0.53737025 | AM10: 0.64814167 | AN10: -0.30307263 | AO10: 2.1821909 | AP10: 1.9792867 | AQ10: 2.9679781 | AR10: -0.23682286 | AS10: 3.1791821 | AT10: -0.48638647 | AU10: -1.4703798 | AV10: 3.0771707 | AW10: 6.9521453 | AX10: 3.3481316 | AY10: 4.0146574 | AZ10: 2.0512673 | BA10: 3.2364655 | BB10: -1.9358681 | BC10: 2.2914814 | BD10: 1.2278255 | BE10: 4.2912371 | BF10: 0.86600964 | BG10: 0.26269167 | BH10: 1.1352837 | BI10: 0.9398678 | BJ10: -0.77040839
A11: United Arab Emirates | B11: ARE | C11: GDP per capita growth (annual %) | D11: NY.GDP.PCAP.KD.ZG | U11: -0.15560381 | V11: 5.0160932 | W11: -13.61519 | X11: 8.2502481 | Y11: 13.138479 | Z11: -2.6719143 | AA11: -12.102259 | AB11: -9.5740565 | AC11: -1.143985 | AD11: -8.6241479 | AE11: -19.646646 | AF11: -2.4802595 | AG11: -8.213597 | AH11: 5.9282631 | AI11: 11.704083 | AJ11: -4.7640477 | AK11: -2.4305458 | AL11: -4.2787571 | AM11: 1.3288579 | AN11: 1.4540013 | AO11: 0.76982981 | AP11: 3.0217217 | AQ11: -4.5893048 | AR11: -2.2638655 | AS11: 4.9932529 | AT11: -3.8173691 | AU11: -2.8587344 | AV11: 1.9763957 | AW11: 0.29282671 | AX11: -6.4014021 | AY11: -4.0435435 | AZ11: -10.507962 | BA11: -9.5339103 | BB11: -14.78631 | BC11: -5.8207192 | BD11: 1.9762509 | BE11: 1.8083358 | BF11: 3.8191275 | BG11: 3.6551544 | BH11: 4.1071109 | BI11: 1.7073097 | BJ11: -0.60920285
